Workbook

Sheet Modelo de Proposta
A1: ANEXO XI
A2: MODELO DE PROPOSTA DE PREÇOS
A3: PREGÃO Nº 17/2021
A5: Ilmo. Sr. Pregoeiro, a Empresa ______________________________, CNPJ nº ________________, sediada ___________(endereço completo)______________, se propõe a executar os serviços discriminados, atendendo todas as condições estipuladas no Edital de Licitação, e nos valores abaixo:
A7: ITEM | B7: CÓDIGO SIASG | C7: DESCRIÇÃO/ ESPECIFICAÇÃO | D7: Unidade de Medida | E7: Quantidade | F7: Valor Mensal | G7: Valor Anual
A8: 1 | B8: 24023 | C8: Serviços de limpeza, conservação e higienização, com fornecimento de materiais, insumos, equipamentos, EPIs e uniformes, a serem executados nas dependências da Gerência Executiva de Caxias do Sul - Vinculada à Superintendência Regional Sul | D8: M2 | E8: 12 (meses) | F8: =Resumo!L15 -> 0 | G8: =F8*12 -> 0
A9: 2 | B9: 25194 | C9: Serviço de desinfecção, com fornecimento de materiais, insumos, EPIs e uniformes, a serem executados nas dependências da Gerência Executiva de Caxias do Sul - Vinculada à Superintendência Regional Sul | D9: Unidade de Medida | E9: 12 (meses) | F9: =Resumo!K15 -> 0 | G9: =F9*12 -> 0
A10: Valor anual da Proposta | G10: =SUM(G8:G9) -> 0
A13: – Validade da Proposta de Preços: 60 (sessenta) dias, a contar da data de apresentação.
A14: – Prazo de Execução dos Serviços: 12 (doze) meses.
A15: Dados para pagamento:
A16: – Banco (Nome/nº): – Agência: – Conta:
A17: Informações para assinatura do Contrato:
A18: – Nome:
A19: – Cargo:
A20: – RG:
A21: – CPF:
A22: –Telefone/Fax: E-mail:
A23: Local e data.
A25: Assinatura e Nome do Representante Legal da Empresa

Sheet Produt.
C1: ÁREA INTERNA | G1: ÁREA EXTERNA | J1: ESQUADRIAS
A2: Unidade Orgânica | B2: Atend | C2: AI-1: Pisos frios | D2: AI-2: Almoxarifado, Galpões, arquivos | E2: AI-3: Espaços Livres, saguão, hall, salão | F2: AI-4: Banheiros | G2: AE-1: Pisos adjacentes às edificações | H2: AE-2: Áreas verdes | I2: AE-3: Arruamento, passeios | J2: EER: Face Externa COM exposição a risco | K2: EE: Face Externa SEM exposição a risco | L2: EI: Face Interna | M2: Serventes por Unidade (Calculada) | N2: Total Área Interna (AI 1 a AI4) | O2: Serventes (qtde ajustada) | P2: Serventes piso frio | Q2: Serventes banheiro + piso frio
A3: GERÊNCIA EXECUTIVA CAXIAS DO SUL | B3: 40h | C3: =1452-D3-E3-F3 -> 964.16 | D3: =6.42+57.63+9.77+44.69+156.27+12+6+28.5 -> 321.28 | E3: 133.65 | F3: =15.72+15.1+2.09 -> 32.91 | K3: 177.15 | L3: 177.15 | M3: =C3/$C$16+D3/$D$16+E3/$E$16+F3/$F$16+G3/$G$16+H3/$H$16+I3/$I$16+J3/$J$16*8*1/1132.6+K3/$K$16*16*1/188.76+L3/$L$16*16*1/188.76 -> 1.4995719 | N3: =C3+D3+E3+F3 -> 1452 | O3: 1 | P3: =O3-Q3 -> 0 | Q3: 1
A4: APS BENTO GONÇALVES | B4: 30h | C4: 948.19 | E4: 202.44 | F4: 47.9 | G4: 224.13 | K4: 291.08 | L4: 291.08 | M4: =C4/$C$16+D4/$D$16+E4/$E$16+F4/$F$16+G4/$G$16+H4/$H$16+I4/$I$16+J4/$J$16*8*1/1132.6+K4/$K$16*16*1/188.76+L4/$L$16*16*1/188.76 -> 1.616691 | N4: =C4+D4+E4+F4 -> 1198.53 | O4: 2 | P4: =O4-Q4 -> 1 | Q4: 1
A5: APS CANELA | B5: 30h | C5: 677.04 | D5: 327.51 | E5: 367.55 | F5: 74.8 | G5: 517.21 | K5: 261.22 | L5: 261.22 | M5: =C5/$C$16+D5/$D$16+E5/$E$16+F5/$F$16+G5/$G$16+H5/$H$16+I5/$I$16+J5/$J$16*8*1/1132.6+K5/$K$16*16*1/188.76+L5/$L$16*16*1/188.76 -> 1.7903312 | N5: =C5+D5+E5+F5 -> 1446.9 | O5: 1 | P5: =O5-Q5 -> 0 | Q5: 1
A6: APS CAXIAS DO SUL | B6: 30h | C6: =1308.6-E6-F6+42.2 -> 1209.71 | E6: 100.84 | F6: =15.82+24.43 -> 40.25 | G6: 1060.3 | K6: 146.43 | L6: 146.43 | M6: =C6/$C$16+D6/$D$16+E6/$E$16+F6/$F$16+G6/$G$16+H6/$H$16+I6/$I$16+J6/$J$16*8*1/1132.6+K6/$K$16*16*1/188.76+L6/$L$16*16*1/188.76 -> 2.1425797 | N6: =C6+D6+E6+F6 -> 1350.8 | O6: 2 | P6: =O6-Q6 -> 1 | Q6: 1
A7: APS FARROUPILHA | B7: 30h | C7: 375.43 | D7: 281.65 | E7: 124.13 | F7: 64.6 | G7: 597.12 | K7: 170 | L7: 170 | M7: =C7/$C$16+D7/$D$16+E7/$E$16+F7/$F$16+G7/$G$16+H7/$H$16+I7/$I$16+J7/$J$16*8*1/1132.6+K7/$K$16*16*1/188.76+L7/$L$16*16*1/188.76 -> 1.2311419 | N7: =C7+D7+E7+F7 -> 845.81 | O7: 1 | P7: =O7-Q7 -> 0 | Q7: 1
A8: APS GARIBALDI | B8: 30h | C8: 388.46 | D8: 383.13 | F8: 50.1 | G8: 304.53 | H8: 318.75 | K8: 211.1 | L8: 211.1 | M8: =C8/$C$16+D8/$D$16+E8/$E$16+F8/$F$16+G8/$G$16+H8/$H$16+I8/$I$16+J8/$J$16*8*1/1132.6+K8/$K$16*16*1/188.76+L8/$L$16*16*1/188.76 -> 1.1762512 | N8: =C8+D8+E8+F8 -> 821.69 | O8: 1 | P8: =O8-Q8 -> 0 | Q8: 1
A9: APS VACARIA | B9: 30h | C9: 661.39 | D9: 734.88 | E9: 820.27 | F9: =16.88+9.43 -> 26.31 | H9: 165.47 | K9: 158.45 | L9: 158.45 | M9: =C9/$C$16+D9/$D$16+E9/$E$16+F9/$F$16+G9/$G$16+H9/$H$16+I9/$I$16+J9/$J$16*8*1/1132.6+K9/$K$16*16*1/188.76+L9/$L$16*16*1/188.76 -> 1.8304002 | N9: =C9+D9+E9+F9 -> 2242.85 | O9: 2 | P9: =O9-Q9 -> 1 | Q9: 1
A10: APS VERANÓPOLIS | B10: 30h | C10: 389.88 | E10: 185.67 | F10: 48.5 | G10: 329.13 | H10: 1242.66 | K10: 93.73 | L10: 93.73 | M10: =C10/$C$16+D10/$D$16+E10/$E$16+F10/$F$16+G10/$G$16+H10/$H$16+I10/$I$16+J10/$J$16*8*1/1132.6+K10/$K$16*16*1/188.76+L10/$L$16*16*1/188.76 -> 1.5412667 | N10: =C10+D10+E10+F10 -> 624.05 | O10: 1 | P10: =O10-Q10 -> 0 | Q10: 1
A11: APS NOVA PRATA | B11: 30h | C11: 278 | E11: 56.27 | F11: 15.34 | K11: 47.29 | L11: 47.29 | M11: =C11/$C$16+D11/$D$16+E11/$E$16+F11/$F$16+G11/$G$16+H11/$H$16+I11/$I$16+J11/$J$16*8*1/1132.6+K11/$K$16*16*1/188.76+L11/$L$16*16*1/188.76 -> 0.42885947 | N11: =C11+D11+E11+F11 -> 349.61 | O11: 1 | P11: =O11-Q11 -> 0 | Q11: 1
A12: APS CARLOS BARBOSA | B12: 30h | C12: 277.2 | E12: 20.8 | F12: 24.25 | G12: 581.15 | K12: 86.77 | L12: 86.77 | M12: =C12/$C$16+D12/$D$16+E12/$E$16+F12/$F$16+G12/$G$16+H12/$H$16+I12/$I$16+J12/$J$16*8*1/1132.6+K12/$K$16*16*1/188.76+L12/$L$16*16*1/188.76 -> 0.73431501 | N12: =C12+D12+E12+F12 -> 322.25 | O12: 1 | P12: =O12-Q12 -> 0 | Q12: 1
A13: APS FLORES DA CUNHA | B13: 30h | C13: 277.2 | E13: 20.8 | F13: 24.25 | G13: 548.63 | K13: 86.77 | L13: 86.77 | M13: =C13/$C$16+D13/$D$16+E13/$E$16+F13/$F$16+G13/$G$16+H13/$H$16+I13/$I$16+J13/$J$16*8*1/1132.6+K13/$K$16*16*1/188.76+L13/$L$16*16*1/188.76 -> 0.7188293 | N13: =C13+D13+E13+F13 -> 322.25 | O13: 1 | P13: =O13-Q13 -> 0 | Q13: 1
A14: CEDOCPREV CAXIAS | B14: 30h | C14: 337.98 | E14: 369.76 | F14: =4.29+5.03+6.42 -> 15.74 | K14: 121.89 | L14: 121.89 | M14: =C14/$C$16+D14/$D$16+E14/$E$16+F14/$F$16+G14/$G$16+H14/$H$16+I14/$I$16+J14/$J$16*8*1/1132.6+K14/$K$16*16*1/188.76+L14/$L$16*16*1/188.76 -> 0.73937816 | N14: =C14+D14+E14+F14 -> 723.48 | O14: 1 | P14: =O14-Q14 -> 0 | Q14: 1
A15: Total Geral | C15: =SUM(C3:C14) -> 6784.64 | D15: =SUM(D3:D14) -> 2048.45 | E15: =SUM(E3:E14) -> 2402.18 | F15: =SUM(F3:F14) -> 464.95 | G15: =SUM(G3:G14) -> 4162.2 | H15: =SUM(H3:H14) -> 1726.88 | K15: =SUM(K3:K14) -> 1851.88 | L15: =SUM(L3:L14) -> 1851.88 | M15: =SUM(M3:M14) -> 15.449616 | O15: =SUM(O3:O14) -> 15 | P15: =SUM(P3:P14) -> 3 | Q15: =SUM(Q3:Q14) -> 12
A16: Produtividade adotada | C16: 900 | D16: 2500 | E16: 1500 | F16: 250 | G16: 2100 | H16: 2100 | I16: 7500 | J16: 160 | K16: 380 | L16: 380
A17: Número de Serventes | C17: =C15/C16 -> 7.5384889 | D17: =D15/D16 -> 0.81938 | E17: =E15/E16 -> 1.6014533 | F17: =F15/F16 -> 1.8598 | G17: =G15/G16 -> 1.982 | H17: =H15/H16 -> 0.82232381 | I17: =I15/I16 -> 0 | J17: =1/J16*8*1/1132.6*J15 -> 0 | K17: =1/K16*16*1/188.76*K15 -> 0.41308484 | L17: =1/L16*16*1/188.76*L15 -> 0.41308484 | M17: =SUM(C17:L17) -> 15.449616
A18: Número de Encarregados | C18: =C15/(O15*C16) -> 0.50256593 | D18: =D15/(O15*D16) -> 0.054625333 | E18: =E15/(O15*E16) -> 0.10676356 | F18: =F15/(O15*F16) -> 0.12398667 | G18: =G15/(O15*G16) -> 0.13213333 | H18: =H15/(O15*H16) -> 0.054821587 | I18: =I15/(O15*I16) -> 0 | J18: =1/O15*1/J16*16*1/188.76*J15 -> 0 | K18: =1/O15*1/K16*16*1/188.76*K15 -> 0.027538989 | L18: =1/O15*1/L16*16*1/188.76*L15 -> 0.027538989 | M18: =SUM(C18:L18) -> 1.0299744
A19: (1/prod) serventes | C19: =ROUND(1/C16,9) -> 0.001111111 | D19: =ROUND(1/D16,9) -> 0.0004 | E19: =ROUND(1/E16,9) -> 0.000666667 | F19: =ROUND(1/F16,9) -> 0.004 | G19: =ROUND(1/G16,9) -> 0.00047619 | H19: =ROUND(1/H16,9) -> 0.00047619 | I19: =ROUND(1/I16,9) -> 0.000133333 | J19: =(1/J16)*(1/O27)*8 -> 4.8611111e-05 | K19: =(1/K16)*(1/O26)*16 -> 0.00024561404 | L19: =(1/L16)*(1/O26)*16 -> 0.00024561404
A20: (1/prod) encarregado | C20: =C19/$O$15 -> 7.4074067e-05 | D20: =D19/$O$15 -> 2.6666667e-05 | E20: =E19/$O$15 -> 4.4444467e-05 | F20: =F19/$O$15 -> 0.00026666667 | G20: =G19/$O$15 -> 3.1746e-05 | H20: =H19/$O$15 -> 3.1746e-05 | I20: =I19/$O$15 -> 8.8888667e-06 | J20: =J19/$O$15 -> 3.2407407e-06 | ... L20: =L19/$O$15 -> 1.6374269e-05
A21: Limite de Produtividade IN 05/2017 | C21: 800 a 1200 | D21: 1500 a 2500 | E21: 1000 a 1500 | F21: 200 a 300 | G21: 1800 a 2700 | H21: 1800 a 2700 | I21: 6000 a 9000 | J21: 130 a 160 | K21: 300 a 380 | L21: 300 a 380
M26: =30/7 -> 4.2857143 | N26: 40 | O26: =M26*N26 -> 171.42857
O27: =O26*6 -> 1028.5714 | P27: SEMESTRAL | Q27: risco

Sheet Resumo
L1: nova produtividade - 40h
A2: Unidade Orgânica | B2: Serventes (qtde ajustada) | C2: Serventes piso frio (20%) | D2: Serventes banheiro + piso frio | E2: Postos COVID | F2: Salário 40h 20% | G2: Salário 40h 40% | H2: Salário 30h 20% | I2: Salário 30h 40% | J2: Encarregado | K2: COVID | L2: Valor mensal | M2: Valor anual
A3: GERÊNCIA EXECUTIVA CAXIAS DO SUL | B3: ='Produt.'!O3 -> 1 | C3: =B3-D3 -> 0 | D3: 1 | F3: =C3*'Cax 40h'!C111 -> 0 | G3: =D3*'Cax 40h'!D111 -> 0 | J3: =Encarregado!F111 -> 0 | L3: ='Cax 40h'!E184 -> 0 | M3: =L3*12 -> 0
A4: APS BENTO GONÇALVES | B4: ='Produt.'!O4 -> 2 | C4: =B4-D4 -> 1 | D4: 1 | E4: 1 | F4: =C4*'Bento 40h'!C111 -> 0 | G4: =D4*'Bento 40h'!D111 -> 0 | K4: =E4*'Bento 40h'!E111 -> 0 | L4: ='Bento 40h'!E184 -> 0 | M4: =L4*12 -> 0
A5: APS CANELA | B5: ='Produt.'!O5 -> 1 | C5: =B5-D5 -> 0 | D5: 1 | E5: 1 | F5: =C5*'Canela 40h'!C111 -> 0 | G5: =D5*'Canela 40h'!D111 -> 0 | K5: =E5*'Canela 40h'!E111 -> 0 | L5: ='Canela 40h'!E184 -> 0 | M5: =L5*12 -> 0
A6: APS CAXIAS DO SUL | B6: ='Produt.'!O6 -> 2 | C6: =B6-D6 -> 1 | D6: 1 | E6: 3 | F6: =C6*'Cax 40h'!C111 -> 0 | G6: =D6*'Cax 40h'!D111 -> 0 | K6: =E6*'Cax 30h'!E111 -> 0 | L6: ='Cax 40h'!E198 -> 0 | M6: =L6*12 -> 0
A7: APS FARROUPILHA | B7: ='Produt.'!O7 -> 1 | C7: =B7-D7 -> 0 | D7: 1 | E7: 1 | F7: =C7*'Farroup 40h'!C111 -> 0 | G7: =D7*'Farroup 40h'!D111 -> 0 | K7: =E7*'Farroup 40h'!E111 -> 0 | L7: ='Farroup 40h'!E184 -> 0 | M7: =L7*12 -> 0
A8: APS GARIBALDI | B8: ='Produt.'!O8 -> 1 | C8: =B8-D8 -> 0 | D8: 1 | E8: 1 | F8: =C8*'Garib 40h'!C111 -> 0 | G8: =D8*'Garib 40h'!D111 -> 0 | K8: =E8*'Garib 40h'!E111 -> 0 | L8: ='Garib 40h'!E184 -> 0 | M8: =L8*12 -> 0
A9: APS VACARIA | B9: ='Produt.'!O9 -> 2 | C9: =B9-D9 -> 1 | D9: 1 | E9: 1 | F9: =C9*'Vac 40h'!C111 -> 0 | G9: =D9*'Vac 40h'!D111 -> 0 | K9: =E8*'Garib 40h'!E111 -> 0 | L9: ='Vac 40h'!E184 -> 0 | M9: =L9*12 -> 0
A10: APS VERANÓPOLIS | B10: ='Produt.'!O10 -> 1 | C10: =B10-D10 -> 0 | D10: 1 | F10: =C10*'Veran 40h'!C111 -> 0 | G10: =D10*'Veran 40h'!D111 -> 0 | L10: ='Veran 40h'!E184 -> 0 | M10: =L10*12 -> 0
A11: APS NOVA PRATA | B11: ='Produt.'!O11 -> 1 | C11: =B11-D11 -> 0 | D11: 1 | E11: 1 | F11: =C11*'N. Prata 40h'!C111 -> 0 | G11: =D11*'N. Prata 40h'!D111 -> 0 | K11: =E11*'N. Prata 40h'!E111 -> 0 | L11: ='N. Prata 40h'!E184 -> 0 | M11: =L11*12 -> 0
A12: APS CARLOS BARBOSA | B12: ='Produt.'!O12 -> 1 | C12: =B12-D12 -> 0 | D12: 1 | F12: =C12*'C. Barb 40h'!C111 -> 0 | G12: =D12*'C. Barb 40h'!D111 -> 0 | L12: ='C. Barb 40h'!E184 -> 0 | M12: =L12*12 -> 0
A13: APS FLORES DA CUNHA | B13: ='Produt.'!O13 -> 1 | C13: =B13-D13 -> 0 | D13: 1 | F13: =C13*'F. Cun 40h'!C111 -> 0 | G13: =D13*'F. Cun 40h'!D111 -> 0 | L13: ='F. Cun 40h'!E184 -> 0 | M13: =L13*12 -> 0
A14: CEDOCPREV CAXIAS | B14: ='Produt.'!O14 -> 1 | C14: =B14-D14 -> 0 | D14: 1 | I14: =D14*'Cax 30h'!D111 -> 0 | L14: ='Cax 30h'!E185 -> 0 | M14: =L14*12 -> 0
A15: Total Geral | B15: =SUM(B3:B14) -> 15 | C15: =SUM(C3:C14) -> 3 | D15: =SUM(D3:D14) -> 12 | E15: =SUM(E3:E14) -> 9 | F15: =SUM(F3:F14) -> 0 | G15: =SUM(G3:G14) -> 0 | H15: =SUM(H3:H14) -> 0 | I15: =SUM(I3:I14) -> 0 | ... M15: =SUM(M3:M14) -> 0
L16: =L15 -> 0 | M16: m2
L17: =K15 -> 0 | M17: Covid
L18: =L16+L17 -> 0 | M18: Total
L19: =L18*12 -> 0 | M19: anual

Sheet Encarregado
A1: ANEXO III
A2: MODELO DE PROPOSTA E PLANILHA DE CUSTOS E FORMAÇÃO DE PREÇOS
C4: 44h | D4: 40h | E4: 30h | F4: Encarregado
B5: Salário Normativo da Categoria: | C5: ='M. Cal'!C4 -> 0 | D5: ='M. Cal'!D4 -> 0 | E5: ='M. Cal'!E4 -> 0 | F5: ='M. Cal'!D5 -> 0
B6: Data base da Categoria: | C6: 43466 | D6: 43466 | E6: 43466 | F6: ='M. Cal'!D1 -> 44197
B7: Convenção Coletiva: | C7: RS000645/2019 | D7: RS000645/2019 | E7: RS000645/2019 | F7: ='M. Cal'!C1 -> 0
B8: CBO/MTE: | C8: 5143-20 | D8: 5143-20 | E8: 5143-20 | F8: 5143-20
A10: CUSTOS | B10: Percentuais e Valores de Referência | C10: Servente 20% | D10: Servente 40% | E10: Servente COVID | F10: Encarregado
A11: MÓDULO 1: COMPOSIÇÃO DA REMUNERAÇÃO
A12: 1 - Composição da Remuneração | B12: Percentuais | C12: Valor (R$) | D12: Valor (R$) | E12: Valor (R$) | F12: Valor (R$)
A13: A – Salário Base 40 horas | F13: =F5 -> 0
A14: B - Adicional de Insalubridade (20) | B14: 0.2
A15: C - Adicional de Insalubridade (40) | B15: 0.4
A16: D - Adicional Noturno
A17: E - Adicional de Hora Noturna Reduzida
A18: F - Adicional de Hora Extra no Feriado Trabalhado
A19: E - Outros (especificar)
A20: Total | C20: =SUM(C13:C19) -> 0 | D20: =SUM(D13:D19) -> 0 | E20: =SUM(E13:E19) -> 0 | F20: =SUM(F13:F19) -> 0
A22: MÓDULO 2: ENCARGOS E BENEFÍCIOS ANUAIS, MENSAIS E DIÁRIOS
A23: 2.1 - 13º Salário, Férias e Adicional de Férias | B23: Percentuais | C23: Valor (R$) | D23: Valor (R$) | E23: Valor (R$) | F23: Valor (R$)
A24: A - 13º salário | B24: 0.0833 | C24: =ROUND($B24*C$20,2) -> 0 | D24: =ROUND($B24*D$20,2) -> 0 | E24: =ROUND($B24*E$20,2) -> 0 | F24: =ROUND($B24*F$20,2) -> 0
A25: B - Férias | B25: 0
A26: C - Adicional de Férias | B26: 0.0278 | C26: =C20*B26 -> 0 | D26: =D20*B26 -> 0 | E26: =E20*B26 -> 0 | F26: =F20*B26 -> 0
A27: Total | B27: =SUM(B24:B26) -> 0.1111 | C27: =SUM(C24:C25) -> 0 | D27: =SUM(D24:D25) -> 0 | E27: =SUM(E24:E25) -> 0 | F27: =SUM(F24:F25) -> 0
A28: 2.2 - Encargos Previdenciários e FGTS | B28: Percentuais | C28: Valor (R$) | D28: Valor (R$) | E28: Valor (R$) | F28: Valor (R$)
A29: 2.2.1 - GPS
A30: A - INSS | B30: 0.2 | C30: =ROUND(($C$20+$C$27)*B30,2) -> 0 | D30: =ROUND(($D$20+$D$27)*B30,2) -> 0 | E30: =ROUND(($E$20+$E$27)*B30,2) -> 0 | F30: =ROUND(($F$20+$F$27)*B30,2) -> 0
A31: B - Salário Educação | B31: 0.025 | C31: =ROUND(($C$20+$C$27)*B31,2) -> 0 | D31: =ROUND(($D$20+$D$27)*B31,2) -> 0 | E31: =ROUND(($E$20+$E$27)*B31,2) -> 0 | F31: =ROUND(($F$20+$F$27)*B31,2) -> 0
A32: C - SAT | B32: 0.0225 | C32: =ROUND(($C$20+$C$27)*B32,2) -> 0 | D32: =ROUND(($D$20+$D$27)*B32,2) -> 0 | E32: =ROUND(($E$20+$E$27)*B32,2) -> 0 | F32: =ROUND(($F$20+$F$27)*B32,2) -> 0
A33: D - SESI ou SESC | B33: 0.015 | C33: =ROUND(($C$20+$C$27)*B33,2) -> 0 | D33: =ROUND(($D$20+$D$27)*B33,2) -> 0 | E33: =ROUND(($E$20+$E$27)*B33,2) -> 0 | F33: =ROUND(($F$20+$F$27)*B33,2) -> 0
A34: E - SENAI ou SENAC | B34: 0.01 | C34: =ROUND(($C$20+$C$27)*B34,2) -> 0 | D34: =ROUND(($D$20+$D$27)*B34,2) -> 0 | E34: =ROUND(($E$20+$E$27)*B34,2) -> 0 | F34: =ROUND(($F$20+$F$27)*B34,2) -> 0
A35: F - SEBRAE | B35: 0.006 | C35: =ROUND(($C$20+$C$27)*B35,2) -> 0 | D35: =ROUND(($D$20+$D$27)*B35,2) -> 0 | E35: =ROUND(($E$20+$E$27)*B35,2) -> 0 | F35: =ROUND(($F$20+$F$27)*B35,2) -> 0
A36: G - INCRA | B36: 0.002 | C36: =ROUND(($C$20+$C$27)*B36,2) -> 0 | D36: =ROUND(($D$20+$D$27)*B36,2) -> 0 | E36: =ROUND(($E$20+$E$27)*B36,2) -> 0 | F36: =ROUND(($F$20+$F$27)*B36,2) -> 0
A37: 2.2.2 - FGTS
A38: F - FGTS | B38: 0.08 | C38: =ROUND(($C$20+$C$27)*B38,2) -> 0 | D38: =ROUND(($D$20+$D$27)*B38,2) -> 0 | E38: =ROUND(($E$20+$E$27)*B38,2) -> 0 | F38: =ROUND(($F$20+$F$27)*B38,2) -> 0
A39: Total | B39: =SUM(B29:B38) -> 0.3605 | C39: =SUM(C29:C38) -> 0 | D39: =SUM(D29:D38) -> 0 | E39: =SUM(E29:E38) -> 0 | F39: =SUM(F29:F38) -> 0
A40: 2.3 - Benefícios Mensais e Diários | B40: Valores | C40: Valor (R$) | D40: Valor (R$) | E40: Valor (R$) | F40: Valor (R$)
A41: A - Transporte | B41: ='M. Cal'!M5 -> 0 | F41: =ROUND(((2*22*$B$41)-0.06*$F$5),2) -> 0
A42: B - Auxílio-Refeição/Alimentação ( COM DESCONTO DE 19% - CCT RS) | B42: 18.2 | F42: ='M. Cal'!E7 -> 0
A43: C - Outros (especificar)
A44: D - Outros (especificar)
A45: Total | C45: =SUM(C41:C44) -> 0 | D45: =SUM(D41:D44) -> 0 | E45: =SUM(E41:E44) -> 0 | F45: =SUM(F41:F44) -> 0
A46: 2 - ENCARGOS E BENEFÍCIOS ANUAIS, MENSAIS E DIÁRIOS | B46: Percentuais | C46: Valor (R$) | D46: Valor (R$) | E46: Valor (R$) | F46: Valor (R$)
A47: 2.1 - 13º Salário, Férias e Adicional de Férias | B47: =B27 -> 0.1111 | C47: =C27 -> 0 | D47: =D27 -> 0 | E47: =E27 -> 0 | F47: =F27 -> 0
A48: 2.2 - GPS, FGTS e outras contribuições | B48: =B39 -> 0.3605 | C48: =C39 -> 0 | D48: =D39 -> 0 | E48: =E39 -> 0 | F48: =F39 -> 0
A49: 2.3 - Benefícios Mensais e Diários | B49: R$ | C49: =C45 -> 0 | D49: =D45 -> 0 | E49: =E45 -> 0 | F49: =F45 -> 0
A50: Total | C50: =SUM(C47:C49) -> 0 | D50: =SUM(D47:D49) -> 0 | E50: =SUM(E47:E49) -> 0 | F50: =SUM(F47:F49) -> 0
A52: MÓDULO 3: PROVISÃO PARA RESCISÃO
A53: 3 - Provisão para Rescisão | B53: Percentuais | C53: Valor (R$) | D53: Valor (R$) | E53: Valor (R$) | F53: Valor (R$)
A54: 3.1 - Aviso Prévio Indenizado
A55: A - Aviso Prévio Indenizado | B55: =1/12*'M. Cal'!C12 -> 0.028225 | C55: =(C20+C27+C38+C45)*$B55 -> 0 | D55: =(D20+D27+D38+D45)*$B55 -> 0 | E55: =(E20+E27+E38+E45)*$B55 -> 0 | F55: =(F20+F27+F38+F45)*$B55 -> 0
A56: B - Multa do FGTS sobre Aviso Prévio Indenizado | B56: =0.4*'M. Cal'!C12 -> 0.13548 | C56: =C38*$B56 -> 0 | D56: =D38*$B56 -> 0 | E56: =E38*$B56 -> 0 | F56: =F38*$B56 -> 0
A57: Total | C57: =SUM(C55:C56) -> 0 | D57: =SUM(D55:D56) -> 0 | E57: =SUM(E55:E56) -> 0 | F57: =SUM(F55:F56) -> 0
A58: 3.2 - Aviso Prévio Trabalhado | B58: Percentuais | C58: Valor (R$) | D58: Valor (R$) | E58: Valor (R$) | F58: Valor (R$)
A59: A - Aviso Prévio Trabalhado | B59: =1/12*'M. Cal'!C13 -> 0.028225 | C59: =(C20+C50)*$B59 -> 0 | D59: =(D20+D50)*$B59 -> 0 | E59: =(E20+E50)*$B59 -> 0 | F59: =(F20+F50)*$B59 -> 0
A60: B - Multa do FGTS sobre Aviso Prévio Trabalhado | B60: =0.4*'M. Cal'!C13 -> 0.13548 | C60: =C38*$B60 -> 0 | D60: =D38*$B60 -> 0 | E60: =E38*$B60 -> 0 | F60: =F38*$B60 -> 0
A61: Total | C61: =SUM(C59:C60) -> 0 | D61: =SUM(D59:D60) -> 0 | E61: =SUM(E59:E60) -> 0 | F61: =SUM(F59:F60) -> 0
A62: 3.3 - Demissão por Justa Causa | B62: Percentuais | C62: Valor (R$) | D62: Valor (R$) | E62: Valor (R$) | F62: Valor (R$)
A63: A - Valor Provisionado do 13º Salário | B63: ='M. Cal'!C14 -> 0.0277 | C63: =(C24*B63)*-1 -> 0 | D63: =(D24*B63)*-1 -> 0 | E63: =(E24*B63)*-1 -> 0 | F63: =(F24*B63)*-1 -> 0
A64: B - Valor Provisionado de Férias | B64: ='M. Cal'!C14 -> 0.0277 | C64: =(C25*B64)*-1 -> 0 | D64: =(D25*B64)*-1 -> 0 | E64: =(E25*B64)*-1 -> 0 | F64: =(F25*B64)*-1 -> 0
A65: C - Valor Provisionado do Adicional de Férias | B65: ='M. Cal'!C14 -> 0.0277 | C65: =(C26*B65)*-1 -> 0 | D65: =(D26*B65)*-1 -> 0 | E65: =(E26*B65)*-1 -> 0 | F65: =(F26*B65)*-1 -> 0
A66: Total | C66: =SUM(C63:C65) -> 0 | D66: =SUM(D63:D65) -> 0 | E66: =SUM(E63:E65) -> 0 | F66: =SUM(F63:F65) -> 0
A67: 3 - Provisão para Rescisão | B67: Percentuais | C67: Valor (R$) | D67: Valor (R$) | E67: Valor (R$) | F67: Valor (R$)
A68: A - Aviso Prévio Indenizado | B68: ='M. Cal'!C12 -> 0.3387 | C68: =C57 -> 0 | D68: =D57 -> 0 | E68: =E57 -> 0 | F68: =F57 -> 0
A69: B - Aviso Prévio Trabalhado | B69: ='M. Cal'!C13 -> 0.3387 | C69: =C61 -> 0 | D69: =D61 -> 0 | E69: =E61 -> 0 | F69: =F61 -> 0
A70: C - Demissão por Justa Causa | B70: ='M. Cal'!C14 -> 0.0277 | C70: =C66 -> 0 | D70: =D66 -> 0 | E70: =E66 -> 0 | F70: =F66 -> 0
A71: Total | C71: =SUM(C68:C70) -> 0 | D71: =SUM(D68:D70) -> 0 | E71: =SUM(E68:E70) -> 0 | F71: =SUM(F68:F70) -> 0
A73: MÓDULO 4: CUSTO DE REPOSIÇÃO DO PROFISSIONAL AUSENTE
A74: 4.1 - Ausências Legais
A75: A - Férias | C75: =((($C$20+$C$50+$C$71)/30)*'M. Cal'!F47)/12 -> 0 | D75: =((($D$20+$D$50+$D$71)/30)*'M. Cal'!F47)/12 -> 0 | E75: =((($E$20+$E$50+$E$71)/30)*'M. Cal'!F47)/12 -> 0 | F75: =((($F$20+$F$50+$F$71)/30)*'M. Cal'!F47)/12 -> 0
A76: B – Ausências Legais | C76: =(SUM('M. Cal'!$F$48,'M. Cal'!$F$50:$F$56,'M. Cal'!$F$58)*(C20+C50+C71)/30)/12 -> 0 | D76: =(SUM('M. Cal'!$F$48,'M. Cal'!$F$50:$F$56,'M. Cal'!$F$58)*(D20+D50+D71)/30)/12 -> 0 | E76: =(SUM('M. Cal'!$F$48,'M. Cal'!$F$50:$F$56,'M. Cal'!$F$58)*(E20+E50+E71)/30)/12 -> 0 | F76: =(SUM('M. Cal'!$F$48,'M. Cal'!$F$50:$F$56,'M. Cal'!$F$58)*(F20+F50+F71)/30)/12 -> 0
A77: C - Licença-Maternidade | C77: =((($C$20+$C$50+$C$71)/30)*'M. Cal'!F57)/12 -> 0 | D77: =((($D$20+$D$50+$D$71)/30)*'M. Cal'!F57)/12 -> 0 | E77: =((($E$20+$E$50+$E$71)/30)*'M. Cal'!F57)/12 -> 0 | F77: =((($F$20+$F$50+$F$71)/30)*'M. Cal'!F57)/12 -> 0
A78: D - Ausências por acidente de trabalho | C78: =((($C$20+$C$50+$C$71)/30)*'M. Cal'!F49)/12 -> 0 | D78: =((($C$20+$C$50+$C$71)/30)*'M. Cal'!F49)/12 -> 0 | E78: =((($C$20+$C$50+$C$71)/30)*'M. Cal'!F49)/12 -> 0 | F78: =((($F$20+$F$50+$F$71)/30)*'M. Cal'!F49)/12 -> 0
A79: E - Outros
A80: Subtotal | B80: =SUM(B75:B79) -> 0 | C80: =SUM(C75:C79) -> 0 | D80: =SUM(D75:D79) -> 0 | E80: =SUM(E75:E79) -> 0 | F80: =SUM(F75:F79) -> 0
A82: MÓDULO 5: INSUMOS DE MÃO DE OBRA
A83: 5 - Insumos Diversos | B83: Valores | C83: Valor (R$) | D83: Valor (R$) | E83: Valor (R$) | F83: Valor (R$)
A84: A - Uniformes | F84: =Insumos!E124 -> 0
A85: B - Passagens intermunicipais | F85: =Insumos!E156 -> 0
A86: C - Plano de telefone | F86: =Insumos!E166 -> 0
A87: D - Outros (especificar)
A88: Total | C88: =SUM(C84:C87) -> 0 | D88: =SUM(D84:D87) -> 0 | E88: =SUM(E84:E87) -> 0 | F88: =SUM(F84:F87) -> 0
A90: MÓDULO 6: CUSTOS INDIRETOS, TRIBUTOS E LUCRO
A91: 6 - Custos Indiretos, Tributos e Lucro | B91: Percentuais | C91: Valor (R$) | D91: Valor (R$) | E91: Valor (R$) | F91: Valor (R$)
A92: A - Custos Indiretos | B92: 0.03 | C92: =($C$20+$C$50+$C$71+$C$80+$C$88)*$B$92 -> 0 | D92: =($D$20+$D$50+$D$71+$D$80+$D$88)*B92 -> 0 | E92: =($E$20+$E$50+$E$71+$E$80+$E$88)*B92 -> 0 | F92: =($F$20+$F$50+$F$71+$F$80+$F$88)*B92 -> 0
A93: B - Lucro | B93: ='M. Cal'!J10 -> 0.0679 | C93: =($C$20+$C$50+$C$71+$C$80+$C$88)*B93 -> 0 | D93: =($D$20+$D$50+$D$71+$D$80+$D$88)*B93 -> 0 | E93: =($E$20+$E$50+$E$71+$E$80+$E$88)*B93 -> 0 | F93: =($F$20+$F$50+$F$71+$F$80+$F$88)*B93 -> 0
A94: C - Tributos (Utilizar os percentuais de acordo com o regime tributário a que estiver sujeito) | B94: =SUM(B95:B98) -> 0.0925 | C94: =($C$20+$C$50+$C$71+$C$80+$C$88)*B94 -> 0 | D94: =($D$20+$D$50+$D$71+$D$80+$D$88)*B94 -> 0 | E94: =($E$20+$E$50+$E$71+$E$80+$E$88)*B94 -> 0 | F94: =($F$20+$F$50+$F$71+$F$80+$F$88)*B94 -> 0
A95: C.1 - Tributos Federais (PIS e COFINS) | B95: =0.0165+0.076 -> 0.0925 | C95: =($C$20+$C$50+$C$71+$C$80+$C$88)*B95 -> 0 | D95: =($D$20+$D$50+$D$71+$D$80+$D$88)*B95 -> 0 | E95: =($E$20+$E$50+$E$71+$E$80+$E$88)*B95 -> 0 | F95: =($F$20+$F$50+$F$71+$F$80+$F$88)*B95 -> 0
A96: C.2 - Tributos Estaduais (especificar) | C96: =($C$20+$C$50+$C$71+$C$80+$C$88)*B96 -> 0 | D96: =($D$20+$D$50+$D$71+$D$80+$D$88)*B96 -> 0 | E96: =($E$20+$E$50+$E$71+$E$80+$E$88)*B96 -> 0 | F96: =($F$20+$F$50+$F$71+$F$80+$F$88)*B96 -> 0
A97: C.3 - Tributos Municipais (especificar) | B97: ='M. Cal'!L5 -> 0 | C97: =($C$20+$C$50+$C$71+$C$80+$C$88)*B97 -> 0 | D97: =($D$20+$D$50+$D$71+$D$80+$D$88)*B97 -> 0 | E97: =($E$20+$E$50+$E$71+$E$80+$E$88)*B97 -> 0 | F97: =($F$20+$F$50+$F$71+$F$80+$F$88)*B97 -> 0
A98: C.4 - Outros Tributos (especificar)
A99: Total | C99: =SUM(C92:C94) -> 0 | D99: =SUM(D92:D94) -> 0 | E99: =SUM(E92:E94) -> 0 | F99: =SUM(F92:F94) -> 0
A102: QUADRO RESUMO DO CUSTO POR EMPREGADO | C102: Servente 20% | D102: Servente 40% | E102: COVID | F102: Encarregado
A103: Mão de obra vinculada à execução contratual (valor por empregado) | C103: Valor (R$) | D103: Valor (R$) | E103: Valor (R$) | F103: Valor (R$)
A104: A - Módulo 1 - Composição da Remuneração | C104: =C20 -> 0 | D104: =D20 -> 0 | E104: =E20 -> 0 | F104: =F20 -> 0
A105: B - Módulo 2 - Encargos e Benefícios Anuais, Mensais e Diários | C105: =C50 -> 0 | D105: =D50 -> 0 | E105: =E50 -> 0 | F105: =F50 -> 0
A106: C - Módulo 3 - Provisão para Rescisão | C106: =C71 -> 0 | D106: =D71 -> 0 | E106: =E71 -> 0 | F106: =F71 -> 0
A107: D - Módulo 4 - Custos de Reposição do Profissional Ausente | C107: =C80 -> 0 | D107: =D80 -> 0 | E107: =E80 -> 0 | F107: =F80 -> 0
A108: E - Módulo 5 - Insumos Diversos | C108: =C88 -> 0 | D108: =D88 -> 0 | E108: =E88 -> 0 | F108: =F88 -> 0
A109: Subtotal (A + B + C + D + E) | C109: =SUM(C104:C108) -> 0 | D109: =SUM(D104:D108) -> 0 | E109: =SUM(E104:E108) -> 0 | F109: =SUM(F104:F108) -> 0
...

Sheet Cax 40h
A1: ANEXO III
A2: MODELO DE PROPOSTA E PLANILHA DE CUSTOS E FORMAÇÃO DE PREÇOS
C4: 44h | D4: 40h | E4: 30h
B5: Salário Normativo da Categoria: | C5: ='M. Cal'!C4 -> 0 | D5: ='M. Cal'!D4 -> 0 | E5: ='M. Cal'!E4 -> 0
B6: Data base da Categoria: | C6: ='M. Cal'!$D$1 -> 44197 | D6: ='M. Cal'!$D$1 -> 44197 | E6: ='M. Cal'!$D$1 -> 44197
B7: Convenção Coletiva: | C7: ='M. Cal'!$C$1 -> 0 | D7: ='M. Cal'!$C$1 -> 0 | E7: ='M. Cal'!$C$1 -> 0
B8: CBO/MTE: | C8: 5143-20 | D8: 5143-20 | E8: 5143-20
A10: CUSTOS | B10: Percentuais e Valores de Referência | C10: Servente 20% | D10: Servente 40% | E10: Servente COVID
A11: MÓDULO 1: COMPOSIÇÃO DA REMUNERAÇÃO
A12: 1 - Composição da Remuneração | B12: Percentuais | C12: Valor (R$) | D12: Valor (R$) | E12: Valor (R$)
A13: A – Salário Base 40 horas | C13: =D5 -> 0 | D13: =D5 -> 0 | E13: =E5 -> 0
A14: B - Adicional de Insalubridade (20) | B14: 0.2 | C14: =C13*B14 -> 0 | E14: =E13*B14 -> 0
A15: C - Adicional de Insalubridade (40) | B15: 0.4 | D15: =D13*B15 -> 0
A16: D - Adicional Noturno
A17: E - Adicional de Hora Noturna Reduzida
A18: F - Adicional de Hora Extra no Feriado Trabalhado
A19: E - Outros (especificar)
A20: Total | C20: =SUM(C13:C19) -> 0 | D20: =SUM(D13:D19) -> 0 | E20: =SUM(E13:E19) -> 0
A22: MÓDULO 2: ENCARGOS E BENEFÍCIOS ANUAIS, MENSAIS E DIÁRIOS
A23: 2.1 - 13º Salário, Férias e Adicional de Férias | B23: Percentuais | C23: Valor (R$) | D23: Valor (R$) | E23: Valor (R$)
A24: A - 13º salário | B24: 0.0833 | C24: =ROUND($B24*C$20,2) -> 0 | D24: =ROUND($B24*D$20,2) -> 0 | E24: =ROUND($B24*E$20,2) -> 0
A25: B - Férias | B25: 0
A26: C - Adicional de Férias | B26: 0.0278 | C26: =C20*B26 -> 0 | D26: =D20*B26 -> 0 | E26: =E20*B26 -> 0
A27: Total | B27: =SUM(B24:B26) -> 0.1111 | C27: =SUM(C24:C25) -> 0 | D27: =SUM(D24:D25) -> 0 | E27: =SUM(E24:E25) -> 0
A28: 2.2 - Encargos Previdenciários e FGTS | B28: Percentuais | C28: Valor (R$) | D28: Valor (R$) | E28: Valor (R$)
A29: 2.2.1 - GPS
A30: A - INSS | B30: 0.2 | C30: =ROUND(($C$20+$C$27)*B30,2) -> 0 | D30: =ROUND(($D$20+$D$27)*B30,2) -> 0 | E30: =ROUND(($E$20+$E$27)*B30,2) -> 0
A31: B - Salário Educação | B31: 0.025 | C31: =ROUND(($C$20+$C$27)*B31,2) -> 0 | D31: =ROUND(($D$20+$D$27)*B31,2) -> 0 | E31: =ROUND(($E$20+$E$27)*B31,2) -> 0
A32: C - SAT | B32: 0.0225 | C32: =ROUND(($C$20+$C$27)*B32,2) -> 0 | D32: =ROUND(($D$20+$D$27)*B32,2) -> 0 | E32: =ROUND(($E$20+$E$27)*B32,2) -> 0
A33: D - SESI ou SESC | B33: 0.015 | C33: =ROUND(($C$20+$C$27)*B33,2) -> 0 | D33: =ROUND(($D$20+$D$27)*B33,2) -> 0 | E33: =ROUND(($E$20+$E$27)*B33,2) -> 0
A34: E - SENAI ou SENAC | B34: 0.01 | C34: =ROUND(($C$20+$C$27)*B34,2) -> 0 | D34: =ROUND(($D$20+$D$27)*B34,2) -> 0 | E34: =ROUND(($E$20+$E$27)*B34,2) -> 0
A35: F - SEBRAE | B35: 0.006 | C35: =ROUND(($C$20+$C$27)*B35,2) -> 0 | D35: =ROUND(($D$20+$D$27)*B35,2) -> 0 | E35: =ROUND(($E$20+$E$27)*B35,2) -> 0
A36: G - INCRA | B36: 0.002 | C36: =ROUND(($C$20+$C$27)*B36,2) -> 0 | D36: =ROUND(($D$20+$D$27)*B36,2) -> 0 | E36: =ROUND(($E$20+$E$27)*B36,2) -> 0
A37: 2.2.2 - FGTS
A38: F - FGTS | B38: 0.08 | C38: =ROUND(($C$20+$C$27)*B38,2) -> 0 | D38: =ROUND(($D$20+$D$27)*B38,2) -> 0 | E38: =ROUND(($E$20+$E$27)*B38,2) -> 0
A39: Total | B39: =SUM(B29:B38) -> 0.3605 | C39: =SUM(C29:C38) -> 0 | D39: =SUM(D29:D38) -> 0 | E39: =SUM(E29:E38) -> 0
A40: 2.3 - Benefícios Mensais e Diários | B40: Valores | C40: Valor (R$) | D40: Valor (R$) | E40: Valor (R$)
A41: A - Transporte | B41: ='M. Cal'!M2 -> 0 | C41: =ROUND(((2*22*$B$41)-0.06*$D$5),2) -> 0 | D41: =ROUND(((2*22*$B$41)-0.06*$D$5),2) -> 0 | E41: =ROUND(((2*22*$B$41)-0.06*$E$5),2) -> 0
A42: B - Auxílio-Refeição/Alimentação ( COM DESCONTO DE 19% - CCT RS) | B42: 18.2 | C42: ='M. Cal'!E7 -> 0 | D42: ='M. Cal'!E7 -> 0 | E42: ='M. Cal'!E7 -> 0
A43: C - Outros (especificar)
A44: D - Outros (especificar)
A45: Total | C45: =SUM(C41:C44) -> 0 | D45: =SUM(D41:D44) -> 0 | E45: =SUM(E41:E44) -> 0
A46: 2 - ENCARGOS E BENEFÍCIOS ANUAIS, MENSAIS E DIÁRIOS | B46: Percentuais | C46: Valor (R$) | D46: Valor (R$) | E46: Valor (R$)
A47: 2.1 - 13º Salário, Férias e Adicional de Férias | B47: =B27 -> 0.1111 | C47: =C27 -> 0 | D47: =D27 -> 0 | E47: =E27 -> 0
A48: 2.2 - GPS, FGTS e outras contribuições | B48: =B39 -> 0.3605 | C48: =C39 -> 0 | D48: =D39 -> 0 | E48: =E39 -> 0
A49: 2.3 - Benefícios Mensais e Diários | B49: R$ | C49: =C45 -> 0 | D49: =D45 -> 0 | E49: =E45 -> 0
A50: Total | C50: =SUM(C47:C49) -> 0 | D50: =SUM(D47:D49) -> 0 | E50: =SUM(E47:E49) -> 0
A52: MÓDULO 3: PROVISÃO PARA RESCISÃO
A53: 3 - Provisão para Rescisão | B53: Percentuais | C53: Valor (R$) | D53: Valor (R$) | E53: Valor (R$)
A54: 3.1 - Aviso Prévio Indenizado
A55: A - Aviso Prévio Indenizado | B55: =1/12*'M. Cal'!C12 -> 0.028225 | C55: =(C20+C27+C38+C45)*$B55 -> 0 | D55: =(D20+D27+D38+D45)*$B55 -> 0 | E55: =(E20+E27+E38+E45)*$B55 -> 0
A56: B - Multa do FGTS sobre Aviso Prévio Indenizado | B56: =0.4*'M. Cal'!C12 -> 0.13548 | C56: =C38*$B56 -> 0 | D56: =D38*$B56 -> 0 | E56: =E38*$B56 -> 0
A57: Total | C57: =SUM(C55:C56) -> 0 | D57: =SUM(D55:D56) -> 0 | E57: =SUM(E55:E56) -> 0
A58: 3.2 - Aviso Prévio Trabalhado | B58: Percentuais | C58: Valor (R$) | D58: Valor (R$) | E58: Valor (R$)
A59: A - Aviso Prévio Trabalhado | B59: =1/12*'M. Cal'!C13 -> 0.028225 | C59: =(C20+C50)*$B59 -> 0 | D59: =(D20+D50)*$B59 -> 0 | E59: =(E20+E50)*$B59 -> 0
A60: B - Multa do FGTS sobre Aviso Prévio Trabalhado | B60: =0.4*'M. Cal'!C13 -> 0.13548 | C60: =C38*$B60 -> 0 | D60: =D38*$B60 -> 0 | E60: =E38*$B60 -> 0
A61: Total | C61: =SUM(C59:C60) -> 0 | D61: =SUM(D59:D60) -> 0 | E61: =SUM(E59:E60) -> 0
A62: 3.3 - Demissão por Justa Causa | B62: Percentuais | C62: Valor (R$) | D62: Valor (R$) | E62: Valor (R$)
A63: A - Valor Provisionado do 13º Salário | B63: ='M. Cal'!C14 -> 0.0277 | C63: =(C24*B63)*-1 -> 0 | D63: =(D24*B63)*-1 -> 0 | E63: =(E24*B63)*-1 -> 0
A64: B - Valor Provisionado de Férias | B64: ='M. Cal'!C14 -> 0.0277 | C64: =(C25*B64)*-1 -> 0 | D64: =(D25*B64)*-1 -> 0 | E64: =(E25*B64)*-1 -> 0
A65: C - Valor Provisionado do Adicional de Férias | B65: ='M. Cal'!C14 -> 0.0277 | C65: =(C26*B65)*-1 -> 0 | D65: =(D26*B65)*-1 -> 0 | E65: =(E26*B65)*-1 -> 0
A66: Total | C66: =SUM(C63:C65) -> 0 | D66: =SUM(D63:D65) -> 0 | E66: =SUM(E63:E65) -> 0
A67: 3 - Provisão para Rescisão | B67: Percentuais | C67: Valor (R$) | D67: Valor (R$) | E67: Valor (R$)
A68: A - Aviso Prévio Indenizado | B68: ='M. Cal'!C12 -> 0.3387 | C68: =C57 -> 0 | D68: =D57 -> 0 | E68: =E57 -> 0
A69: B - Aviso Prévio Trabalhado | B69: ='M. Cal'!C13 -> 0.3387 | C69: =C61 -> 0 | D69: =D61 -> 0 | E69: =E61 -> 0
A70: C - Demissão por Justa Causa | B70: ='M. Cal'!C14 -> 0.0277 | C70: =C66 -> 0 | D70: =D66 -> 0 | E70: =E66 -> 0
A71: Total | C71: =SUM(C68:C70) -> 0 | D71: =SUM(D68:D70) -> 0 | E71: =SUM(E68:E70) -> 0
A73: MÓDULO 4: CUSTO DE REPOSIÇÃO DO PROFISSIONAL AUSENTE
A74: 4.1 - Ausências Legais
A75: A - Férias | C75: =((($C$20+$C$50+$C$71)/30)*'M. Cal'!F47)/12 -> 0 | D75: =((($D$20+$D$50+$D$71)/30)*'M. Cal'!F47)/12 -> 0 | E75: =((($E$20+$E$50+$E$71)/30)*'M. Cal'!F47)/12 -> 0
A76: B – Ausências Legais | C76: =(SUM('M. Cal'!$F$48,'M. Cal'!$F$50:$F$56,'M. Cal'!$F$58)*(C20+C50+C71)/30)/12 -> 0 | D76: =(SUM('M. Cal'!$F$48,'M. Cal'!$F$50:$F$56,'M. Cal'!$F$58)*(D20+D50+D71)/30)/12 -> 0 | E76: =(SUM('M. Cal'!$F$48,'M. Cal'!$F$50:$F$56,'M. Cal'!$F$58)*(E20+E50+E71)/30)/12 -> 0
A77: C - Licença-Maternidade | C77: =((($C$20+$C$50+$C$71)/30)*'M. Cal'!F57)/12 -> 0 | D77: =((($D$20+$D$50+$D$71)/30)*'M. Cal'!F57)/12 -> 0 | E77: =((($E$20+$E$50+$E$71)/30)*'M. Cal'!F57)/12 -> 0
A78: D - Ausências por acidente de trabalho | C78: =((($C$20+$C$50+$C$71)/30)*'M. Cal'!F49)/12 -> 0 | D78: =((($C$20+$C$50+$C$71)/30)*'M. Cal'!F49)/12 -> 0 | E78: =((($C$20+$C$50+$C$71)/30)*'M. Cal'!F49)/12 -> 0
A79: E - Outros
A80: Subtotal | B80: =SUM(B75:B79) -> 0 | C80: =SUM(C75:C79) -> 0 | D80: =SUM(D75:D79) -> 0 | E80: =SUM(E75:E79) -> 0
A82: MÓDULO 5: INSUMOS DE MÃO DE OBRA
A83: 5 - Insumos Diversos | B83: Valores | C83: Valor (R$) | D83: Valor (R$) | E83: Valor (R$)
A84: A - Uniformes | B84: =Insumos!E123 -> 0 | C84: =B84 -> 0 | D84: =B84 -> 0 | E84: =B84 -> 0
A85: B - Materiais e utensílios | C85: =Insumos!E58 -> 0 | D85: =Insumos!E58 -> 0 | E85: =Insumos!E69 -> 0
A86: C - Equipamentos | B86: =Insumos!E105 -> 0 | C86: =B86 -> 0 | D86: =B86 -> 0 | E86: 0
A87: D - EPIs | C87: =Insumos!E142 -> 0 | D87: =Insumos!E142 -> 0 | E87: =Insumos!E141 -> 0
A88: Total | C88: =SUM(C84:C87) -> 0 | D88: =SUM(D84:D87) -> 0 | E88: =SUM(E84:E87) -> 0
A90: MÓDULO 6: CUSTOS INDIRETOS, TRIBUTOS E LUCRO
A91: 6 - Custos Indiretos, Tributos e Lucro | B91: Percentuais | C91: Valor (R$) | D91: Valor (R$) | E91: Valor (R$)
A92: A - Custos Indiretos | B92: 0.03 | C92: =($C$20+$C$50+$C$71+$C$80+$C$88)*$B$92 -> 0 | D92: =($D$20+$D$50+$D$71+$D$80+$D$88)*B92 -> 0 | E92: =($E$20+$E$50+$E$71+$E$80+$E$88)*B92 -> 0
A93: B - Lucro | B93: ='M. Cal'!J10 -> 0.0679 | C93: =($C$20+$C$50+$C$71+$C$80+$C$88)*B93 -> 0 | D93: =($D$20+$D$50+$D$71+$D$80+$D$88)*B93 -> 0 | E93: =($E$20+$E$50+$E$71+$E$80+$E$88)*B93 -> 0
A94: C - Tributos (Utilizar os percentuais de acordo com o regime tributário a que estiver sujeito) | B94: =SUM(B95:B98) -> 0.0925 | C94: =($C$20+$C$50+$C$71+$C$80+$C$88)*B94 -> 0 | D94: =($D$20+$D$50+$D$71+$D$80+$D$88)*B94 -> 0 | E94: =($E$20+$E$50+$E$71+$E$80+$E$88)*B94 -> 0
A95: C.1 - Tributos Federais (PIS e COFINS) | B95: =0.0165+0.076 -> 0.0925 | C95: =($C$20+$C$50+$C$71+$C$80+$C$88)*B95 -> 0 | D95: =($D$20+$D$50+$D$71+$D$80+$D$88)*B95 -> 0 | E95: =($E$20+$E$50+$E$71+$E$80+$E$88)*B95 -> 0
A96: C.2 - Tributos Estaduais (especificar) | C96: =($C$20+$C$50+$C$71+$C$80+$C$88)*B96 -> 0 | D96: =($D$20+$D$50+$D$71+$D$80+$D$88)*B96 -> 0 | E96: =($E$20+$E$50+$E$71+$E$80+$E$88)*B96 -> 0
A97: C.3 - Tributos Municipais (especificar) | B97: ='M. Cal'!L2 -> 0 | C97: =($C$20+$C$50+$C$71+$C$80+$C$88)*B97 -> 0 | D97: =($D$20+$D$50+$D$71+$D$80+$D$88)*B97 -> 0 | E97: =($E$20+$E$50+$E$71+$E$80+$E$88)*B97 -> 0
A98: C.4 - Outros Tributos (especificar)
A99: Total | C99: =SUM(C92:C94) -> 0 | D99: =SUM(D92:D94) -> 0 | E99: =SUM(E92:E94) -> 0
A102: QUADRO RESUMO DO CUSTO POR EMPREGADO | C102: Servente 20% | D102: Servente 40% | E102: COVID
A103: Mão de obra vinculada à execução contratual (valor por empregado) | C103: Valor (R$) | D103: Valor (R$) | E103: Valor (R$)
A104: A - Módulo 1 - Composição da Remuneração | C104: =C20 -> 0 | D104: =D20 -> 0 | E104: =E20 -> 0
A105: B - Módulo 2 - Encargos e Benefícios Anuais, Mensais e Diários | C105: =C50 -> 0 | D105: =D50 -> 0 | E105: =E50 -> 0
A106: C - Módulo 3 - Provisão para Rescisão | C106: =C71 -> 0 | D106: =D71 -> 0 | E106: =E71 -> 0
A107: D - Módulo 4 - Custos de Reposição do Profissional Ausente | C107: =C80 -> 0 | D107: =D80 -> 0 | E107: =E80 -> 0
A108: E - Módulo 5 - Insumos Diversos | C108: =C88 -> 0 | D108: =D88 -> 0 | E108: =E88 -> 0
A109: Subtotal (A + B + C + D + E) | C109: =SUM(C104:C108) -> 0 | D109: =SUM(D104:D108) -> 0 | E109: =SUM(E104:E108) -> 0
...

Sheet Cax 30h
A1: ANEXO III
A2: MODELO DE PROPOSTA E PLANILHA DE CUSTOS E FORMAÇÃO DE PREÇOS
C4: 44h | D4: 40h | E4: 30h
B5: Salário Normativo da Categoria: | C5: ='M. Cal'!C4 -> 0 | D5: ='M. Cal'!D4 -> 0 | E5: ='M. Cal'!E4 -> 0
B6: Data base da Categoria: | C6: ='M. Cal'!$D$1 -> 44197 | D6: ='M. Cal'!$D$1 -> 44197 | E6: ='M. Cal'!$D$1 -> 44197
B7: Convenção Coletiva: | C7: ='M. Cal'!$C$1 -> 0 | D7: ='M. Cal'!$C$1 -> 0 | E7: ='M. Cal'!$C$1 -> 0
B8: CBO/MTE: | C8: 5143-20 | D8: 5143-20 | E8: 5143-20
A10: CUSTOS | B10: Percentuais e Valores de Referência | C10: Servente 20% | D10: Servente 40% | E10: Servente COVID
A11: MÓDULO 1: COMPOSIÇÃO DA REMUNERAÇÃO
A12: 1 - Composição da Remuneração | B12: Percentuais | C12: Valor (R$) | D12: Valor (R$) | E12: Valor (R$)
A13: A – Salário Base 30 horas | C13: =E5 -> 0 | D13: =E5 -> 0 | E13: =E5 -> 0
A14: B - Adicional de Insalubridade (20) | B14: 0.2 | C14: =C13*B14 -> 0 | E14: =E13*B14 -> 0
A15: C - Adicional de Insalubridade (40) | B15: 0.4 | D15: =D13*B15 -> 0
A16: D - Adicional Noturno
A17: E - Adicional de Hora Noturna Reduzida
A18: F - Adicional de Hora Extra no Feriado Trabalhado
A19: E - Outros (especificar)
A20: Total | C20: =SUM(C13:C19) -> 0 | D20: =SUM(D13:D19) -> 0 | E20: =SUM(E13:E19) -> 0
A22: MÓDULO 2: ENCARGOS E BENEFÍCIOS ANUAIS, MENSAIS E DIÁRIOS
A23: 2.1 - 13º Salário, Férias e Adicional de Férias | B23: Percentuais | C23: Valor (R$) | D23: Valor (R$) | E23: Valor (R$)
A24: A - 13º salário | B24: 0.0833 | C24: =ROUND($B24*C$20,2) -> 0 | D24: =ROUND($B24*D$20,2) -> 0 | E24: =ROUND($B24*E$20,2) -> 0
A25: B - Férias | B25: 0
A26: C - Adicional de Férias | B26: 0.0278 | C26: =C20*B26 -> 0 | D26: =D20*B26 -> 0 | E26: =E20*B26 -> 0
A27: Total | B27: =SUM(B24:B26) -> 0.1111 | C27: =SUM(C24:C25) -> 0 | D27: =SUM(D24:D25) -> 0 | E27: =SUM(E24:E25) -> 0
A28: 2.2 - Encargos Previdenciários e FGTS | B28: Percentuais | C28: Valor (R$) | D28: Valor (R$) | E28: Valor (R$)
A29: 2.2.1 - GPS
A30: A - INSS | B30: 0.2 | C30: =ROUND(($C$20+$C$27)*B30,2) -> 0 | D30: =ROUND(($D$20+$D$27)*B30,2) -> 0 | E30: =ROUND(($E$20+$E$27)*B30,2) -> 0
A31: B - Salário Educação | B31: 0.025 | C31: =ROUND(($C$20+$C$27)*B31,2) -> 0 | D31: =ROUND(($D$20+$D$27)*B31,2) -> 0 | E31: =ROUND(($E$20+$E$27)*B31,2) -> 0
A32: C - SAT | B32: 0.0225 | C32: =ROUND(($C$20+$C$27)*B32,2) -> 0 | D32: =ROUND(($D$20+$D$27)*B32,2) -> 0 | E32: =ROUND(($E$20+$E$27)*B32,2) -> 0
A33: D - SESI ou SESC | B33: 0.015 | C33: =ROUND(($C$20+$C$27)*B33,2) -> 0 | D33: =ROUND(($D$20+$D$27)*B33,2) -> 0 | E33: =ROUND(($E$20+$E$27)*B33,2) -> 0
A34: E - SENAI ou SENAC | B34: 0.01 | C34: =ROUND(($C$20+$C$27)*B34,2) -> 0 | D34: =ROUND(($D$20+$D$27)*B34,2) -> 0 | E34: =ROUND(($E$20+$E$27)*B34,2) -> 0
A35: F - SEBRAE | B35: 0.006 | C35: =ROUND(($C$20+$C$27)*B35,2) -> 0 | D35: =ROUND(($D$20+$D$27)*B35,2) -> 0 | E35: =ROUND(($E$20+$E$27)*B35,2) -> 0
A36: G - INCRA | B36: 0.002 | C36: =ROUND(($C$20+$C$27)*B36,2) -> 0 | D36: =ROUND(($D$20+$D$27)*B36,2) -> 0 | E36: =ROUND(($E$20+$E$27)*B36,2) -> 0
A37: 2.2.2 - FGTS
A38: F - FGTS | B38: 0.08 | C38: =ROUND(($C$20+$C$27)*B38,2) -> 0 | D38: =ROUND(($D$20+$D$27)*B38,2) -> 0 | E38: =ROUND(($E$20+$E$27)*B38,2) -> 0
A39: Total | B39: =SUM(B29:B38) -> 0.3605 | C39: =SUM(C29:C38) -> 0 | D39: =SUM(D29:D38) -> 0 | E39: =SUM(E29:E38) -> 0
A40: 2.3 - Benefícios Mensais e Diários | B40: Valores | C40: Valor (R$) | D40: Valor (R$) | E40: Valor (R$)
A41: A - Transporte | B41: ='M. Cal'!M5 -> 0 | C41: =ROUND(((2*22*$B$41)-0.06*$E$5),2) -> 0 | D41: =ROUND(((2*22*$B$41)-0.06*$E$5),2) -> 0 | E41: =ROUND(((2*22*$B$41)-0.06*$E$5),2) -> 0
A42: B - Auxílio-Refeição/Alimentação ( COM DESCONTO DE 19% - CCT RS) | B42: 18.2 | C42: ='M. Cal'!E7 -> 0 | D42: ='M. Cal'!E7 -> 0 | E42: ='M. Cal'!E7 -> 0
A43: C - Outros (especificar)
A44: D - Outros (especificar)
A45: Total | C45: =SUM(C41:C44) -> 0 | D45: =SUM(D41:D44) -> 0 | E45: =SUM(E41:E44) -> 0
A46: 2 - ENCARGOS E BENEFÍCIOS ANUAIS, MENSAIS E DIÁRIOS | B46: Percentuais | C46: Valor (R$) | D46: Valor (R$) | E46: Valor (R$)
A47: 2.1 - 13º Salário, Férias e Adicional de Férias | B47: =B27 -> 0.1111 | C47: =C27 -> 0 | D47: =D27 -> 0 | E47: =E27 -> 0
A48: 2.2 - GPS, FGTS e outras contribuições | B48: =B39 -> 0.3605 | C48: =C39 -> 0 | D48: =D39 -> 0 | E48: =E39 -> 0
A49: 2.3 - Benefícios Mensais e Diários | B49: R$ | C49: =C45 -> 0 | D49: =D45 -> 0 | E49: =E45 -> 0
A50: Total | C50: =SUM(C47:C49) -> 0 | D50: =SUM(D47:D49) -> 0 | E50: =SUM(E47:E49) -> 0
A52: MÓDULO 3: PROVISÃO PARA RESCISÃO
A53: 3 - Provisão para Rescisão | B53: Percentuais | C53: Valor (R$) | D53: Valor (R$) | E53: Valor (R$)
A54: 3.1 - Aviso Prévio Indenizado
A55: A - Aviso Prévio Indenizado | B55: =1/12*'M. Cal'!C12 -> 0.028225 | C55: =(C20+C27+C38+C45)*$B55 -> 0 | D55: =(D20+D27+D38+D45)*$B55 -> 0 | E55: =(E20+E27+E38+E45)*$B55 -> 0
A56: B - Multa do FGTS sobre Aviso Prévio Indenizado | B56: =0.4*'M. Cal'!C12 -> 0.13548 | C56: =C38*$B56 -> 0 | D56: =D38*$B56 -> 0 | E56: =E38*$B56 -> 0
A57: Total | C57: =SUM(C55:C56) -> 0 | D57: =SUM(D55:D56) -> 0 | E57: =SUM(E55:E56) -> 0
A58: 3.2 - Aviso Prévio Trabalhado | B58: Percentuais | C58: Valor (R$) | D58: Valor (R$) | E58: Valor (R$)
A59: A - Aviso Prévio Trabalhado | B59: =1/12*'M. Cal'!C13 -> 0.028225 | C59: =(C20+C50)*$B59 -> 0 | D59: =(D20+D50)*$B59 -> 0 | E59: =(E20+E50)*$B59 -> 0
A60: B - Multa do FGTS sobre Aviso Prévio Trabalhado | B60: =0.4*'M. Cal'!C13 -> 0.13548 | C60: =C38*$B60 -> 0 | D60: =D38*$B60 -> 0 | E60: =E38*$B60 -> 0
A61: Total | C61: =SUM(C59:C60) -> 0 | D61: =SUM(D59:D60) -> 0 | E61: =SUM(E59:E60) -> 0
A62: 3.3 - Demissão por Justa Causa | B62: Percentuais | C62: Valor (R$) | D62: Valor (R$) | E62: Valor (R$)
A63: A - Valor Provisionado do 13º Salário | B63: ='M. Cal'!C14 -> 0.0277 | C63: =(C24*B63)*-1 -> 0 | D63: =(D24*B63)*-1 -> 0 | E63: =(E24*B63)*-1 -> 0
A64: B - Valor Provisionado de Férias | B64: ='M. Cal'!C14 -> 0.0277 | C64: =(C25*B64)*-1 -> 0 | D64: =(D25*B64)*-1 -> 0 | E64: =(E25*B64)*-1 -> 0
A65: C - Valor Provisionado do Adicional de Férias | B65: ='M. Cal'!C14 -> 0.0277 | C65: =(C26*B65)*-1 -> 0 | D65: =(D26*B65)*-1 -> 0 | E65: =(E26*B65)*-1 -> 0
A66: Total | C66: =SUM(C63:C65) -> 0 | D66: =SUM(D63:D65) -> 0 | E66: =SUM(E63:E65) -> 0
A67: 3 - Provisão para Rescisão | B67: Percentuais | C67: Valor (R$) | D67: Valor (R$) | E67: Valor (R$)
A68: A - Aviso Prévio Indenizado | B68: ='M. Cal'!C12 -> 0.3387 | C68: =C57 -> 0 | D68: =D57 -> 0 | E68: =E57 -> 0
A69: B - Aviso Prévio Trabalhado | B69: ='M. Cal'!C13 -> 0.3387 | C69: =C61 -> 0 | D69: =D61 -> 0 | E69: =E61 -> 0
A70: C - Demissão por Justa Causa | B70: ='M. Cal'!C14 -> 0.0277 | C70: =C66 -> 0 | D70: =D66 -> 0 | E70: =E66 -> 0
A71: Total | C71: =SUM(C68:C70) -> 0 | D71: =SUM(D68:D70) -> 0 | E71: =SUM(E68:E70) -> 0
A73: MÓDULO 4: CUSTO DE REPOSIÇÃO DO PROFISSIONAL AUSENTE
A74: 4.1 - Ausências Legais
A75: A - Férias | C75: =((($C$20+$C$50+$C$71)/30)*'M. Cal'!F47)/12 -> 0 | D75: =((($D$20+$D$50+$D$71)/30)*'M. Cal'!F47)/12 -> 0 | E75: =((($E$20+$E$50+$E$71)/30)*'M. Cal'!F47)/12 -> 0
A76: B – Ausências Legais | C76: =(SUM('M. Cal'!$F$48,'M. Cal'!$F$50:$F$56,'M. Cal'!$F$58)*(C20+C50+C71)/30)/12 -> 0 | D76: =(SUM('M. Cal'!$F$48,'M. Cal'!$F$50:$F$56,'M. Cal'!$F$58)*(D20+D50+D71)/30)/12 -> 0 | E76: =(SUM('M. Cal'!$F$48,'M. Cal'!$F$50:$F$56,'M. Cal'!$F$58)*(E20+E50+E71)/30)/12 -> 0
A77: C - Licença-Maternidade | C77: =((($C$20+$C$50+$C$71)/30)*'M. Cal'!F57)/12 -> 0 | D77: =((($D$20+$D$50+$D$71)/30)*'M. Cal'!F57)/12 -> 0 | E77: =((($E$20+$E$50+$E$71)/30)*'M. Cal'!F57)/12 -> 0
A78: D - Ausências por acidente de trabalho | C78: =((($C$20+$C$50+$C$71)/30)*'M. Cal'!F49)/12 -> 0 | D78: =((($C$20+$C$50+$C$71)/30)*'M. Cal'!F49)/12 -> 0 | E78: =((($C$20+$C$50+$C$71)/30)*'M. Cal'!F49)/12 -> 0
A79: E - Outros
A80: Subtotal | B80: =SUM(B75:B79) -> 0 | C80: =SUM(C75:C79) -> 0 | D80: =SUM(D75:D79) -> 0 | E80: =SUM(E75:E79) -> 0
A82: MÓDULO 5: INSUMOS DE MÃO DE OBRA
A83: 5 - Insumos Diversos | B83: Valores | C83: Valor (R$) | D83: Valor (R$) | E83: Valor (R$)
A84: A - Uniformes | B84: =Insumos!E123 -> 0 | C84: =B84 -> 0 | D84: =B84 -> 0 | E84: =B84 -> 0
A85: B - Materiais e utensílios | C85: =Insumos!E58 -> 0 | D85: =Insumos!E58 -> 0 | E85: =Insumos!E69 -> 0
A86: C - Equipamentos | B86: =Insumos!E105 -> 0 | C86: =B86 -> 0 | D86: =B86 -> 0 | E86: 0
A87: D - EPIs | C87: =Insumos!E142 -> 0 | D87: =Insumos!E142 -> 0 | E87: =Insumos!E141 -> 0
A88: Total | C88: =SUM(C84:C87) -> 0 | D88: =SUM(D84:D87) -> 0 | E88: =SUM(E84:E87) -> 0
A90: MÓDULO 6: CUSTOS INDIRETOS, TRIBUTOS E LUCRO
A91: 6 - Custos Indiretos, Tributos e Lucro | B91: Percentuais | C91: Valor (R$) | D91: Valor (R$) | E91: Valor (R$)
A92: A - Custos Indiretos | B92: 0.03 | C92: =($C$20+$C$50+$C$71+$C$80+$C$88)*$B$92 -> 0 | D92: =($D$20+$D$50+$D$71+$D$80+$D$88)*B92 -> 0 | E92: =($E$20+$E$50+$E$71+$E$80+$E$88)*B92 -> 0
A93: B - Lucro | B93: ='M. Cal'!J10 -> 0.0679 | C93: =($C$20+$C$50+$C$71+$C$80+$C$88)*B93 -> 0 | D93: =($D$20+$D$50+$D$71+$D$80+$D$88)*B93 -> 0 | E93: =($E$20+$E$50+$E$71+$E$80+$E$88)*B93 -> 0
A94: C - Tributos (Utilizar os percentuais de acordo com o regime tributário a que estiver sujeito) | B94: =SUM(B95:B98) -> 0.0925 | C94: =($C$20+$C$50+$C$71+$C$80+$C$88)*B94 -> 0 | D94: =($D$20+$D$50+$D$71+$D$80+$D$88)*B94 -> 0 | E94: =($E$20+$E$50+$E$71+$E$80+$E$88)*B94 -> 0
A95: C.1 - Tributos Federais (PIS e COFINS) | B95: =0.0165+0.076 -> 0.0925 | C95: =($C$20+$C$50+$C$71+$C$80+$C$88)*B95 -> 0 | D95: =($D$20+$D$50+$D$71+$D$80+$D$88)*B95 -> 0 | E95: =($E$20+$E$50+$E$71+$E$80+$E$88)*B95 -> 0
A96: C.2 - Tributos Estaduais (especificar) | C96: =($C$20+$C$50+$C$71+$C$80+$C$88)*B96 -> 0 | D96: =($D$20+$D$50+$D$71+$D$80+$D$88)*B96 -> 0 | E96: =($E$20+$E$50+$E$71+$E$80+$E$88)*B96 -> 0
A97: C.3 - Tributos Municipais (especificar) | B97: ='M. Cal'!L5 -> 0 | C97: =($C$20+$C$50+$C$71+$C$80+$C$88)*B97 -> 0 | D97: =($D$20+$D$50+$D$71+$D$80+$D$88)*B97 -> 0 | E97: =($E$20+$E$50+$E$71+$E$80+$E$88)*B97 -> 0
A98: C.4 - Outros Tributos (especificar)
A99: Total | C99: =SUM(C92:C94) -> 0 | D99: =SUM(D92:D94) -> 0 | E99: =SUM(E92:E94) -> 0
A102: QUADRO RESUMO DO CUSTO POR EMPREGADO | C102: Servente 20% | D102: Servente 40% | E102: COVID
A103: Mão de obra vinculada à execução contratual (valor por empregado) | C103: Valor (R$) | D103: Valor (R$) | E103: Valor (R$)
A104: A - Módulo 1 - Composição da Remuneração | C104: =C20 -> 0 | D104: =D20 -> 0 | E104: =E20 -> 0
A105: B - Módulo 2 - Encargos e Benefícios Anuais, Mensais e Diários | C105: =C50 -> 0 | D105: =D50 -> 0 | E105: =E50 -> 0
A106: C - Módulo 3 - Provisão para Rescisão | C106: =C71 -> 0 | D106: =D71 -> 0 | E106: =E71 -> 0
A107: D - Módulo 4 - Custos de Reposição do Profissional Ausente | C107: =C80 -> 0 | D107: =D80 -> 0 | E107: =E80 -> 0
A108: E - Módulo 5 - Insumos Diversos | C108: =C88 -> 0 | D108: =D88 -> 0 | E108: =E88 -> 0
A109: Subtotal (A + B + C + D + E) | C109: =SUM(C104:C108) -> 0 | D109: =SUM(D104:D108) -> 0 | E109: =SUM(E104:E108) -> 0
...

Sheet Bento 40h
A1: ANEXO III
A2: MODELO DE PROPOSTA E PLANILHA DE CUSTOS E FORMAÇÃO DE PREÇOS
C4: 44h | D4: 40h | E4: 30h
B5: Salário Normativo da Categoria: | C5: ='M. Cal'!C4 -> 0 | D5: ='M. Cal'!D4 -> 0 | E5: ='M. Cal'!E4 -> 0
B6: Data base da Categoria: | C6: ='M. Cal'!$D$1 -> 44197 | D6: ='M. Cal'!$D$1 -> 44197 | E6: ='M. Cal'!$D$1 -> 44197
B7: Convenção Coletiva: | C7: ='M. Cal'!$C$1 -> 0 | D7: ='M. Cal'!$C$1 -> 0 | E7: ='M. Cal'!$C$1 -> 0
B8: CBO/MTE: | C8: 5143-20 | D8: 5143-20 | E8: 5143-20
A10: CUSTOS | B10: Percentuais e Valores de Referência | C10: Servente 20% | D10: Servente 40% | E10: Servente COVID
A11: MÓDULO 1: COMPOSIÇÃO DA REMUNERAÇÃO
A12: 1 - Composição da Remuneração | B12: Percentuais | C12: Valor (R$) | D12: Valor (R$) | E12: Valor (R$)
A13: A – Salário Base 40 horas | C13: =D5 -> 0 | D13: =D5 -> 0 | E13: =E5 -> 0
A14: B - Adicional de Insalubridade (20) | B14: 0.2 | C14: =C13*B14 -> 0 | E14: =E13*B14 -> 0
A15: C - Adicional de Insalubridade (40) | B15: 0.4 | D15: =D13*B15 -> 0
A16: D - Adicional Noturno
A17: E - Adicional de Hora Noturna Reduzida
A18: F - Adicional de Hora Extra no Feriado Trabalhado
A19: E - Outros (especificar)
A20: Total | C20: =SUM(C13:C19) -> 0 | D20: =SUM(D13:D19) -> 0 | E20: =SUM(E13:E19) -> 0
A22: MÓDULO 2: ENCARGOS E BENEFÍCIOS ANUAIS, MENSAIS E DIÁRIOS
A23: 2.1 - 13º Salário, Férias e Adicional de Férias | B23: Percentuais | C23: Valor (R$) | D23: Valor (R$) | E23: Valor (R$)
A24: A - 13º salário | B24: 0.0833 | C24: =ROUND($B24*C$20,2) -> 0 | D24: =ROUND($B24*D$20,2) -> 0 | E24: =ROUND($B24*E$20,2) -> 0
A25: B - Férias | B25: 0
A26: C - Adicional de Férias | B26: 0.0278 | C26: =C20*B26 -> 0 | D26: =D20*B26 -> 0 | E26: =E20*B26 -> 0
A27: Total | B27: =SUM(B24:B26) -> 0.1111 | C27: =SUM(C24:C25) -> 0 | D27: =SUM(D24:D25) -> 0 | E27: =SUM(E24:E25) -> 0
A28: 2.2 - Encargos Previdenciários e FGTS | B28: Percentuais | C28: Valor (R$) | D28: Valor (R$) | E28: Valor (R$)
A29: 2.2.1 - GPS
A30: A - INSS | B30: 0.2 | C30: =ROUND(($C$20+$C$27)*B30,2) -> 0 | D30: =ROUND(($D$20+$D$27)*B30,2) -> 0 | E30: =ROUND(($E$20+$E$27)*B30,2) -> 0
A31: B - Salário Educação | B31: 0.025 | C31: =ROUND(($C$20+$C$27)*B31,2) -> 0 | D31: =ROUND(($D$20+$D$27)*B31,2) -> 0 | E31: =ROUND(($E$20+$E$27)*B31,2) -> 0
A32: C - SAT | B32: 0.0225 | C32: =ROUND(($C$20+$C$27)*B32,2) -> 0 | D32: =ROUND(($D$20+$D$27)*B32,2) -> 0 | E32: =ROUND(($E$20+$E$27)*B32,2) -> 0
A33: D - SESI ou SESC | B33: 0.015 | C33: =ROUND(($C$20+$C$27)*B33,2) -> 0 | D33: =ROUND(($D$20+$D$27)*B33,2) -> 0 | E33: =ROUND(($E$20+$E$27)*B33,2) -> 0
A34: E - SENAI ou SENAC | B34: 0.01 | C34: =ROUND(($C$20+$C$27)*B34,2) -> 0 | D34: =ROUND(($D$20+$D$27)*B34,2) -> 0 | E34: =ROUND(($E$20+$E$27)*B34,2) -> 0
A35: F - SEBRAE | B35: 0.006 | C35: =ROUND(($C$20+$C$27)*B35,2) -> 0 | D35: =ROUND(($D$20+$D$27)*B35,2) -> 0 | E35: =ROUND(($E$20+$E$27)*B35,2) -> 0
A36: G - INCRA | B36: 0.002 | C36: =ROUND(($C$20+$C$27)*B36,2) -> 0 | D36: =ROUND(($D$20+$D$27)*B36,2) -> 0 | E36: =ROUND(($E$20+$E$27)*B36,2) -> 0
A37: 2.2.2 - FGTS
A38: F - FGTS | B38: 0.08 | C38: =ROUND(($C$20+$C$27)*B38,2) -> 0 | D38: =ROUND(($D$20+$D$27)*B38,2) -> 0 | E38: =ROUND(($E$20+$E$27)*B38,2) -> 0
A39: Total | B39: =SUM(B29:B38) -> 0.3605 | C39: =SUM(C29:C38) -> 0 | D39: =SUM(D29:D38) -> 0 | E39: =SUM(E29:E38) -> 0
A40: 2.3 - Benefícios Mensais e Diários | B40: Valores | C40: Valor (R$) | D40: Valor (R$) | E40: Valor (R$)
A41: A - Transporte | B41: ='M. Cal'!M3 -> 0 | C41: =ROUND(((2*22*$B$41)-0.06*$D$5),2) -> 0 | D41: =ROUND(((2*22*$B$41)-0.06*$D$5),2) -> 0 | E41: =ROUND(((2*22*$B$41)-0.06*$E$5),2) -> 0
A42: B - Auxílio-Refeição/Alimentação ( COM DESCONTO DE 19% - CCT RS) | B42: 18.2 | C42: ='M. Cal'!E7 -> 0 | D42: ='M. Cal'!E7 -> 0 | E42: ='M. Cal'!E7 -> 0
A43: C - Outros (especificar)
A44: D - Outros (especificar)
A45: Total | C45: =SUM(C41:C44) -> 0 | D45: =SUM(D41:D44) -> 0 | E45: =SUM(E41:E44) -> 0
A46: 2 - ENCARGOS E BENEFÍCIOS ANUAIS, MENSAIS E DIÁRIOS | B46: Percentuais | C46: Valor (R$) | D46: Valor (R$) | E46: Valor (R$)
A47: 2.1 - 13º Salário, Férias e Adicional de Férias | B47: =B27 -> 0.1111 | C47: =C27 -> 0 | D47: =D27 -> 0 | E47: =E27 -> 0
A48: 2.2 - GPS, FGTS e outras contribuições | B48: =B39 -> 0.3605 | C48: =C39 -> 0 | D48: =D39 -> 0 | E48: =E39 -> 0
A49: 2.3 - Benefícios Mensais e Diários | B49: R$ | C49: =C45 -> 0 | D49: =D45 -> 0 | E49: =E45 -> 0
A50: Total | C50: =SUM(C47:C49) -> 0 | D50: =SUM(D47:D49) -> 0 | E50: =SUM(E47:E49) -> 0
A52: MÓDULO 3: PROVISÃO PARA RESCISÃO
A53: 3 - Provisão para Rescisão | B53: Percentuais | C53: Valor (R$) | D53: Valor (R$) | E53: Valor (R$)
A54: 3.1 - Aviso Prévio Indenizado
A55: A - Aviso Prévio Indenizado | B55: =1/12*'M. Cal'!C12 -> 0.028225 | C55: =(C20+C27+C38+C45)*$B55 -> 0 | D55: =(D20+D27+D38+D45)*$B55 -> 0 | E55: =(E20+E27+E38+E45)*$B55 -> 0
A56: B - Multa do FGTS sobre Aviso Prévio Indenizado | B56: =0.4*'M. Cal'!C12 -> 0.13548 | C56: =C38*$B56 -> 0 | D56: =D38*$B56 -> 0 | E56: =E38*$B56 -> 0
A57: Total | C57: =SUM(C55:C56) -> 0 | D57: =SUM(D55:D56) -> 0 | E57: =SUM(E55:E56) -> 0
A58: 3.2 - Aviso Prévio Trabalhado | B58: Percentuais | C58: Valor (R$) | D58: Valor (R$) | E58: Valor (R$)
A59: A - Aviso Prévio Trabalhado | B59: =1/12*'M. Cal'!C13 -> 0.028225 | C59: =(C20+C50)*$B59 -> 0 | D59: =(D20+D50)*$B59 -> 0 | E59: =(E20+E50)*$B59 -> 0
A60: B - Multa do FGTS sobre Aviso Prévio Trabalhado | B60: =0.4*'M. Cal'!C13 -> 0.13548 | C60: =C38*$B60 -> 0 | D60: =D38*$B60 -> 0 | E60: =E38*$B60 -> 0
A61: Total | C61: =SUM(C59:C60) -> 0 | D61: =SUM(D59:D60) -> 0 | E61: =SUM(E59:E60) -> 0
A62: 3.3 - Demissão por Justa Causa | B62: Percentuais | C62: Valor (R$) | D62: Valor (R$) | E62: Valor (R$)
A63: A - Valor Provisionado do 13º Salário | B63: ='M. Cal'!C14 -> 0.0277 | C63: =(C24*B63)*-1 -> 0 | D63: =(D24*B63)*-1 -> 0 | E63: =(E24*B63)*-1 -> 0
A64: B - Valor Provisionado de Férias | B64: ='M. Cal'!C14 -> 0.0277 | C64: =(C25*B64)*-1 -> 0 | D64: =(D25*B64)*-1 -> 0 | E64: =(E25*B64)*-1 -> 0
A65: C - Valor Provisionado do Adicional de Férias | B65: ='M. Cal'!C14 -> 0.0277 | C65: =(C26*B65)*-1 -> 0 | D65: =(D26*B65)*-1 -> 0 | E65: =(E26*B65)*-1 -> 0
A66: Total | C66: =SUM(C63:C65) -> 0 | D66: =SUM(D63:D65) -> 0 | E66: =SUM(E63:E65) -> 0
A67: 3 - Provisão para Rescisão | B67: Percentuais | C67: Valor (R$) | D67: Valor (R$) | E67: Valor (R$)
A68: A - Aviso Prévio Indenizado | B68: ='M. Cal'!C12 -> 0.3387 | C68: =C57 -> 0 | D68: =D57 -> 0 | E68: =E57 -> 0
A69: B - Aviso Prévio Trabalhado | B69: ='M. Cal'!C13 -> 0.3387 | C69: =C61 -> 0 | D69: =D61 -> 0 | E69: =E61 -> 0
A70: C - Demissão por Justa Causa | B70: ='M. Cal'!C14 -> 0.0277 | C70: =C66 -> 0 | D70: =D66 -> 0 | E70: =E66 -> 0
A71: Total | C71: =SUM(C68:C70) -> 0 | D71: =SUM(D68:D70) -> 0 | E71: =SUM(E68:E70) -> 0
A73: MÓDULO 4: CUSTO DE REPOSIÇÃO DO PROFISSIONAL AUSENTE
A74: 4.1 - Ausências Legais
A75: A - Férias | C75: =((($C$20+$C$50+$C$71)/30)*'M. Cal'!F47)/12 -> 0 | D75: =((($D$20+$D$50+$D$71)/30)*'M. Cal'!F47)/12 -> 0 | E75: =((($E$20+$E$50+$E$71)/30)*'M. Cal'!F47)/12 -> 0
A76: B – Ausências Legais | C76: =(SUM('M. Cal'!$F$48,'M. Cal'!$F$50:$F$56,'M. Cal'!$F$58)*(C20+C50+C71)/30)/12 -> 0 | D76: =(SUM('M. Cal'!$F$48,'M. Cal'!$F$50:$F$56,'M. Cal'!$F$58)*(D20+D50+D71)/30)/12 -> 0 | E76: =(SUM('M. Cal'!$F$48,'M. Cal'!$F$50:$F$56,'M. Cal'!$F$58)*(E20+E50+E71)/30)/12 -> 0
A77: C - Licença-Maternidade | C77: =((($C$20+$C$50+$C$71)/30)*'M. Cal'!F57)/12 -> 0 | D77: =((($D$20+$D$50+$D$71)/30)*'M. Cal'!F57)/12 -> 0 | E77: =((($E$20+$E$50+$E$71)/30)*'M. Cal'!F57)/12 -> 0
A78: D - Ausências por acidente de trabalho | C78: =((($C$20+$C$50+$C$71)/30)*'M. Cal'!F49)/12 -> 0 | D78: =((($C$20+$C$50+$C$71)/30)*'M. Cal'!F49)/12 -> 0 | E78: =((($C$20+$C$50+$C$71)/30)*'M. Cal'!F49)/12 -> 0
A79: E - Outros
A80: Subtotal | B80: =SUM(B75:B79) -> 0 | C80: =SUM(C75:C79) -> 0 | D80: =SUM(D75:D79) -> 0 | E80: =SUM(E75:E79) -> 0
A82: MÓDULO 5: INSUMOS DE MÃO DE OBRA
A83: 5 - Insumos Diversos | B83: Valores | C83: Valor (R$) | D83: Valor (R$) | E83: Valor (R$)
A84: A - Uniformes | B84: =Insumos!E123 -> 0 | C84: =B84 -> 0 | D84: =B84 -> 0 | E84: =B84 -> 0
A85: B - Materiais e utensílios | C85: =Insumos!E58 -> 0 | D85: =Insumos!E58 -> 0 | E85: =Insumos!E69 -> 0
A86: C - Equipamentos | B86: =Insumos!E105 -> 0 | C86: =B86 -> 0 | D86: =B86 -> 0 | E86: 0
A87: D - EPIs | C87: =Insumos!E142 -> 0 | D87: =Insumos!E142 -> 0 | E87: =Insumos!E141 -> 0
A88: Total | C88: =SUM(C84:C87) -> 0 | D88: =SUM(D84:D87) -> 0 | E88: =SUM(E84:E87) -> 0
A90: MÓDULO 6: CUSTOS INDIRETOS, TRIBUTOS E LUCRO
A91: 6 - Custos Indiretos, Tributos e Lucro | B91: Percentuais | C91: Valor (R$) | D91: Valor (R$) | E91: Valor (R$)
A92: A - Custos Indiretos | B92: 0.03 | C92: =($C$20+$C$50+$C$71+$C$80+$C$88)*$B$92 -> 0 | D92: =($D$20+$D$50+$D$71+$D$80+$D$88)*B92 -> 0 | E92: =($E$20+$E$50+$E$71+$E$80+$E$88)*B92 -> 0
A93: B - Lucro | B93: ='M. Cal'!J10 -> 0.0679 | C93: =($C$20+$C$50+$C$71+$C$80+$C$88)*B93 -> 0 | D93: =($D$20+$D$50+$D$71+$D$80+$D$88)*B93 -> 0 | E93: =($E$20+$E$50+$E$71+$E$80+$E$88)*B93 -> 0
A94: C - Tributos (Utilizar os percentuais de acordo com o regime tributário a que estiver sujeito) | B94: =SUM(B95:B98) -> 0.0925 | C94: =($C$20+$C$50+$C$71+$C$80+$C$88)*B94 -> 0 | D94: =($D$20+$D$50+$D$71+$D$80+$D$88)*B94 -> 0 | E94: =($E$20+$E$50+$E$71+$E$80+$E$88)*B94 -> 0
A95: C.1 - Tributos Federais (PIS e COFINS) | B95: =0.0165+0.076 -> 0.0925 | C95: =($C$20+$C$50+$C$71+$C$80+$C$88)*B95 -> 0 | D95: =($D$20+$D$50+$D$71+$D$80+$D$88)*B95 -> 0 | E95: =($E$20+$E$50+$E$71+$E$80+$E$88)*B95 -> 0
A96: C.2 - Tributos Estaduais (especificar) | C96: =($C$20+$C$50+$C$71+$C$80+$C$88)*B96 -> 0 | D96: =($D$20+$D$50+$D$71+$D$80+$D$88)*B96 -> 0 | E96: =($E$20+$E$50+$E$71+$E$80+$E$88)*B96 -> 0
A97: C.3 - Tributos Municipais (especificar) | B97: ='M. Cal'!L3 -> 0 | C97: =($C$20+$C$50+$C$71+$C$80+$C$88)*B97 -> 0 | D97: =($D$20+$D$50+$D$71+$D$80+$D$88)*B97 -> 0 | E97: =($E$20+$E$50+$E$71+$E$80+$E$88)*B97 -> 0
A98: C.4 - Outros Tributos (especificar)
A99: Total | C99: =SUM(C92:C94) -> 0 | D99: =SUM(D92:D94) -> 0 | E99: =SUM(E92:E94) -> 0
A102: QUADRO RESUMO DO CUSTO POR EMPREGADO | C102: Servente 20% | D102: Servente 40% | E102: COVID
A103: Mão de obra vinculada à execução contratual (valor por empregado) | C103: Valor (R$) | D103: Valor (R$) | E103: Valor (R$)
A104: A - Módulo 1 - Composição da Remuneração | C104: =C20 -> 0 | D104: =D20 -> 0 | E104: =E20 -> 0
A105: B - Módulo 2 - Encargos e Benefícios Anuais, Mensais e Diários | C105: =C50 -> 0 | D105: =D50 -> 0 | E105: =E50 -> 0
A106: C - Módulo 3 - Provisão para Rescisão | C106: =C71 -> 0 | D106: =D71 -> 0 | E106: =E71 -> 0
A107: D - Módulo 4 - Custos de Reposição do Profissional Ausente | C107: =C80 -> 0 | D107: =D80 -> 0 | E107: =E80 -> 0
A108: E - Módulo 5 - Insumos Diversos | C108: =C88 -> 0 | D108: =D88 -> 0 | E108: =E88 -> 0
A109: Subtotal (A + B + C + D + E) | C109: =SUM(C104:C108) -> 0 | D109: =SUM(D104:D108) -> 0 | E109: =SUM(E104:E108) -> 0
...

Sheet Canela 40h
A1: ANEXO III
A2: MODELO DE PROPOSTA E PLANILHA DE CUSTOS E FORMAÇÃO DE PREÇOS
C4: 44h | D4: 40h | E4: 30h
B5: Salário Normativo da Categoria: | C5: ='M. Cal'!C4 -> 0 | D5: ='M. Cal'!D4 -> 0 | E5: ='M. Cal'!E4 -> 0
B6: Data base da Categoria: | C6: ='M. Cal'!$D$1 -> 44197 | D6: ='M. Cal'!$D$1 -> 44197 | E6: ='M. Cal'!$D$1 -> 44197
B7: Convenção Coletiva: | C7: ='M. Cal'!$C$1 -> 0 | D7: ='M. Cal'!$C$1 -> 0 | E7: ='M. Cal'!$C$1 -> 0
B8: CBO/MTE: | C8: 5143-20 | D8: 5143-20 | E8: 5143-20
A10: CUSTOS | B10: Percentuais e Valores de Referência | C10: Servente 20% | D10: Servente 40% | E10: Servente COVID
A11: MÓDULO 1: COMPOSIÇÃO DA REMUNERAÇÃO
A12: 1 - Composição da Remuneração | B12: Percentuais | C12: Valor (R$) | D12: Valor (R$) | E12: Valor (R$)
A13: A – Salário Base 40 horas | C13: =D5 -> 0 | D13: =D5 -> 0 | E13: =E5 -> 0
A14: B - Adicional de Insalubridade (20) | B14: 0.2 | C14: =C13*B14 -> 0 | E14: =E13*B14 -> 0
A15: C - Adicional de Insalubridade (40) | B15: 0.4 | D15: =D13*B15 -> 0
A16: D - Adicional Noturno
A17: E - Adicional de Hora Noturna Reduzida
A18: F - Adicional de Hora Extra no Feriado Trabalhado
A19: E - Outros (especificar)
A20: Total | C20: =SUM(C13:C19) -> 0 | D20: =SUM(D13:D19) -> 0 | E20: =SUM(E13:E19) -> 0
A22: MÓDULO 2: ENCARGOS E BENEFÍCIOS ANUAIS, MENSAIS E DIÁRIOS
A23: 2.1 - 13º Salário, Férias e Adicional de Férias | B23: Percentuais | C23: Valor (R$) | D23: Valor (R$) | E23: Valor (R$)
A24: A - 13º salário | B24: 0.0833 | C24: =ROUND($B24*C$20,2) -> 0 | D24: =ROUND($B24*D$20,2) -> 0 | E24: =ROUND($B24*E$20,2) -> 0
A25: B - Férias | B25: 0
A26: C - Adicional de Férias | B26: 0.0278 | C26: =C20*B26 -> 0 | D26: =D20*B26 -> 0 | E26: =E20*B26 -> 0
A27: Total | B27: =SUM(B24:B26) -> 0.1111 | C27: =SUM(C24:C25) -> 0 | D27: =SUM(D24:D25) -> 0 | E27: =SUM(E24:E25) -> 0
A28: 2.2 - Encargos Previdenciários e FGTS | B28: Percentuais | C28: Valor (R$) | D28: Valor (R$) | E28: Valor (R$)
A29: 2.2.1 - GPS
A30: A - INSS | B30: 0.2 | C30: =ROUND(($C$20+$C$27)*B30,2) -> 0 | D30: =ROUND(($D$20+$D$27)*B30,2) -> 0 | E30: =ROUND(($E$20+$E$27)*B30,2) -> 0
A31: B - Salário Educação | B31: 0.025 | C31: =ROUND(($C$20+$C$27)*B31,2) -> 0 | D31: =ROUND(($D$20+$D$27)*B31,2) -> 0 | E31: =ROUND(($E$20+$E$27)*B31,2) -> 0
A32: C - SAT | B32: 0.0225 | C32: =ROUND(($C$20+$C$27)*B32,2) -> 0 | D32: =ROUND(($D$20+$D$27)*B32,2) -> 0 | E32: =ROUND(($E$20+$E$27)*B32,2) -> 0
A33: D - SESI ou SESC | B33: 0.015 | C33: =ROUND(($C$20+$C$27)*B33,2) -> 0 | D33: =ROUND(($D$20+$D$27)*B33,2) -> 0 | E33: =ROUND(($E$20+$E$27)*B33,2) -> 0
A34: E - SENAI ou SENAC | B34: 0.01 | C34: =ROUND(($C$20+$C$27)*B34,2) -> 0 | D34: =ROUND(($D$20+$D$27)*B34,2) -> 0 | E34: =ROUND(($E$20+$E$27)*B34,2) -> 0
A35: F - SEBRAE | B35: 0.006 | C35: =ROUND(($C$20+$C$27)*B35,2) -> 0 | D35: =ROUND(($D$20+$D$27)*B35,2) -> 0 | E35: =ROUND(($E$20+$E$27)*B35,2) -> 0
A36: G - INCRA | B36: 0.002 | C36: =ROUND(($C$20+$C$27)*B36,2) -> 0 | D36: =ROUND(($D$20+$D$27)*B36,2) -> 0 | E36: =ROUND(($E$20+$E$27)*B36,2) -> 0
A37: 2.2.2 - FGTS
A38: F - FGTS | B38: 0.08 | C38: =ROUND(($C$20+$C$27)*B38,2) -> 0 | D38: =ROUND(($D$20+$D$27)*B38,2) -> 0 | E38: =ROUND(($E$20+$E$27)*B38,2) -> 0
A39: Total | B39: =SUM(B29:B38) -> 0.3605 | C39: =SUM(C29:C38) -> 0 | D39: =SUM(D29:D38) -> 0 | E39: =SUM(E29:E38) -> 0
A40: 2.3 - Benefícios Mensais e Diários | B40: Valores | C40: Valor (R$) | D40: Valor (R$) | E40: Valor (R$)
A41: A - Transporte | B41: ='M. Cal'!M4 -> 0 | C41: =ROUND(((2*22*$B$41)-0.06*$D$5),2) -> 0 | D41: =ROUND(((2*22*$B$41)-0.06*$D$5),2) -> 0 | E41: =ROUND(((2*22*$B$41)-0.06*$E$5),2) -> 0
A42: B - Auxílio-Refeição/Alimentação ( COM DESCONTO DE 19% - CCT RS) | B42: 18.2 | C42: ='M. Cal'!E7 -> 0 | D42: ='M. Cal'!E7 -> 0 | E42: ='M. Cal'!E7 -> 0
A43: C - Outros (especificar)
A44: D - Outros (especificar)
A45: Total | C45: =SUM(C41:C44) -> 0 | D45: =SUM(D41:D44) -> 0 | E45: =SUM(E41:E44) -> 0
A46: 2 - ENCARGOS E BENEFÍCIOS ANUAIS, MENSAIS E DIÁRIOS | B46: Percentuais | C46: Valor (R$) | D46: Valor (R$) | E46: Valor (R$)
A47: 2.1 - 13º Salário, Férias e Adicional de Férias | B47: =B27 -> 0.1111 | C47: =C27 -> 0 | D47: =D27 -> 0 | E47: =E27 -> 0
A48: 2.2 - GPS, FGTS e outras contribuições | B48: =B39 -> 0.3605 | C48: =C39 -> 0 | D48: =D39 -> 0 | E48: =E39 -> 0
A49: 2.3 - Benefícios Mensais e Diários | B49: R$ | C49: =C45 -> 0 | D49: =D45 -> 0 | E49: =E45 -> 0
A50: Total | C50: =SUM(C47:C49) -> 0 | D50: =SUM(D47:D49) -> 0 | E50: =SUM(E47:E49) -> 0
A52: MÓDULO 3: PROVISÃO PARA RESCISÃO
A53: 3 - Provisão para Rescisão | B53: Percentuais | C53: Valor (R$) | D53: Valor (R$) | E53: Valor (R$)
A54: 3.1 - Aviso Prévio Indenizado
A55: A - Aviso Prévio Indenizado | B55: =1/12*'M. Cal'!C12 -> 0.028225 | C55: =(C20+C27+C38+C45)*$B55 -> 0 | D55: =(D20+D27+D38+D45)*$B55 -> 0 | E55: =(E20+E27+E38+E45)*$B55 -> 0
A56: B - Multa do FGTS sobre Aviso Prévio Indenizado | B56: =0.4*'M. Cal'!C12 -> 0.13548 | C56: =C38*$B56 -> 0 | D56: =D38*$B56 -> 0 | E56: =E38*$B56 -> 0
A57: Total | C57: =SUM(C55:C56) -> 0 | D57: =SUM(D55:D56) -> 0 | E57: =SUM(E55:E56) -> 0
A58: 3.2 - Aviso Prévio Trabalhado | B58: Percentuais | C58: Valor (R$) | D58: Valor (R$) | E58: Valor (R$)
A59: A - Aviso Prévio Trabalhado | B59: =1/12*'M. Cal'!C13 -> 0.028225 | C59: =(C20+C50)*$B59 -> 0 | D59: =(D20+D50)*$B59 -> 0 | E59: =(E20+E50)*$B59 -> 0
A60: B - Multa do FGTS sobre Aviso Prévio Trabalhado | B60: =0.4*'M. Cal'!C13 -> 0.13548 | C60: =C38*$B60 -> 0 | D60: =D38*$B60 -> 0 | E60: =E38*$B60 -> 0
A61: Total | C61: =SUM(C59:C60) -> 0 | D61: =SUM(D59:D60) -> 0 | E61: =SUM(E59:E60) -> 0
A62: 3.3 - Demissão por Justa Causa | B62: Percentuais | C62: Valor (R$) | D62: Valor (R$) | E62: Valor (R$)
A63: A - Valor Provisionado do 13º Salário | B63: ='M. Cal'!C14 -> 0.0277 | C63: =(C24*B63)*-1 -> 0 | D63: =(D24*B63)*-1 -> 0 | E63: =(E24*B63)*-1 -> 0
A64: B - Valor Provisionado de Férias | B64: ='M. Cal'!C14 -> 0.0277 | C64: =(C25*B64)*-1 -> 0 | D64: =(D25*B64)*-1 -> 0 | E64: =(E25*B64)*-1 -> 0
A65: C - Valor Provisionado do Adicional de Férias | B65: ='M. Cal'!C14 -> 0.0277 | C65: =(C26*B65)*-1 -> 0 | D65: =(D26*B65)*-1 -> 0 | E65: =(E26*B65)*-1 -> 0
A66: Total | C66: =SUM(C63:C65) -> 0 | D66: =SUM(D63:D65) -> 0 | E66: =SUM(E63:E65) -> 0
A67: 3 - Provisão para Rescisão | B67: Percentuais | C67: Valor (R$) | D67: Valor (R$) | E67: Valor (R$)
A68: A - Aviso Prévio Indenizado | B68: ='M. Cal'!C12 -> 0.3387 | C68: =C57 -> 0 | D68: =D57 -> 0 | E68: =E57 -> 0
A69: B - Aviso Prévio Trabalhado | B69: ='M. Cal'!C13 -> 0.3387 | C69: =C61 -> 0 | D69: =D61 -> 0 | E69: =E61 -> 0
A70: C - Demissão por Justa Causa | B70: ='M. Cal'!C14 -> 0.0277 | C70: =C66 -> 0 | D70: =D66 -> 0 | E70: =E66 -> 0
A71: Total | C71: =SUM(C68:C70) -> 0 | D71: =SUM(D68:D70) -> 0 | E71: =SUM(E68:E70) -> 0
A73: MÓDULO 4: CUSTO DE REPOSIÇÃO DO PROFISSIONAL AUSENTE
A74: 4.1 - Ausências Legais
A75: A - Férias | C75: =((($C$20+$C$50+$C$71)/30)*'M. Cal'!F47)/12 -> 0 | D75: =((($D$20+$D$50+$D$71)/30)*'M. Cal'!F47)/12 -> 0 | E75: =((($E$20+$E$50+$E$71)/30)*'M. Cal'!F47)/12 -> 0
A76: B – Ausências Legais | C76: =(SUM('M. Cal'!$F$48,'M. Cal'!$F$50:$F$56,'M. Cal'!$F$58)*(C20+C50+C71)/30)/12 -> 0 | D76: =(SUM('M. Cal'!$F$48,'M. Cal'!$F$50:$F$56,'M. Cal'!$F$58)*(D20+D50+D71)/30)/12 -> 0 | E76: =(SUM('M. Cal'!$F$48,'M. Cal'!$F$50:$F$56,'M. Cal'!$F$58)*(E20+E50+E71)/30)/12 -> 0
A77: C - Licença-Maternidade | C77: =((($C$20+$C$50+$C$71)/30)*'M. Cal'!F57)/12 -> 0 | D77: =((($D$20+$D$50+$D$71)/30)*'M. Cal'!F57)/12 -> 0 | E77: =((($E$20+$E$50+$E$71)/30)*'M. Cal'!F57)/12 -> 0
A78: D - Ausências por acidente de trabalho | C78: =((($C$20+$C$50+$C$71)/30)*'M. Cal'!F49)/12 -> 0 | D78: =((($C$20+$C$50+$C$71)/30)*'M. Cal'!F49)/12 -> 0 | E78: =((($C$20+$C$50+$C$71)/30)*'M. Cal'!F49)/12 -> 0
A79: E - Outros
A80: Subtotal | B80: =SUM(B75:B79) -> 0 | C80: =SUM(C75:C79) -> 0 | D80: =SUM(D75:D79) -> 0 | E80: =SUM(E75:E79) -> 0
A82: MÓDULO 5: INSUMOS DE MÃO DE OBRA
A83: 5 - Insumos Diversos | B83: Valores | C83: Valor (R$) | D83: Valor (R$) | E83: Valor (R$)
A84: A - Uniformes | B84: =Insumos!E123 -> 0 | C84: =B84 -> 0 | D84: =B84 -> 0 | E84: =B84 -> 0
A85: B - Materiais e utensílios | C85: =Insumos!E58 -> 0 | D85: =Insumos!E58 -> 0 | E85: =Insumos!E69 -> 0
A86: C - Equipamentos | B86: =Insumos!E105 -> 0 | C86: =B86 -> 0 | D86: =B86 -> 0 | E86: 0
A87: D - EPIs | C87: =Insumos!E142 -> 0 | D87: =Insumos!E142 -> 0 | E87: =Insumos!E141 -> 0
A88: Total | C88: =SUM(C84:C87) -> 0 | D88: =SUM(D84:D87) -> 0 | E88: =SUM(E84:E87) -> 0
A90: MÓDULO 6: CUSTOS INDIRETOS, TRIBUTOS E LUCRO
A91: 6 - Custos Indiretos, Tributos e Lucro | B91: Percentuais | C91: Valor (R$) | D91: Valor (R$) | E91: Valor (R$)
A92: A - Custos Indiretos | B92: 0.03 | C92: =($C$20+$C$50+$C$71+$C$80+$C$88)*$B$92 -> 0 | D92: =($D$20+$D$50+$D$71+$D$80+$D$88)*B92 -> 0 | E92: =($E$20+$E$50+$E$71+$E$80+$E$88)*B92 -> 0
A93: B - Lucro | B93: ='M. Cal'!J10 -> 0.0679 | C93: =($C$20+$C$50+$C$71+$C$80+$C$88)*B93 -> 0 | D93: =($D$20+$D$50+$D$71+$D$80+$D$88)*B93 -> 0 | E93: =($E$20+$E$50+$E$71+$E$80+$E$88)*B93 -> 0
A94: C - Tributos (Utilizar os percentuais de acordo com o regime tributário a que estiver sujeito) | B94: =SUM(B95:B98) -> 0.0925 | C94: =($C$20+$C$50+$C$71+$C$80+$C$88)*B94 -> 0 | D94: =($D$20+$D$50+$D$71+$D$80+$D$88)*B94 -> 0 | E94: =($E$20+$E$50+$E$71+$E$80+$E$88)*B94 -> 0
A95: C.1 - Tributos Federais (PIS e COFINS) | B95: =0.0165+0.076 -> 0.0925 | C95: =($C$20+$C$50+$C$71+$C$80+$C$88)*B95 -> 0 | D95: =($D$20+$D$50+$D$71+$D$80+$D$88)*B95 -> 0 | E95: =($E$20+$E$50+$E$71+$E$80+$E$88)*B95 -> 0
A96: C.2 - Tributos Estaduais (especificar) | C96: =($C$20+$C$50+$C$71+$C$80+$C$88)*B96 -> 0 | D96: =($D$20+$D$50+$D$71+$D$80+$D$88)*B96 -> 0 | E96: =($E$20+$E$50+$E$71+$E$80+$E$88)*B96 -> 0
A97: C.3 - Tributos Municipais (especificar) | B97: ='M. Cal'!L4 -> 0 | C97: =($C$20+$C$50+$C$71+$C$80+$C$88)*B97 -> 0 | D97: =($D$20+$D$50+$D$71+$D$80+$D$88)*B97 -> 0 | E97: =($E$20+$E$50+$E$71+$E$80+$E$88)*B97 -> 0
A98: C.4 - Outros Tributos (especificar)
A99: Total | C99: =SUM(C92:C94) -> 0 | D99: =SUM(D92:D94) -> 0 | E99: =SUM(E92:E94) -> 0
A102: QUADRO RESUMO DO CUSTO POR EMPREGADO | C102: Servente 20% | D102: Servente 40% | E102: COVID
A103: Mão de obra vinculada à execução contratual (valor por empregado) | C103: Valor (R$) | D103: Valor (R$) | E103: Valor (R$)
A104: A - Módulo 1 - Composição da Remuneração | C104: =C20 -> 0 | D104: =D20 -> 0 | E104: =E20 -> 0
A105: B - Módulo 2 - Encargos e Benefícios Anuais, Mensais e Diários | C105: =C50 -> 0 | D105: =D50 -> 0 | E105: =E50 -> 0
A106: C - Módulo 3 - Provisão para Rescisão | C106: =C71 -> 0 | D106: =D71 -> 0 | E106: =E71 -> 0
A107: D - Módulo 4 - Custos de Reposição do Profissional Ausente | C107: =C80 -> 0 | D107: =D80 -> 0 | E107: =E80 -> 0
A108: E - Módulo 5 - Insumos Diversos | C108: =C88 -> 0 | D108: =D88 -> 0 | E108: =E88 -> 0
A109: Subtotal (A + B + C + D + E) | C109: =SUM(C104:C108) -> 0 | D109: =SUM(D104:D108) -> 0 | E109: =SUM(E104:E108) -> 0
...

Sheet Farroup 40h
A1: ANEXO III
A2: MODELO DE PROPOSTA E PLANILHA DE CUSTOS E FORMAÇÃO DE PREÇOS
C4: 44h | D4: 40h | E4: 30h
B5: Salário Normativo da Categoria: | C5: ='M. Cal'!C4 -> 0 | D5: ='M. Cal'!D4 -> 0 | E5: ='M. Cal'!E4 -> 0
B6: Data base da Categoria: | C6: ='M. Cal'!$D$1 -> 44197 | D6: ='M. Cal'!$D$1 -> 44197 | E6: ='M. Cal'!$D$1 -> 44197
B7: Convenção Coletiva: | C7: ='M. Cal'!$C$1 -> 0 | D7: ='M. Cal'!$C$1 -> 0 | E7: ='M. Cal'!$C$1 -> 0
B8: CBO/MTE: | C8: 5143-20 | D8: 5143-20 | E8: 5143-20
A10: CUSTOS | B10: Percentuais e Valores de Referência | C10: Servente 20% | D10: Servente 40% | E10: Servente COVID
A11: MÓDULO 1: COMPOSIÇÃO DA REMUNERAÇÃO
A12: 1 - Composição da Remuneração | B12: Percentuais | C12: Valor (R$) | D12: Valor (R$) | E12: Valor (R$)
A13: A – Salário Base 40 horas | C13: =D5 -> 0 | D13: =D5 -> 0 | E13: =E5 -> 0
A14: B - Adicional de Insalubridade (20) | B14: 0.2 | C14: =C13*B14 -> 0 | E14: =E13*B14 -> 0
A15: C - Adicional de Insalubridade (40) | B15: 0.4 | D15: =D13*B15 -> 0
A16: D - Adicional Noturno
A17: E - Adicional de Hora Noturna Reduzida
A18: F - Adicional de Hora Extra no Feriado Trabalhado
A19: E - Outros (especificar)
A20: Total | C20: =SUM(C13:C19) -> 0 | D20: =SUM(D13:D19) -> 0 | E20: =SUM(E13:E19) -> 0
A22: MÓDULO 2: ENCARGOS E BENEFÍCIOS ANUAIS, MENSAIS E DIÁRIOS
A23: 2.1 - 13º Salário, Férias e Adicional de Férias | B23: Percentuais | C23: Valor (R$) | D23: Valor (R$) | E23: Valor (R$)
A24: A - 13º salário | B24: 0.0833 | C24: =ROUND($B24*C$20,2) -> 0 | D24: =ROUND($B24*D$20,2) -> 0 | E24: =ROUND($B24*E$20,2) -> 0
A25: B - Férias | B25: 0
A26: C - Adicional de Férias | B26: 0.0278 | C26: =C20*B26 -> 0 | D26: =D20*B26 -> 0 | E26: =E20*B26 -> 0
A27: Total | B27: =SUM(B24:B26) -> 0.1111 | C27: =SUM(C24:C25) -> 0 | D27: =SUM(D24:D25) -> 0 | E27: =SUM(E24:E25) -> 0
A28: 2.2 - Encargos Previdenciários e FGTS | B28: Percentuais | C28: Valor (R$) | D28: Valor (R$) | E28: Valor (R$)
A29: 2.2.1 - GPS
A30: A - INSS | B30: 0.2 | C30: =ROUND(($C$20+$C$27)*B30,2) -> 0 | D30: =ROUND(($D$20+$D$27)*B30,2) -> 0 | E30: =ROUND(($E$20+$E$27)*B30,2) -> 0
A31: B - Salário Educação | B31: 0.025 | C31: =ROUND(($C$20+$C$27)*B31,2) -> 0 | D31: =ROUND(($D$20+$D$27)*B31,2) -> 0 | E31: =ROUND(($E$20+$E$27)*B31,2) -> 0
A32: C - SAT | B32: 0.0225 | C32: =ROUND(($C$20+$C$27)*B32,2) -> 0 | D32: =ROUND(($D$20+$D$27)*B32,2) -> 0 | E32: =ROUND(($E$20+$E$27)*B32,2) -> 0
A33: D - SESI ou SESC | B33: 0.015 | C33: =ROUND(($C$20+$C$27)*B33,2) -> 0 | D33: =ROUND(($D$20+$D$27)*B33,2) -> 0 | E33: =ROUND(($E$20+$E$27)*B33,2) -> 0
A34: E - SENAI ou SENAC | B34: 0.01 | C34: =ROUND(($C$20+$C$27)*B34,2) -> 0 | D34: =ROUND(($D$20+$D$27)*B34,2) -> 0 | E34: =ROUND(($E$20+$E$27)*B34,2) -> 0
A35: F - SEBRAE | B35: 0.006 | C35: =ROUND(($C$20+$C$27)*B35,2) -> 0 | D35: =ROUND(($D$20+$D$27)*B35,2) -> 0 | E35: =ROUND(($E$20+$E$27)*B35,2) -> 0
A36: G - INCRA | B36: 0.002 | C36: =ROUND(($C$20+$C$27)*B36,2) -> 0 | D36: =ROUND(($D$20+$D$27)*B36,2) -> 0 | E36: =ROUND(($E$20+$E$27)*B36,2) -> 0
A37: 2.2.2 - FGTS
A38: F - FGTS | B38: 0.08 | C38: =ROUND(($C$20+$C$27)*B38,2) -> 0 | D38: =ROUND(($D$20+$D$27)*B38,2) -> 0 | E38: =ROUND(($E$20+$E$27)*B38,2) -> 0
A39: Total | B39: =SUM(B29:B38) -> 0.3605 | C39: =SUM(C29:C38) -> 0 | D39: =SUM(D29:D38) -> 0 | E39: =SUM(E29:E38) -> 0
A40: 2.3 - Benefícios Mensais e Diários | B40: Valores | C40: Valor (R$) | D40: Valor (R$) | E40: Valor (R$)
A41: A - Transporte | B41: ='M. Cal'!M6 -> 0 | C41: =ROUND(((2*22*$B$41)-0.06*$D$5),2) -> 0 | D41: =ROUND(((2*22*$B$41)-0.06*$D$5),2) -> 0 | E41: =ROUND(((2*22*$B$41)-0.06*$E$5),2) -> 0
A42: B - Auxílio-Refeição/Alimentação ( COM DESCONTO DE 19% - CCT RS) | B42: 18.2 | C42: ='M. Cal'!E7 -> 0 | D42: ='M. Cal'!E7 -> 0 | E42: ='M. Cal'!E7 -> 0
A43: C - Outros (especificar)
A44: D - Outros (especificar)
A45: Total | C45: =SUM(C41:C44) -> 0 | D45: =SUM(D41:D44) -> 0 | E45: =SUM(E41:E44) -> 0
A46: 2 - ENCARGOS E BENEFÍCIOS ANUAIS, MENSAIS E DIÁRIOS | B46: Percentuais | C46: Valor (R$) | D46: Valor (R$) | E46: Valor (R$)
A47: 2.1 - 13º Salário, Férias e Adicional de Férias | B47: =B27 -> 0.1111 | C47: =C27 -> 0 | D47: =D27 -> 0 | E47: =E27 -> 0
A48: 2.2 - GPS, FGTS e outras contribuições | B48: =B39 -> 0.3605 | C48: =C39 -> 0 | D48: =D39 -> 0 | E48: =E39 -> 0
A49: 2.3 - Benefícios Mensais e Diários | B49: R$ | C49: =C45 -> 0 | D49: =D45 -> 0 | E49: =E45 -> 0
A50: Total | C50: =SUM(C47:C49) -> 0 | D50: =SUM(D47:D49) -> 0 | E50: =SUM(E47:E49) -> 0
A52: MÓDULO 3: PROVISÃO PARA RESCISÃO
A53: 3 - Provisão para Rescisão | B53: Percentuais | C53: Valor (R$) | D53: Valor (R$) | E53: Valor (R$)
A54: 3.1 - Aviso Prévio Indenizado
A55: A - Aviso Prévio Indenizado | B55: =1/12*'M. Cal'!C12 -> 0.028225 | C55: =(C20+C27+C38+C45)*$B55 -> 0 | D55: =(D20+D27+D38+D45)*$B55 -> 0 | E55: =(E20+E27+E38+E45)*$B55 -> 0
A56: B - Multa do FGTS sobre Aviso Prévio Indenizado | B56: =0.4*'M. Cal'!C12 -> 0.13548 | C56: =C38*$B56 -> 0 | D56: =D38*$B56 -> 0 | E56: =E38*$B56 -> 0
A57: Total | C57: =SUM(C55:C56) -> 0 | D57: =SUM(D55:D56) -> 0 | E57: =SUM(E55:E56) -> 0
A58: 3.2 - Aviso Prévio Trabalhado | B58: Percentuais | C58: Valor (R$) | D58: Valor (R$) | E58: Valor (R$)
A59: A - Aviso Prévio Trabalhado | B59: =1/12*'M. Cal'!C13 -> 0.028225 | C59: =(C20+C50)*$B59 -> 0 | D59: =(D20+D50)*$B59 -> 0 | E59: =(E20+E50)*$B59 -> 0
A60: B - Multa do FGTS sobre Aviso Prévio Trabalhado | B60: =0.4*'M. Cal'!C13 -> 0.13548 | C60: =C38*$B60 -> 0 | D60: =D38*$B60 -> 0 | E60: =E38*$B60 -> 0
A61: Total | C61: =SUM(C59:C60) -> 0 | D61: =SUM(D59:D60) -> 0 | E61: =SUM(E59:E60) -> 0
A62: 3.3 - Demissão por Justa Causa | B62: Percentuais | C62: Valor (R$) | D62: Valor (R$) | E62: Valor (R$)
A63: A - Valor Provisionado do 13º Salário | B63: ='M. Cal'!C14 -> 0.0277 | C63: =(C24*B63)*-1 -> 0 | D63: =(D24*B63)*-1 -> 0 | E63: =(E24*B63)*-1 -> 0
A64: B - Valor Provisionado de Férias | B64: ='M. Cal'!C14 -> 0.0277 | C64: =(C25*B64)*-1 -> 0 | D64: =(D25*B64)*-1 -> 0 | E64: =(E25*B64)*-1 -> 0
A65: C - Valor Provisionado do Adicional de Férias | B65: ='M. Cal'!C14 -> 0.0277 | C65: =(C26*B65)*-1 -> 0 | D65: =(D26*B65)*-1 -> 0 | E65: =(E26*B65)*-1 -> 0
A66: Total | C66: =SUM(C63:C65) -> 0 | D66: =SUM(D63:D65) -> 0 | E66: =SUM(E63:E65) -> 0
A67: 3 - Provisão para Rescisão | B67: Percentuais | C67: Valor (R$) | D67: Valor (R$) | E67: Valor (R$)
A68: A - Aviso Prévio Indenizado | B68: ='M. Cal'!C12 -> 0.3387 | C68: =C57 -> 0 | D68: =D57 -> 0 | E68: =E57 -> 0
A69: B - Aviso Prévio Trabalhado | B69: ='M. Cal'!C13 -> 0.3387 | C69: =C61 -> 0 | D69: =D61 -> 0 | E69: =E61 -> 0
A70: C - Demissão por Justa Causa | B70: ='M. Cal'!C14 -> 0.0277 | C70: =C66 -> 0 | D70: =D66 -> 0 | E70: =E66 -> 0
A71: Total | C71: =SUM(C68:C70) -> 0 | D71: =SUM(D68:D70) -> 0 | E71: =SUM(E68:E70) -> 0
A73: MÓDULO 4: CUSTO DE REPOSIÇÃO DO PROFISSIONAL AUSENTE
A74: 4.1 - Ausências Legais
A75: A - Férias | C75: =((($C$20+$C$50+$C$71)/30)*'M. Cal'!F47)/12 -> 0 | D75: =((($D$20+$D$50+$D$71)/30)*'M. Cal'!F47)/12 -> 0 | E75: =((($E$20+$E$50+$E$71)/30)*'M. Cal'!F47)/12 -> 0
A76: B – Ausências Legais | C76: =(SUM('M. Cal'!$F$48,'M. Cal'!$F$50:$F$56,'M. Cal'!$F$58)*(C20+C50+C71)/30)/12 -> 0 | D76: =(SUM('M. Cal'!$F$48,'M. Cal'!$F$50:$F$56,'M. Cal'!$F$58)*(D20+D50+D71)/30)/12 -> 0 | E76: =(SUM('M. Cal'!$F$48,'M. Cal'!$F$50:$F$56,'M. Cal'!$F$58)*(E20+E50+E71)/30)/12 -> 0
A77: C - Licença-Maternidade | C77: =((($C$20+$C$50+$C$71)/30)*'M. Cal'!F57)/12 -> 0 | D77: =((($D$20+$D$50+$D$71)/30)*'M. Cal'!F57)/12 -> 0 | E77: =((($E$20+$E$50+$E$71)/30)*'M. Cal'!F57)/12 -> 0
A78: D - Ausências por acidente de trabalho | C78: =((($C$20+$C$50+$C$71)/30)*'M. Cal'!F49)/12 -> 0 | D78: =((($C$20+$C$50+$C$71)/30)*'M. Cal'!F49)/12 -> 0 | E78: =((($C$20+$C$50+$C$71)/30)*'M. Cal'!F49)/12 -> 0
A79: E - Outros
A80: Subtotal | B80: =SUM(B75:B79) -> 0 | C80: =SUM(C75:C79) -> 0 | D80: =SUM(D75:D79) -> 0 | E80: =SUM(E75:E79) -> 0
A82: MÓDULO 5: INSUMOS DE MÃO DE OBRA
A83: 5 - Insumos Diversos | B83: Valores | C83: Valor (R$) | D83: Valor (R$) | E83: Valor (R$)
A84: A - Uniformes | B84: =Insumos!E123 -> 0 | C84: =B84 -> 0 | D84: =B84 -> 0 | E84: =B84 -> 0
A85: B - Materiais e utensílios | C85: =Insumos!E58 -> 0 | D85: =Insumos!E58 -> 0 | E85: =Insumos!E69 -> 0
A86: C - Equipamentos | B86: =Insumos!E105 -> 0 | C86: =B86 -> 0 | D86: =B86 -> 0 | E86: 0
A87: D - EPIs | C87: =Insumos!E142 -> 0 | D87: =Insumos!E142 -> 0 | E87: =Insumos!E141 -> 0
A88: Total | C88: =SUM(C84:C87) -> 0 | D88: =SUM(D84:D87) -> 0 | E88: =SUM(E84:E87) -> 0
A90: MÓDULO 6: CUSTOS INDIRETOS, TRIBUTOS E LUCRO
A91: 6 - Custos Indiretos, Tributos e Lucro | B91: Percentuais | C91: Valor (R$) | D91: Valor (R$) | E91: Valor (R$)
A92: A - Custos Indiretos | B92: 0.03 | C92: =($C$20+$C$50+$C$71+$C$80+$C$88)*$B$92 -> 0 | D92: =($D$20+$D$50+$D$71+$D$80+$D$88)*B92 -> 0 | E92: =($E$20+$E$50+$E$71+$E$80+$E$88)*B92 -> 0
A93: B - Lucro | B93: ='M. Cal'!J10 -> 0.0679 | C93: =($C$20+$C$50+$C$71+$C$80+$C$88)*B93 -> 0 | D93: =($D$20+$D$50+$D$71+$D$80+$D$88)*B93 -> 0 | E93: =($E$20+$E$50+$E$71+$E$80+$E$88)*B93 -> 0
A94: C - Tributos (Utilizar os percentuais de acordo com o regime tributário a que estiver sujeito) | B94: =SUM(B95:B98) -> 0.0925 | C94: =($C$20+$C$50+$C$71+$C$80+$C$88)*B94 -> 0 | D94: =($D$20+$D$50+$D$71+$D$80+$D$88)*B94 -> 0 | E94: =($E$20+$E$50+$E$71+$E$80+$E$88)*B94 -> 0
A95: C.1 - Tributos Federais (PIS e COFINS) | B95: =0.0165+0.076 -> 0.0925 | C95: =($C$20+$C$50+$C$71+$C$80+$C$88)*B95 -> 0 | D95: =($D$20+$D$50+$D$71+$D$80+$D$88)*B95 -> 0 | E95: =($E$20+$E$50+$E$71+$E$80+$E$88)*B95 -> 0
A96: C.2 - Tributos Estaduais (especificar) | C96: =($C$20+$C$50+$C$71+$C$80+$C$88)*B96 -> 0 | D96: =($D$20+$D$50+$D$71+$D$80+$D$88)*B96 -> 0 | E96: =($E$20+$E$50+$E$71+$E$80+$E$88)*B96 -> 0
A97: C.3 - Tributos Municipais (especificar) | B97: ='M. Cal'!L6 -> 0 | C97: =($C$20+$C$50+$C$71+$C$80+$C$88)*B97 -> 0 | D97: =($D$20+$D$50+$D$71+$D$80+$D$88)*B97 -> 0 | E97: =($E$20+$E$50+$E$71+$E$80+$E$88)*B97 -> 0
A98: C.4 - Outros Tributos (especificar)
A99: Total | C99: =SUM(C92:C94) -> 0 | D99: =SUM(D92:D94) -> 0 | E99: =SUM(E92:E94) -> 0
A102: QUADRO RESUMO DO CUSTO POR EMPREGADO | C102: Servente 20% | D102: Servente 40% | E102: COVID
A103: Mão de obra vinculada à execução contratual (valor por empregado) | C103: Valor (R$) | D103: Valor (R$) | E103: Valor (R$)
A104: A - Módulo 1 - Composição da Remuneração | C104: =C20 -> 0 | D104: =D20 -> 0 | E104: =E20 -> 0
A105: B - Módulo 2 - Encargos e Benefícios Anuais, Mensais e Diários | C105: =C50 -> 0 | D105: =D50 -> 0 | E105: =E50 -> 0
A106: C - Módulo 3 - Provisão para Rescisão | C106: =C71 -> 0 | D106: =D71 -> 0 | E106: =E71 -> 0
A107: D - Módulo 4 - Custos de Reposição do Profissional Ausente | C107: =C80 -> 0 | D107: =D80 -> 0 | E107: =E80 -> 0
A108: E - Módulo 5 - Insumos Diversos | C108: =C88 -> 0 | D108: =D88 -> 0 | E108: =E88 -> 0
A109: Subtotal (A + B + C + D + E) | C109: =SUM(C104:C108) -> 0 | D109: =SUM(D104:D108) -> 0 | E109: =SUM(E104:E108) -> 0
...

Sheet Garib 40h
A1: ANEXO III
A2: MODELO DE PROPOSTA E PLANILHA DE CUSTOS E FORMAÇÃO DE PREÇOS
C4: 44h | D4: 40h | E4: 30h
B5: Salário Normativo da Categoria: | C5: ='M. Cal'!C4 -> 0 | D5: ='M. Cal'!D4 -> 0 | E5: ='M. Cal'!E4 -> 0
B6: Data base da Categoria: | C6: ='M. Cal'!$D$1 -> 44197 | D6: ='M. Cal'!$D$1 -> 44197 | E6: ='M. Cal'!$D$1 -> 44197
B7: Convenção Coletiva: | C7: ='M. Cal'!$C$1 -> 0 | D7: ='M. Cal'!$C$1 -> 0 | E7: ='M. Cal'!$C$1 -> 0
B8: CBO/MTE: | C8: 5143-20 | D8: 5143-20 | E8: 5143-20
A10: CUSTOS | B10: Percentuais e Valores de Referência | C10: Servente 20% | D10: Servente 40% | E10: Servente COVID
A11: MÓDULO 1: COMPOSIÇÃO DA REMUNERAÇÃO
A12: 1 - Composição da Remuneração | B12: Percentuais | C12: Valor (R$) | D12: Valor (R$) | E12: Valor (R$)
A13: A – Salário Base 40 horas | C13: =D5 -> 0 | D13: =D5 -> 0 | E13: =E5 -> 0
A14: B - Adicional de Insalubridade (20) | B14: 0.2 | C14: =C13*B14 -> 0 | E14: =E13*B14 -> 0
A15: C - Adicional de Insalubridade (40) | B15: 0.4 | D15: =D13*B15 -> 0
A16: D - Adicional Noturno
A17: E - Adicional de Hora Noturna Reduzida
A18: F - Adicional de Hora Extra no Feriado Trabalhado
A19: E - Outros (especificar)
A20: Total | C20: =SUM(C13:C19) -> 0 | D20: =SUM(D13:D19) -> 0 | E20: =SUM(E13:E19) -> 0
A22: MÓDULO 2: ENCARGOS E BENEFÍCIOS ANUAIS, MENSAIS E DIÁRIOS
A23: 2.1 - 13º Salário, Férias e Adicional de Férias | B23: Percentuais | C23: Valor (R$) | D23: Valor (R$) | E23: Valor (R$)
A24: A - 13º salário | B24: 0.0833 | C24: =ROUND($B24*C$20,2) -> 0 | D24: =ROUND($B24*D$20,2) -> 0 | E24: =ROUND($B24*E$20,2) -> 0
A25: B - Férias | B25: 0
A26: C - Adicional de Férias | B26: 0.0278 | C26: =C20*B26 -> 0 | D26: =D20*B26 -> 0 | E26: =E20*B26 -> 0
A27: Total | B27: =SUM(B24:B26) -> 0.1111 | C27: =SUM(C24:C25) -> 0 | D27: =SUM(D24:D25) -> 0 | E27: =SUM(E24:E25) -> 0
A28: 2.2 - Encargos Previdenciários e FGTS | B28: Percentuais | C28: Valor (R$) | D28: Valor (R$) | E28: Valor (R$)
A29: 2.2.1 - GPS
A30: A - INSS | B30: 0.2 | C30: =ROUND(($C$20+$C$27)*B30,2) -> 0 | D30: =ROUND(($D$20+$D$27)*B30,2) -> 0 | E30: =ROUND(($E$20+$E$27)*B30,2) -> 0
A31: B - Salário Educação | B31: 0.025 | C31: =ROUND(($C$20+$C$27)*B31,2) -> 0 | D31: =ROUND(($D$20+$D$27)*B31,2) -> 0 | E31: =ROUND(($E$20+$E$27)*B31,2) -> 0
A32: C - SAT | B32: 0.0225 | C32: =ROUND(($C$20+$C$27)*B32,2) -> 0 | D32: =ROUND(($D$20+$D$27)*B32,2) -> 0 | E32: =ROUND(($E$20+$E$27)*B32,2) -> 0
A33: D - SESI ou SESC | B33: 0.015 | C33: =ROUND(($C$20+$C$27)*B33,2) -> 0 | D33: =ROUND(($D$20+$D$27)*B33,2) -> 0 | E33: =ROUND(($E$20+$E$27)*B33,2) -> 0
A34: E - SENAI ou SENAC | B34: 0.01 | C34: =ROUND(($C$20+$C$27)*B34,2) -> 0 | D34: =ROUND(($D$20+$D$27)*B34,2) -> 0 | E34: =ROUND(($E$20+$E$27)*B34,2) -> 0
A35: F - SEBRAE | B35: 0.006 | C35: =ROUND(($C$20+$C$27)*B35,2) -> 0 | D35: =ROUND(($D$20+$D$27)*B35,2) -> 0 | E35: =ROUND(($E$20+$E$27)*B35,2) -> 0
A36: G - INCRA | B36: 0.002 | C36: =ROUND(($C$20+$C$27)*B36,2) -> 0 | D36: =ROUND(($D$20+$D$27)*B36,2) -> 0 | E36: =ROUND(($E$20+$E$27)*B36,2) -> 0
A37: 2.2.2 - FGTS
A38: F - FGTS | B38: 0.08 | C38: =ROUND(($C$20+$C$27)*B38,2) -> 0 | D38: =ROUND(($D$20+$D$27)*B38,2) -> 0 | E38: =ROUND(($E$20+$E$27)*B38,2) -> 0
A39: Total | B39: =SUM(B29:B38) -> 0.3605 | C39: =SUM(C29:C38) -> 0 | D39: =SUM(D29:D38) -> 0 | E39: =SUM(E29:E38) -> 0
A40: 2.3 - Benefícios Mensais e Diários | B40: Valores | C40: Valor (R$) | D40: Valor (R$) | E40: Valor (R$)
A41: A - Transporte | B41: ='M. Cal'!M7 -> 0 | C41: =ROUND(((2*22*$B$41)-0.06*$D$5),2) -> 0 | D41: =ROUND(((2*22*$B$41)-0.06*$D$5),2) -> 0 | E41: =ROUND(((2*22*$B$41)-0.06*$E$5),2) -> 0
A42: B - Auxílio-Refeição/Alimentação ( COM DESCONTO DE 19% - CCT RS) | B42: 18.2 | C42: ='M. Cal'!E7 -> 0 | D42: ='M. Cal'!E7 -> 0 | E42: ='M. Cal'!E7 -> 0
A43: C - Outros (especificar)
A44: D - Outros (especificar)
A45: Total | C45: =SUM(C41:C44) -> 0 | D45: =SUM(D41:D44) -> 0 | E45: =SUM(E41:E44) -> 0
A46: 2 - ENCARGOS E BENEFÍCIOS ANUAIS, MENSAIS E DIÁRIOS | B46: Percentuais | C46: Valor (R$) | D46: Valor (R$) | E46: Valor (R$)
A47: 2.1 - 13º Salário, Férias e Adicional de Férias | B47: =B27 -> 0.1111 | C47: =C27 -> 0 | D47: =D27 -> 0 | E47: =E27 -> 0
A48: 2.2 - GPS, FGTS e outras contribuições | B48: =B39 -> 0.3605 | C48: =C39 -> 0 | D48: =D39 -> 0 | E48: =E39 -> 0
A49: 2.3 - Benefícios Mensais e Diários | B49: R$ | C49: =C45 -> 0 | D49: =D45 -> 0 | E49: =E45 -> 0
A50: Total | C50: =SUM(C47:C49) -> 0 | D50: =SUM(D47:D49) -> 0 | E50: =SUM(E47:E49) -> 0
A52: MÓDULO 3: PROVISÃO PARA RESCISÃO
A53: 3 - Provisão para Rescisão | B53: Percentuais | C53: Valor (R$) | D53: Valor (R$) | E53: Valor (R$)
A54: 3.1 - Aviso Prévio Indenizado
A55: A - Aviso Prévio Indenizado | B55: =1/12*'M. Cal'!C12 -> 0.028225 | C55: =(C20+C27+C38+C45)*$B55 -> 0 | D55: =(D20+D27+D38+D45)*$B55 -> 0 | E55: =(E20+E27+E38+E45)*$B55 -> 0
A56: B - Multa do FGTS sobre Aviso Prévio Indenizado | B56: =0.4*'M. Cal'!C12 -> 0.13548 | C56: =C38*$B56 -> 0 | D56: =D38*$B56 -> 0 | E56: =E38*$B56 -> 0
A57: Total | C57: =SUM(C55:C56) -> 0 | D57: =SUM(D55:D56) -> 0 | E57: =SUM(E55:E56) -> 0
A58: 3.2 - Aviso Prévio Trabalhado | B58: Percentuais | C58: Valor (R$) | D58: Valor (R$) | E58: Valor (R$)
A59: A - Aviso Prévio Trabalhado | B59: =1/12*'M. Cal'!C13 -> 0.028225 | C59: =(C20+C50)*$B59 -> 0 | D59: =(D20+D50)*$B59 -> 0 | E59: =(E20+E50)*$B59 -> 0
A60: B - Multa do FGTS sobre Aviso Prévio Trabalhado | B60: =0.4*'M. Cal'!C13 -> 0.13548 | C60: =C38*$B60 -> 0 | D60: =D38*$B60 -> 0 | E60: =E38*$B60 -> 0
A61: Total | C61: =SUM(C59:C60) -> 0 | D61: =SUM(D59:D60) -> 0 | E61: =SUM(E59:E60) -> 0
A62: 3.3 - Demissão por Justa Causa | B62: Percentuais | C62: Valor (R$) | D62: Valor (R$) | E62: Valor (R$)
A63: A - Valor Provisionado do 13º Salário | B63: ='M. Cal'!C14 -> 0.0277 | C63: =(C24*B63)*-1 -> 0 | D63: =(D24*B63)*-1 -> 0 | E63: =(E24*B63)*-1 -> 0
A64: B - Valor Provisionado de Férias | B64: ='M. Cal'!C14 -> 0.0277 | C64: =(C25*B64)*-1 -> 0 | D64: =(D25*B64)*-1 -> 0 | E64: =(E25*B64)*-1 -> 0
A65: C - Valor Provisionado do Adicional de Férias | B65: ='M. Cal'!C14 -> 0.0277 | C65: =(C26*B65)*-1 -> 0 | D65: =(D26*B65)*-1 -> 0 | E65: =(E26*B65)*-1 -> 0
A66: Total | C66: =SUM(C63:C65) -> 0 | D66: =SUM(D63:D65) -> 0 | E66: =SUM(E63:E65) -> 0
A67: 3 - Provisão para Rescisão | B67: Percentuais | C67: Valor (R$) | D67: Valor (R$) | E67: Valor (R$)
A68: A - Aviso Prévio Indenizado | B68: ='M. Cal'!C12 -> 0.3387 | C68: =C57 -> 0 | D68: =D57 -> 0 | E68: =E57 -> 0
A69: B - Aviso Prévio Trabalhado | B69: ='M. Cal'!C13 -> 0.3387 | C69: =C61 -> 0 | D69: =D61 -> 0 | E69: =E61 -> 0
A70: C - Demissão por Justa Causa | B70: ='M. Cal'!C14 -> 0.0277 | C70: =C66 -> 0 | D70: =D66 -> 0 | E70: =E66 -> 0
A71: Total | C71: =SUM(C68:C70) -> 0 | D71: =SUM(D68:D70) -> 0 | E71: =SUM(E68:E70) -> 0
A73: MÓDULO 4: CUSTO DE REPOSIÇÃO DO PROFISSIONAL AUSENTE
A74: 4.1 - Ausências Legais
A75: A - Férias | C75: =((($C$20+$C$50+$C$71)/30)*'M. Cal'!F47)/12 -> 0 | D75: =((($D$20+$D$50+$D$71)/30)*'M. Cal'!F47)/12 -> 0 | E75: =((($E$20+$E$50+$E$71)/30)*'M. Cal'!F47)/12 -> 0
A76: B – Ausências Legais | C76: =(SUM('M. Cal'!$F$48,'M. Cal'!$F$50:$F$56,'M. Cal'!$F$58)*(C20+C50+C71)/30)/12 -> 0 | D76: =(SUM('M. Cal'!$F$48,'M. Cal'!$F$50:$F$56,'M. Cal'!$F$58)*(D20+D50+D71)/30)/12 -> 0 | E76: =(SUM('M. Cal'!$F$48,'M. Cal'!$F$50:$F$56,'M. Cal'!$F$58)*(E20+E50+E71)/30)/12 -> 0
A77: C - Licença-Maternidade | C77: =((($C$20+$C$50+$C$71)/30)*'M. Cal'!F57)/12 -> 0 | D77: =((($D$20+$D$50+$D$71)/30)*'M. Cal'!F57)/12 -> 0 | E77: =((($E$20+$E$50+$E$71)/30)*'M. Cal'!F57)/12 -> 0
A78: D - Ausências por acidente de trabalho | C78: =((($C$20+$C$50+$C$71)/30)*'M. Cal'!F49)/12 -> 0 | D78: =((($C$20+$C$50+$C$71)/30)*'M. Cal'!F49)/12 -> 0 | E78: =((($C$20+$C$50+$C$71)/30)*'M. Cal'!F49)/12 -> 0
A79: E - Outros
A80: Subtotal | B80: =SUM(B75:B79) -> 0 | C80: =SUM(C75:C79) -> 0 | D80: =SUM(D75:D79) -> 0 | E80: =SUM(E75:E79) -> 0
A82: MÓDULO 5: INSUMOS DE MÃO DE OBRA
A83: 5 - Insumos Diversos | B83: Valores | C83: Valor (R$) | D83: Valor (R$) | E83: Valor (R$)
A84: A - Uniformes | B84: =Insumos!E123 -> 0 | C84: =B84 -> 0 | D84: =B84 -> 0 | E84: =B84 -> 0
A85: B - Materiais e utensílios | C85: =Insumos!E58 -> 0 | D85: =Insumos!E58 -> 0 | E85: =Insumos!E69 -> 0
A86: C - Equipamentos | B86: =Insumos!E105 -> 0 | C86: =B86 -> 0 | D86: =B86 -> 0 | E86: 0
A87: D - EPIs | C87: =Insumos!E142 -> 0 | D87: =Insumos!E142 -> 0 | E87: =Insumos!E141 -> 0
A88: Total | C88: =SUM(C84:C87) -> 0 | D88: =SUM(D84:D87) -> 0 | E88: =SUM(E84:E87) -> 0
A90: MÓDULO 6: CUSTOS INDIRETOS, TRIBUTOS E LUCRO
A91: 6 - Custos Indiretos, Tributos e Lucro | B91: Percentuais | C91: Valor (R$) | D91: Valor (R$) | E91: Valor (R$)
A92: A - Custos Indiretos | B92: 0.03 | C92: =($C$20+$C$50+$C$71+$C$80+$C$88)*$B$92 -> 0 | D92: =($D$20+$D$50+$D$71+$D$80+$D$88)*B92 -> 0 | E92: =($E$20+$E$50+$E$71+$E$80+$E$88)*B92 -> 0
A93: B - Lucro | B93: ='M. Cal'!J10 -> 0.0679 | C93: =($C$20+$C$50+$C$71+$C$80+$C$88)*B93 -> 0 | D93: =($D$20+$D$50+$D$71+$D$80+$D$88)*B93 -> 0 | E93: =($E$20+$E$50+$E$71+$E$80+$E$88)*B93 -> 0
A94: C - Tributos (Utilizar os percentuais de acordo com o regime tributário a que estiver sujeito) | B94: =SUM(B95:B98) -> 0.0925 | C94: =($C$20+$C$50+$C$71+$C$80+$C$88)*B94 -> 0 | D94: =($D$20+$D$50+$D$71+$D$80+$D$88)*B94 -> 0 | E94: =($E$20+$E$50+$E$71+$E$80+$E$88)*B94 -> 0
A95: C.1 - Tributos Federais (PIS e COFINS) | B95: =0.0165+0.076 -> 0.0925 | C95: =($C$20+$C$50+$C$71+$C$80+$C$88)*B95 -> 0 | D95: =($D$20+$D$50+$D$71+$D$80+$D$88)*B95 -> 0 | E95: =($E$20+$E$50+$E$71+$E$80+$E$88)*B95 -> 0
A96: C.2 - Tributos Estaduais (especificar) | C96: =($C$20+$C$50+$C$71+$C$80+$C$88)*B96 -> 0 | D96: =($D$20+$D$50+$D$71+$D$80+$D$88)*B96 -> 0 | E96: =($E$20+$E$50+$E$71+$E$80+$E$88)*B96 -> 0
A97: C.3 - Tributos Municipais (especificar) | B97: ='M. Cal'!L7 -> 0 | C97: =($C$20+$C$50+$C$71+$C$80+$C$88)*B97 -> 0 | D97: =($D$20+$D$50+$D$71+$D$80+$D$88)*B97 -> 0 | E97: =($E$20+$E$50+$E$71+$E$80+$E$88)*B97 -> 0
A98: C.4 - Outros Tributos (especificar)
A99: Total | C99: =SUM(C92:C94) -> 0 | D99: =SUM(D92:D94) -> 0 | E99: =SUM(E92:E94) -> 0
A102: QUADRO RESUMO DO CUSTO POR EMPREGADO | C102: Servente 20% | D102: Servente 40% | E102: COVID
A103: Mão de obra vinculada à execução contratual (valor por empregado) | C103: Valor (R$) | D103: Valor (R$) | E103: Valor (R$)
A104: A - Módulo 1 - Composição da Remuneração | C104: =C20 -> 0 | D104: =D20 -> 0 | E104: =E20 -> 0
A105: B - Módulo 2 - Encargos e Benefícios Anuais, Mensais e Diários | C105: =C50 -> 0 | D105: =D50 -> 0 | E105: =E50 -> 0
A106: C - Módulo 3 - Provisão para Rescisão | C106: =C71 -> 0 | D106: =D71 -> 0 | E106: =E71 -> 0
A107: D - Módulo 4 - Custos de Reposição do Profissional Ausente | C107: =C80 -> 0 | D107: =D80 -> 0 | E107: =E80 -> 0
A108: E - Módulo 5 - Insumos Diversos | C108: =C88 -> 0 | D108: =D88 -> 0 | E108: =E88 -> 0
A109: Subtotal (A + B + C + D + E) | C109: =SUM(C104:C108) -> 0 | D109: =SUM(D104:D108) -> 0 | E109: =SUM(E104:E108) -> 0
...

Sheet Vac 40h
A1: ANEXO III
A2: MODELO DE PROPOSTA E PLANILHA DE CUSTOS E FORMAÇÃO DE PREÇOS
C4: 44h | D4: 40h | E4: 30h
B5: Salário Normativo da Categoria: | C5: ='M. Cal'!C4 -> 0 | D5: ='M. Cal'!D4 -> 0 | E5: ='M. Cal'!E4 -> 0
B6: Data base da Categoria: | C6: ='M. Cal'!$D$1 -> 44197 | D6: ='M. Cal'!$D$1 -> 44197 | E6: ='M. Cal'!$D$1 -> 44197
B7: Convenção Coletiva: | C7: ='M. Cal'!$C$1 -> 0 | D7: ='M. Cal'!$C$1 -> 0 | E7: ='M. Cal'!$C$1 -> 0
B8: CBO/MTE: | C8: 5143-20 | D8: 5143-20 | E8: 5143-20
A10: CUSTOS | B10: Percentuais e Valores de Referência | C10: Servente 20% | D10: Servente 40% | E10: Servente COVID
A11: MÓDULO 1: COMPOSIÇÃO DA REMUNERAÇÃO
A12: 1 - Composição da Remuneração | B12: Percentuais | C12: Valor (R$) | D12: Valor (R$) | E12: Valor (R$)
A13: A – Salário Base 40 horas | C13: =D5 -> 0 | D13: =D5 -> 0 | E13: =E5 -> 0
A14: B - Adicional de Insalubridade (20) | B14: 0.2 | C14: =C13*B14 -> 0 | E14: =E13*B14 -> 0
A15: C - Adicional de Insalubridade (40) | B15: 0.4 | D15: =D13*B15 -> 0
A16: D - Adicional Noturno
A17: E - Adicional de Hora Noturna Reduzida
A18: F - Adicional de Hora Extra no Feriado Trabalhado
A19: E - Outros (especificar)
A20: Total | C20: =SUM(C13:C19) -> 0 | D20: =SUM(D13:D19) -> 0 | E20: =SUM(E13:E19) -> 0
A22: MÓDULO 2: ENCARGOS E BENEFÍCIOS ANUAIS, MENSAIS E DIÁRIOS
A23: 2.1 - 13º Salário, Férias e Adicional de Férias | B23: Percentuais | C23: Valor (R$) | D23: Valor (R$) | E23: Valor (R$)
A24: A - 13º salário | B24: 0.0833 | C24: =ROUND($B24*C$20,2) -> 0 | D24: =ROUND($B24*D$20,2) -> 0 | E24: =ROUND($B24*E$20,2) -> 0
A25: B - Férias | B25: 0
A26: C - Adicional de Férias | B26: 0.0278 | C26: =C20*B26 -> 0 | D26: =D20*B26 -> 0 | E26: =E20*B26 -> 0
A27: Total | B27: =SUM(B24:B26) -> 0.1111 | C27: =SUM(C24:C25) -> 0 | D27: =SUM(D24:D25) -> 0 | E27: =SUM(E24:E25) -> 0
A28: 2.2 - Encargos Previdenciários e FGTS | B28: Percentuais | C28: Valor (R$) | D28: Valor (R$) | E28: Valor (R$)
A29: 2.2.1 - GPS
A30: A - INSS | B30: 0.2 | C30: =ROUND(($C$20+$C$27)*B30,2) -> 0 | D30: =ROUND(($D$20+$D$27)*B30,2) -> 0 | E30: =ROUND(($E$20+$E$27)*B30,2) -> 0
A31: B - Salário Educação | B31: 0.025 | C31: =ROUND(($C$20+$C$27)*B31,2) -> 0 | D31: =ROUND(($D$20+$D$27)*B31,2) -> 0 | E31: =ROUND(($E$20+$E$27)*B31,2) -> 0
A32: C - SAT | B32: 0.0225 | C32: =ROUND(($C$20+$C$27)*B32,2) -> 0 | D32: =ROUND(($D$20+$D$27)*B32,2) -> 0 | E32: =ROUND(($E$20+$E$27)*B32,2) -> 0
A33: D - SESI ou SESC | B33: 0.015 | C33: =ROUND(($C$20+$C$27)*B33,2) -> 0 | D33: =ROUND(($D$20+$D$27)*B33,2) -> 0 | E33: =ROUND(($E$20+$E$27)*B33,2) -> 0
A34: E - SENAI ou SENAC | B34: 0.01 | C34: =ROUND(($C$20+$C$27)*B34,2) -> 0 | D34: =ROUND(($D$20+$D$27)*B34,2) -> 0 | E34: =ROUND(($E$20+$E$27)*B34,2) -> 0
A35: F - SEBRAE | B35: 0.006 | C35: =ROUND(($C$20+$C$27)*B35,2) -> 0 | D35: =ROUND(($D$20+$D$27)*B35,2) -> 0 | E35: =ROUND(($E$20+$E$27)*B35,2) -> 0
A36: G - INCRA | B36: 0.002 | C36: =ROUND(($C$20+$C$27)*B36,2) -> 0 | D36: =ROUND(($D$20+$D$27)*B36,2) -> 0 | E36: =ROUND(($E$20+$E$27)*B36,2) -> 0
A37: 2.2.2 - FGTS
A38: F - FGTS | B38: 0.08 | C38: =ROUND(($C$20+$C$27)*B38,2) -> 0 | D38: =ROUND(($D$20+$D$27)*B38,2) -> 0 | E38: =ROUND(($E$20+$E$27)*B38,2) -> 0
A39: Total | B39: =SUM(B29:B38) -> 0.3605 | C39: =SUM(C29:C38) -> 0 | D39: =SUM(D29:D38) -> 0 | E39: =SUM(E29:E38) -> 0
A40: 2.3 - Benefícios Mensais e Diários | B40: Valores | C40: Valor (R$) | D40: Valor (R$) | E40: Valor (R$)
A41: A - Transporte | B41: ='M. Cal'!M8 -> 0 | C41: =ROUND(((2*22*$B$41)-0.06*$D$5),2) -> 0 | D41: =ROUND(((2*22*$B$41)-0.06*$D$5),2) -> 0 | E41: =ROUND(((2*22*$B$41)-0.06*$E$5),2) -> 0
A42: B - Auxílio-Refeição/Alimentação ( COM DESCONTO DE 19% - CCT RS) | B42: 18.2 | C42: ='M. Cal'!E7 -> 0 | D42: ='M. Cal'!E7 -> 0 | E42: ='M. Cal'!E7 -> 0
A43: C - Outros (especificar)
A44: D - Outros (especificar)
A45: Total | C45: =SUM(C41:C44) -> 0 | D45: =SUM(D41:D44) -> 0 | E45: =SUM(E41:E44) -> 0
A46: 2 - ENCARGOS E BENEFÍCIOS ANUAIS, MENSAIS E DIÁRIOS | B46: Percentuais | C46: Valor (R$) | D46: Valor (R$) | E46: Valor (R$)
A47: 2.1 - 13º Salário, Férias e Adicional de Férias | B47: =B27 -> 0.1111 | C47: =C27 -> 0 | D47: =D27 -> 0 | E47: =E27 -> 0
A48: 2.2 - GPS, FGTS e outras contribuições | B48: =B39 -> 0.3605 | C48: =C39 -> 0 | D48: =D39 -> 0 | E48: =E39 -> 0
A49: 2.3 - Benefícios Mensais e Diários | B49: R$ | C49: =C45 -> 0 | D49: =D45 -> 0 | E49: =E45 -> 0
A50: Total | C50: =SUM(C47:C49) -> 0 | D50: =SUM(D47:D49) -> 0 | E50: =SUM(E47:E49) -> 0
A52: MÓDULO 3: PROVISÃO PARA RESCISÃO
A53: 3 - Provisão para Rescisão | B53: Percentuais | C53: Valor (R$) | D53: Valor (R$) | E53: Valor (R$)
A54: 3.1 - Aviso Prévio Indenizado
A55: A - Aviso Prévio Indenizado | B55: =1/12*'M. Cal'!C12 -> 0.028225 | C55: =(C20+C27+C38+C45)*$B55 -> 0 | D55: =(D20+D27+D38+D45)*$B55 -> 0 | E55: =(E20+E27+E38+E45)*$B55 -> 0
A56: B - Multa do FGTS sobre Aviso Prévio Indenizado | B56: =0.4*'M. Cal'!C12 -> 0.13548 | C56: =C38*$B56 -> 0 | D56: =D38*$B56 -> 0 | E56: =E38*$B56 -> 0
A57: Total | C57: =SUM(C55:C56) -> 0 | D57: =SUM(D55:D56) -> 0 | E57: =SUM(E55:E56) -> 0
A58: 3.2 - Aviso Prévio Trabalhado | B58: Percentuais | C58: Valor (R$) | D58: Valor (R$) | E58: Valor (R$)
A59: A - Aviso Prévio Trabalhado | B59: =1/12*'M. Cal'!C13 -> 0.028225 | C59: =(C20+C50)*$B59 -> 0 | D59: =(D20+D50)*$B59 -> 0 | E59: =(E20+E50)*$B59 -> 0
A60: B - Multa do FGTS sobre Aviso Prévio Trabalhado | B60: =0.4*'M. Cal'!C13 -> 0.13548 | C60: =C38*$B60 -> 0 | D60: =D38*$B60 -> 0 | E60: =E38*$B60 -> 0
A61: Total | C61: =SUM(C59:C60) -> 0 | D61: =SUM(D59:D60) -> 0 | E61: =SUM(E59:E60) -> 0
A62: 3.3 - Demissão por Justa Causa | B62: Percentuais | C62: Valor (R$) | D62: Valor (R$) | E62: Valor (R$)
A63: A - Valor Provisionado do 13º Salário | B63: ='M. Cal'!C14 -> 0.0277 | C63: =(C24*B63)*-1 -> 0 | D63: =(D24*B63)*-1 -> 0 | E63: =(E24*B63)*-1 -> 0
A64: B - Valor Provisionado de Férias | B64: ='M. Cal'!C14 -> 0.0277 | C64: =(C25*B64)*-1 -> 0 | D64: =(D25*B64)*-1 -> 0 | E64: =(E25*B64)*-1 -> 0
A65: C - Valor Provisionado do Adicional de Férias | B65: ='M. Cal'!C14 -> 0.0277 | C65: =(C26*B65)*-1 -> 0 | D65: =(D26*B65)*-1 -> 0 | E65: =(E26*B65)*-1 -> 0
A66: Total | C66: =SUM(C63:C65) -> 0 | D66: =SUM(D63:D65) -> 0 | E66: =SUM(E63:E65) -> 0
A67: 3 - Provisão para Rescisão | B67: Percentuais | C67: Valor (R$) | D67: Valor (R$) | E67: Valor (R$)
A68: A - Aviso Prévio Indenizado | B68: ='M. Cal'!C12 -> 0.3387 | C68: =C57 -> 0 | D68: =D57 -> 0 | E68: =E57 -> 0
A69: B - Aviso Prévio Trabalhado | B69: ='M. Cal'!C13 -> 0.3387 | C69: =C61 -> 0 | D69: =D61 -> 0 | E69: =E61 -> 0
A70: C - Demissão por Justa Causa | B70: ='M. Cal'!C14 -> 0.0277 | C70: =C66 -> 0 | D70: =D66 -> 0 | E70: =E66 -> 0
A71: Total | C71: =SUM(C68:C70) -> 0 | D71: =SUM(D68:D70) -> 0 | E71: =SUM(E68:E70) -> 0
A73: MÓDULO 4: CUSTO DE REPOSIÇÃO DO PROFISSIONAL AUSENTE
A74: 4.1 - Ausências Legais
A75: A - Férias | C75: =((($C$20+$C$50+$C$71)/30)*'M. Cal'!F47)/12 -> 0 | D75: =((($D$20+$D$50+$D$71)/30)*'M. Cal'!F47)/12 -> 0 | E75: =((($E$20+$E$50+$E$71)/30)*'M. Cal'!F47)/12 -> 0
A76: B – Ausências Legais | C76: =(SUM('M. Cal'!$F$48,'M. Cal'!$F$50:$F$56,'M. Cal'!$F$58)*(C20+C50+C71)/30)/12 -> 0 | D76: =(SUM('M. Cal'!$F$48,'M. Cal'!$F$50:$F$56,'M. Cal'!$F$58)*(D20+D50+D71)/30)/12 -> 0 | E76: =(SUM('M. Cal'!$F$48,'M. Cal'!$F$50:$F$56,'M. Cal'!$F$58)*(E20+E50+E71)/30)/12 -> 0
A77: C - Licença-Maternidade | C77: =((($C$20+$C$50+$C$71)/30)*'M. Cal'!F57)/12 -> 0 | D77: =((($D$20+$D$50+$D$71)/30)*'M. Cal'!F57)/12 -> 0 | E77: =((($E$20+$E$50+$E$71)/30)*'M. Cal'!F57)/12 -> 0
A78: D - Ausências por acidente de trabalho | C78: =((($C$20+$C$50+$C$71)/30)*'M. Cal'!F49)/12 -> 0 | D78: =((($C$20+$C$50+$C$71)/30)*'M. Cal'!F49)/12 -> 0 | E78: =((($C$20+$C$50+$C$71)/30)*'M. Cal'!F49)/12 -> 0
A79: E - Outros
A80: Subtotal | B80: =SUM(B75:B79) -> 0 | C80: =SUM(C75:C79) -> 0 | D80: =SUM(D75:D79) -> 0 | E80: =SUM(E75:E79) -> 0
A82: MÓDULO 5: INSUMOS DE MÃO DE OBRA
A83: 5 - Insumos Diversos | B83: Valores | C83: Valor (R$) | D83: Valor (R$) | E83: Valor (R$)
A84: A - Uniformes | B84: =Insumos!E123 -> 0 | C84: =B84 -> 0 | D84: =B84 -> 0 | E84: =B84 -> 0
A85: B - Materiais e utensílios | C85: =Insumos!E58 -> 0 | D85: =Insumos!E58 -> 0 | E85: =Insumos!E69 -> 0
A86: C - Equipamentos | B86: =Insumos!E105 -> 0 | C86: =B86 -> 0 | D86: =B86 -> 0 | E86: 0
A87: D - EPIs | C87: =Insumos!E142 -> 0 | D87: =Insumos!E142 -> 0 | E87: =Insumos!E141 -> 0
A88: Total | C88: =SUM(C84:C87) -> 0 | D88: =SUM(D84:D87) -> 0 | E88: =SUM(E84:E87) -> 0
A90: MÓDULO 6: CUSTOS INDIRETOS, TRIBUTOS E LUCRO
A91: 6 - Custos Indiretos, Tributos e Lucro | B91: Percentuais | C91: Valor (R$) | D91: Valor (R$) | E91: Valor (R$)
A92: A - Custos Indiretos | B92: 0.03 | C92: =($C$20+$C$50+$C$71+$C$80+$C$88)*$B$92 -> 0 | D92: =($D$20+$D$50+$D$71+$D$80+$D$88)*B92 -> 0 | E92: =($E$20+$E$50+$E$71+$E$80+$E$88)*B92 -> 0
A93: B - Lucro | B93: ='M. Cal'!J10 -> 0.0679 | C93: =($C$20+$C$50+$C$71+$C$80+$C$88)*B93 -> 0 | D93: =($D$20+$D$50+$D$71+$D$80+$D$88)*B93 -> 0 | E93: =($E$20+$E$50+$E$71+$E$80+$E$88)*B93 -> 0
A94: C - Tributos (Utilizar os percentuais de acordo com o regime tributário a que estiver sujeito) | B94: =SUM(B95:B98) -> 0.0925 | C94: =($C$20+$C$50+$C$71+$C$80+$C$88)*B94 -> 0 | D94: =($D$20+$D$50+$D$71+$D$80+$D$88)*B94 -> 0 | E94: =($E$20+$E$50+$E$71+$E$80+$E$88)*B94 -> 0
A95: C.1 - Tributos Federais (PIS e COFINS) | B95: =0.0165+0.076 -> 0.0925 | C95: =($C$20+$C$50+$C$71+$C$80+$C$88)*B95 -> 0 | D95: =($D$20+$D$50+$D$71+$D$80+$D$88)*B95 -> 0 | E95: =($E$20+$E$50+$E$71+$E$80+$E$88)*B95 -> 0
A96: C.2 - Tributos Estaduais (especificar) | C96: =($C$20+$C$50+$C$71+$C$80+$C$88)*B96 -> 0 | D96: =($D$20+$D$50+$D$71+$D$80+$D$88)*B96 -> 0 | E96: =($E$20+$E$50+$E$71+$E$80+$E$88)*B96 -> 0
A97: C.3 - Tributos Municipais (especificar) | B97: ='M. Cal'!L8 -> 0 | C97: =($C$20+$C$50+$C$71+$C$80+$C$88)*B97 -> 0 | D97: =($D$20+$D$50+$D$71+$D$80+$D$88)*B97 -> 0 | E97: =($E$20+$E$50+$E$71+$E$80+$E$88)*B97 -> 0
A98: C.4 - Outros Tributos (especificar)
A99: Total | C99: =SUM(C92:C94) -> 0 | D99: =SUM(D92:D94) -> 0 | E99: =SUM(E92:E94) -> 0
A102: QUADRO RESUMO DO CUSTO POR EMPREGADO | C102: Servente 20% | D102: Servente 40% | E102: COVID
A103: Mão de obra vinculada à execução contratual (valor por empregado) | C103: Valor (R$) | D103: Valor (R$) | E103: Valor (R$)
A104: A - Módulo 1 - Composição da Remuneração | C104: =C20 -> 0 | D104: =D20 -> 0 | E104: =E20 -> 0
A105: B - Módulo 2 - Encargos e Benefícios Anuais, Mensais e Diários | C105: =C50 -> 0 | D105: =D50 -> 0 | E105: =E50 -> 0
A106: C - Módulo 3 - Provisão para Rescisão | C106: =C71 -> 0 | D106: =D71 -> 0 | E106: =E71 -> 0
A107: D - Módulo 4 - Custos de Reposição do Profissional Ausente | C107: =C80 -> 0 | D107: =D80 -> 0 | E107: =E80 -> 0
A108: E - Módulo 5 - Insumos Diversos | C108: =C88 -> 0 | D108: =D88 -> 0 | E108: =E88 -> 0
A109: Subtotal (A + B + C + D + E) | C109: =SUM(C104:C108) -> 0 | D109: =SUM(D104:D108) -> 0 | E109: =SUM(E104:E108) -> 0
...

Sheet Veran 40h
A1: ANEXO III
A2: MODELO DE PROPOSTA E PLANILHA DE CUSTOS E FORMAÇÃO DE PREÇOS
C4: 44h | D4: 40h | E4: 30h
B5: Salário Normativo da Categoria: | C5: ='M. Cal'!C4 -> 0 | D5: ='M. Cal'!D4 -> 0 | E5: ='M. Cal'!E4 -> 0
B6: Data base da Categoria: | C6: ='M. Cal'!$D$1 -> 44197 | D6: ='M. Cal'!$D$1 -> 44197 | E6: ='M. Cal'!$D$1 -> 44197
B7: Convenção Coletiva: | C7: ='M. Cal'!$C$1 -> 0 | D7: ='M. Cal'!$C$1 -> 0 | E7: ='M. Cal'!$C$1 -> 0
B8: CBO/MTE: | C8: 5143-20 | D8: 5143-20 | E8: 5143-20
A10: CUSTOS | B10: Percentuais e Valores de Referência | C10: Servente 20% | D10: Servente 40% | E10: Servente COVID
A11: MÓDULO 1: COMPOSIÇÃO DA REMUNERAÇÃO
A12: 1 - Composição da Remuneração | B12: Percentuais | C12: Valor (R$) | D12: Valor (R$) | E12: Valor (R$)
A13: A – Salário Base 40 horas | C13: =D5 -> 0 | D13: =D5 -> 0 | E13: =E5 -> 0
A14: B - Adicional de Insalubridade (20) | B14: 0.2 | C14: =C13*B14 -> 0 | E14: =E13*B14 -> 0
A15: C - Adicional de Insalubridade (40) | B15: 0.4 | D15: =D13*B15 -> 0
A16: D - Adicional Noturno
A17: E - Adicional de Hora Noturna Reduzida
A18: F - Adicional de Hora Extra no Feriado Trabalhado
A19: E - Outros (especificar)
A20: Total | C20: =SUM(C13:C19) -> 0 | D20: =SUM(D13:D19) -> 0 | E20: =SUM(E13:E19) -> 0
A22: MÓDULO 2: ENCARGOS E BENEFÍCIOS ANUAIS, MENSAIS E DIÁRIOS
A23: 2.1 - 13º Salário, Férias e Adicional de Férias | B23: Percentuais | C23: Valor (R$) | D23: Valor (R$) | E23: Valor (R$)
A24: A - 13º salário | B24: 0.0833 | C24: =ROUND($B24*C$20,2) -> 0 | D24: =ROUND($B24*D$20,2) -> 0 | E24: =ROUND($B24*E$20,2) -> 0
A25: B - Férias | B25: 0
A26: C - Adicional de Férias | B26: 0.0278 | C26: =C20*B26 -> 0 | D26: =D20*B26 -> 0 | E26: =E20*B26 -> 0
A27: Total | B27: =SUM(B24:B26) -> 0.1111 | C27: =SUM(C24:C25) -> 0 | D27: =SUM(D24:D25) -> 0 | E27: =SUM(E24:E25) -> 0
A28: 2.2 - Encargos Previdenciários e FGTS | B28: Percentuais | C28: Valor (R$) | D28: Valor (R$) | E28: Valor (R$)
A29: 2.2.1 - GPS
A30: A - INSS | B30: 0.2 | C30: =ROUND(($C$20+$C$27)*B30,2) -> 0 | D30: =ROUND(($D$20+$D$27)*B30,2) -> 0 | E30: =ROUND(($E$20+$E$27)*B30,2) -> 0
A31: B - Salário Educação | B31: 0.025 | C31: =ROUND(($C$20+$C$27)*B31,2) -> 0 | D31: =ROUND(($D$20+$D$27)*B31,2) -> 0 | E31: =ROUND(($E$20+$E$27)*B31,2) -> 0
A32: C - SAT | B32: 0.0225 | C32: =ROUND(($C$20+$C$27)*B32,2) -> 0 | D32: =ROUND(($D$20+$D$27)*B32,2) -> 0 | E32: =ROUND(($E$20+$E$27)*B32,2) -> 0
A33: D - SESI ou SESC | B33: 0.015 | C33: =ROUND(($C$20+$C$27)*B33,2) -> 0 | D33: =ROUND(($D$20+$D$27)*B33,2) -> 0 | E33: =ROUND(($E$20+$E$27)*B33,2) -> 0
A34: E - SENAI ou SENAC | B34: 0.01 | C34: =ROUND(($C$20+$C$27)*B34,2) -> 0 | D34: =ROUND(($D$20+$D$27)*B34,2) -> 0 | E34: =ROUND(($E$20+$E$27)*B34,2) -> 0
A35: F - SEBRAE | B35: 0.006 | C35: =ROUND(($C$20+$C$27)*B35,2) -> 0 | D35: =ROUND(($D$20+$D$27)*B35,2) -> 0 | E35: =ROUND(($E$20+$E$27)*B35,2) -> 0
A36: G - INCRA | B36: 0.002 | C36: =ROUND(($C$20+$C$27)*B36,2) -> 0 | D36: =ROUND(($D$20+$D$27)*B36,2) -> 0 | E36: =ROUND(($E$20+$E$27)*B36,2) -> 0
A37: 2.2.2 - FGTS
A38: F - FGTS | B38: 0.08 | C38: =ROUND(($C$20+$C$27)*B38,2) -> 0 | D38: =ROUND(($D$20+$D$27)*B38,2) -> 0 | E38: =ROUND(($E$20+$E$27)*B38,2) -> 0
A39: Total | B39: =SUM(B29:B38) -> 0.3605 | C39: =SUM(C29:C38) -> 0 | D39: =SUM(D29:D38) -> 0 | E39: =SUM(E29:E38) -> 0
A40: 2.3 - Benefícios Mensais e Diários | B40: Valores | C40: Valor (R$) | D40: Valor (R$) | E40: Valor (R$)
A41: A - Transporte | B41: ='M. Cal'!M9 -> 0 | C41: =ROUND(((2*22*$B$41)-0.06*$D$5),2) -> 0 | D41: =ROUND(((2*22*$B$41)-0.06*$D$5),2) -> 0 | E41: =ROUND(((2*22*$B$41)-0.06*$E$5),2) -> 0
A42: B - Auxílio-Refeição/Alimentação ( COM DESCONTO DE 19% - CCT RS) | B42: 18.2 | C42: ='M. Cal'!E7 -> 0 | D42: ='M. Cal'!E7 -> 0 | E42: ='M. Cal'!E7 -> 0
A43: C - Outros (especificar)
A44: D - Outros (especificar)
A45: Total | C45: =SUM(C41:C44) -> 0 | D45: =SUM(D41:D44) -> 0 | E45: =SUM(E41:E44) -> 0
A46: 2 - ENCARGOS E BENEFÍCIOS ANUAIS, MENSAIS E DIÁRIOS | B46: Percentuais | C46: Valor (R$) | D46: Valor (R$) | E46: Valor (R$)
A47: 2.1 - 13º Salário, Férias e Adicional de Férias | B47: =B27 -> 0.1111 | C47: =C27 -> 0 | D47: =D27 -> 0 | E47: =E27 -> 0
A48: 2.2 - GPS, FGTS e outras contribuições | B48: =B39 -> 0.3605 | C48: =C39 -> 0 | D48: =D39 -> 0 | E48: =E39 -> 0
A49: 2.3 - Benefícios Mensais e Diários | B49: R$ | C49: =C45 -> 0 | D49: =D45 -> 0 | E49: =E45 -> 0
A50: Total | C50: =SUM(C47:C49) -> 0 | D50: =SUM(D47:D49) -> 0 | E50: =SUM(E47:E49) -> 0
A52: MÓDULO 3: PROVISÃO PARA RESCISÃO
A53: 3 - Provisão para Rescisão | B53: Percentuais | C53: Valor (R$) | D53: Valor (R$) | E53: Valor (R$)
A54: 3.1 - Aviso Prévio Indenizado
A55: A - Aviso Prévio Indenizado | B55: =1/12*'M. Cal'!C12 -> 0.028225 | C55: =(C20+C27+C38+C45)*$B55 -> 0 | D55: =(D20+D27+D38+D45)*$B55 -> 0 | E55: =(E20+E27+E38+E45)*$B55 -> 0
A56: B - Multa do FGTS sobre Aviso Prévio Indenizado | B56: =0.4*'M. Cal'!C12 -> 0.13548 | C56: =C38*$B56 -> 0 | D56: =D38*$B56 -> 0 | E56: =E38*$B56 -> 0
A57: Total | C57: =SUM(C55:C56) -> 0 | D57: =SUM(D55:D56) -> 0 | E57: =SUM(E55:E56) -> 0
A58: 3.2 - Aviso Prévio Trabalhado | B58: Percentuais | C58: Valor (R$) | D58: Valor (R$) | E58: Valor (R$)
A59: A - Aviso Prévio Trabalhado | B59: =1/12*'M. Cal'!C13 -> 0.028225 | C59: =(C20+C50)*$B59 -> 0 | D59: =(D20+D50)*$B59 -> 0 | E59: =(E20+E50)*$B59 -> 0
A60: B - Multa do FGTS sobre Aviso Prévio Trabalhado | B60: =0.4*'M. Cal'!C13 -> 0.13548 | C60: =C38*$B60 -> 0 | D60: =D38*$B60 -> 0 | E60: =E38*$B60 -> 0
A61: Total | C61: =SUM(C59:C60) -> 0 | D61: =SUM(D59:D60) -> 0 | E61: =SUM(E59:E60) -> 0
A62: 3.3 - Demissão por Justa Causa | B62: Percentuais | C62: Valor (R$) | D62: Valor (R$) | E62: Valor (R$)
A63: A - Valor Provisionado do 13º Salário | B63: ='M. Cal'!C14 -> 0.0277 | C63: =(C24*B63)*-1 -> 0 | D63: =(D24*B63)*-1 -> 0 | E63: =(E24*B63)*-1 -> 0
A64: B - Valor Provisionado de Férias | B64: ='M. Cal'!C14 -> 0.0277 | C64: =(C25*B64)*-1 -> 0 | D64: =(D25*B64)*-1 -> 0 | E64: =(E25*B64)*-1 -> 0
A65: C - Valor Provisionado do Adicional de Férias | B65: ='M. Cal'!C14 -> 0.0277 | C65: =(C26*B65)*-1 -> 0 | D65: =(D26*B65)*-1 -> 0 | E65: =(E26*B65)*-1 -> 0
A66: Total | C66: =SUM(C63:C65) -> 0 | D66: =SUM(D63:D65) -> 0 | E66: =SUM(E63:E65) -> 0
A67: 3 - Provisão para Rescisão | B67: Percentuais | C67: Valor (R$) | D67: Valor (R$) | E67: Valor (R$)
A68: A - Aviso Prévio Indenizado | B68: ='M. Cal'!C12 -> 0.3387 | C68: =C57 -> 0 | D68: =D57 -> 0 | E68: =E57 -> 0
A69: B - Aviso Prévio Trabalhado | B69: ='M. Cal'!C13 -> 0.3387 | C69: =C61 -> 0 | D69: =D61 -> 0 | E69: =E61 -> 0
A70: C - Demissão por Justa Causa | B70: ='M. Cal'!C14 -> 0.0277 | C70: =C66 -> 0 | D70: =D66 -> 0 | E70: =E66 -> 0
A71: Total | C71: =SUM(C68:C70) -> 0 | D71: =SUM(D68:D70) -> 0 | E71: =SUM(E68:E70) -> 0
A73: MÓDULO 4: CUSTO DE REPOSIÇÃO DO PROFISSIONAL AUSENTE
A74: 4.1 - Ausências Legais
A75: A - Férias | C75: =((($C$20+$C$50+$C$71)/30)*'M. Cal'!F47)/12 -> 0 | D75: =((($D$20+$D$50+$D$71)/30)*'M. Cal'!F47)/12 -> 0 | E75: =((($E$20+$E$50+$E$71)/30)*'M. Cal'!F47)/12 -> 0
A76: B – Ausências Legais | C76: =(SUM('M. Cal'!$F$48,'M. Cal'!$F$50:$F$56,'M. Cal'!$F$58)*(C20+C50+C71)/30)/12 -> 0 | D76: =(SUM('M. Cal'!$F$48,'M. Cal'!$F$50:$F$56,'M. Cal'!$F$58)*(D20+D50+D71)/30)/12 -> 0 | E76: =(SUM('M. Cal'!$F$48,'M. Cal'!$F$50:$F$56,'M. Cal'!$F$58)*(E20+E50+E71)/30)/12 -> 0
A77: C - Licença-Maternidade | C77: =((($C$20+$C$50+$C$71)/30)*'M. Cal'!F57)/12 -> 0 | D77: =((($D$20+$D$50+$D$71)/30)*'M. Cal'!F57)/12 -> 0 | E77: =((($E$20+$E$50+$E$71)/30)*'M. Cal'!F57)/12 -> 0
A78: D - Ausências por acidente de trabalho | C78: =((($C$20+$C$50+$C$71)/30)*'M. Cal'!F49)/12 -> 0 | D78: =((($C$20+$C$50+$C$71)/30)*'M. Cal'!F49)/12 -> 0 | E78: =((($C$20+$C$50+$C$71)/30)*'M. Cal'!F49)/12 -> 0
A79: E - Outros
A80: Subtotal | B80: =SUM(B75:B79) -> 0 | C80: =SUM(C75:C79) -> 0 | D80: =SUM(D75:D79) -> 0 | E80: =SUM(E75:E79) -> 0
A82: MÓDULO 5: INSUMOS DE MÃO DE OBRA
A83: 5 - Insumos Diversos | B83: Valores | C83: Valor (R$) | D83: Valor (R$) | E83: Valor (R$)
A84: A - Uniformes | B84: =Insumos!E123 -> 0 | C84: =B84 -> 0 | D84: =B84 -> 0 | E84: =B84 -> 0
A85: B - Materiais e utensílios | C85: =Insumos!E58 -> 0 | D85: =Insumos!E58 -> 0 | E85: =Insumos!E69 -> 0
A86: C - Equipamentos | B86: =Insumos!E105 -> 0 | C86: =B86 -> 0 | D86: =B86 -> 0 | E86: 0
A87: D - EPIs | C87: =Insumos!E142 -> 0 | D87: =Insumos!E142 -> 0 | E87: =Insumos!E141 -> 0
A88: Total | C88: =SUM(C84:C87) -> 0 | D88: =SUM(D84:D87) -> 0 | E88: =SUM(E84:E87) -> 0
A90: MÓDULO 6: CUSTOS INDIRETOS, TRIBUTOS E LUCRO
A91: 6 - Custos Indiretos, Tributos e Lucro | B91: Percentuais | C91: Valor (R$) | D91: Valor (R$) | E91: Valor (R$)
A92: A - Custos Indiretos | B92: 0.03 | C92: =($C$20+$C$50+$C$71+$C$80+$C$88)*$B$92 -> 0 | D92: =($D$20+$D$50+$D$71+$D$80+$D$88)*B92 -> 0 | E92: =($E$20+$E$50+$E$71+$E$80+$E$88)*B92 -> 0
A93: B - Lucro | B93: ='M. Cal'!J10 -> 0.0679 | C93: =($C$20+$C$50+$C$71+$C$80+$C$88)*B93 -> 0 | D93: =($D$20+$D$50+$D$71+$D$80+$D$88)*B93 -> 0 | E93: =($E$20+$E$50+$E$71+$E$80+$E$88)*B93 -> 0
A94: C - Tributos (Utilizar os percentuais de acordo com o regime tributário a que estiver sujeito) | B94: =SUM(B95:B98) -> 0.0925 | C94: =($C$20+$C$50+$C$71+$C$80+$C$88)*B94 -> 0 | D94: =($D$20+$D$50+$D$71+$D$80+$D$88)*B94 -> 0 | E94: =($E$20+$E$50+$E$71+$E$80+$E$88)*B94 -> 0
A95: C.1 - Tributos Federais (PIS e COFINS) | B95: =0.0165+0.076 -> 0.0925 | C95: =($C$20+$C$50+$C$71+$C$80+$C$88)*B95 -> 0 | D95: =($D$20+$D$50+$D$71+$D$80+$D$88)*B95 -> 0 | E95: =($E$20+$E$50+$E$71+$E$80+$E$88)*B95 -> 0
A96: C.2 - Tributos Estaduais (especificar) | C96: =($C$20+$C$50+$C$71+$C$80+$C$88)*B96 -> 0 | D96: =($D$20+$D$50+$D$71+$D$80+$D$88)*B96 -> 0 | E96: =($E$20+$E$50+$E$71+$E$80+$E$88)*B96 -> 0
A97: C.3 - Tributos Municipais (especificar) | B97: ='M. Cal'!L9 -> 0 | C97: =($C$20+$C$50+$C$71+$C$80+$C$88)*B97 -> 0 | D97: =($D$20+$D$50+$D$71+$D$80+$D$88)*B97 -> 0 | E97: =($E$20+$E$50+$E$71+$E$80+$E$88)*B97 -> 0
A98: C.4 - Outros Tributos (especificar)
A99: Total | C99: =SUM(C92:C94) -> 0 | D99: =SUM(D92:D94) -> 0 | E99: =SUM(E92:E94) -> 0
A102: QUADRO RESUMO DO CUSTO POR EMPREGADO | C102: Servente 20% | D102: Servente 40% | E102: COVID
A103: Mão de obra vinculada à execução contratual (valor por empregado) | C103: Valor (R$) | D103: Valor (R$) | E103: Valor (R$)
A104: A - Módulo 1 - Composição da Remuneração | C104: =C20 -> 0 | D104: =D20 -> 0 | E104: =E20 -> 0
A105: B - Módulo 2 - Encargos e Benefícios Anuais, Mensais e Diários | C105: =C50 -> 0 | D105: =D50 -> 0 | E105: =E50 -> 0
A106: C - Módulo 3 - Provisão para Rescisão | C106: =C71 -> 0 | D106: =D71 -> 0 | E106: =E71 -> 0
A107: D - Módulo 4 - Custos de Reposição do Profissional Ausente | C107: =C80 -> 0 | D107: =D80 -> 0 | E107: =E80 -> 0
A108: E - Módulo 5 - Insumos Diversos | C108: =C88 -> 0 | D108: =D88 -> 0 | E108: =E88 -> 0
A109: Subtotal (A + B + C + D + E) | C109: =SUM(C104:C108) -> 0 | D109: =SUM(D104:D108) -> 0 | E109: =SUM(E104:E108) -> 0
...

Sheet N. Prata 40h
A1: ANEXO III
A2: MODELO DE PROPOSTA E PLANILHA DE CUSTOS E FORMAÇÃO DE PREÇOS
C4: 44h | D4: 40h | E4: 30h
B5: Salário Normativo da Categoria: | C5: ='M. Cal'!C4 -> 0 | D5: ='M. Cal'!D4 -> 0 | E5: ='M. Cal'!E4 -> 0
B6: Data base da Categoria: | C6: ='M. Cal'!$D$1 -> 44197 | D6: ='M. Cal'!$D$1 -> 44197 | E6: ='M. Cal'!$D$1 -> 44197
B7: Convenção Coletiva: | C7: ='M. Cal'!$C$1 -> 0 | D7: ='M. Cal'!$C$1 -> 0 | E7: ='M. Cal'!$C$1 -> 0
B8: CBO/MTE: | C8: 5143-20 | D8: 5143-20 | E8: 5143-20
A10: CUSTOS | B10: Percentuais e Valores de Referência | C10: Servente 20% | D10: Servente 40% | E10: Servente COVID
A11: MÓDULO 1: COMPOSIÇÃO DA REMUNERAÇÃO
A12: 1 - Composição da Remuneração | B12: Percentuais | C12: Valor (R$) | D12: Valor (R$) | E12: Valor (R$)
A13: A – Salário Base 40 horas | C13: =D5 -> 0 | D13: =D5 -> 0 | E13: =E5 -> 0
A14: B - Adicional de Insalubridade (20) | B14: 0.2 | C14: =C13*B14 -> 0 | E14: =E13*B14 -> 0
A15: C - Adicional de Insalubridade (40) | B15: 0.4 | D15: =D13*B15 -> 0
A16: D - Adicional Noturno
A17: E - Adicional de Hora Noturna Reduzida
A18: F - Adicional de Hora Extra no Feriado Trabalhado
A19: E - Outros (especificar)
A20: Total | C20: =SUM(C13:C19) -> 0 | D20: =SUM(D13:D19) -> 0 | E20: =SUM(E13:E19) -> 0
A22: MÓDULO 2: ENCARGOS E BENEFÍCIOS ANUAIS, MENSAIS E DIÁRIOS
A23: 2.1 - 13º Salário, Férias e Adicional de Férias | B23: Percentuais | C23: Valor (R$) | D23: Valor (R$) | E23: Valor (R$)
A24: A - 13º salário | B24: 0.0833 | C24: =ROUND($B24*C$20,2) -> 0 | D24: =ROUND($B24*D$20,2) -> 0 | E24: =ROUND($B24*E$20,2) -> 0
A25: B - Férias | B25: 0
A26: C - Adicional de Férias | B26: 0.0278 | C26: =C20*B26 -> 0 | D26: =D20*B26 -> 0 | E26: =E20*B26 -> 0
A27: Total | B27: =SUM(B24:B26) -> 0.1111 | C27: =SUM(C24:C25) -> 0 | D27: =SUM(D24:D25) -> 0 | E27: =SUM(E24:E25) -> 0
A28: 2.2 - Encargos Previdenciários e FGTS | B28: Percentuais | C28: Valor (R$) | D28: Valor (R$) | E28: Valor (R$)
A29: 2.2.1 - GPS
A30: A - INSS | B30: 0.2 | C30: =ROUND(($C$20+$C$27)*B30,2) -> 0 | D30: =ROUND(($D$20+$D$27)*B30,2) -> 0 | E30: =ROUND(($E$20+$E$27)*B30,2) -> 0
A31: B - Salário Educação | B31: 0.025 | C31: =ROUND(($C$20+$C$27)*B31,2) -> 0 | D31: =ROUND(($D$20+$D$27)*B31,2) -> 0 | E31: =ROUND(($E$20+$E$27)*B31,2) -> 0
A32: C - SAT | B32: 0.0225 | C32: =ROUND(($C$20+$C$27)*B32,2) -> 0 | D32: =ROUND(($D$20+$D$27)*B32,2) -> 0 | E32: =ROUND(($E$20+$E$27)*B32,2) -> 0
A33: D - SESI ou SESC | B33: 0.015 | C33: =ROUND(($C$20+$C$27)*B33,2) -> 0 | D33: =ROUND(($D$20+$D$27)*B33,2) -> 0 | E33: =ROUND(($E$20+$E$27)*B33,2) -> 0
A34: E - SENAI ou SENAC | B34: 0.01 | C34: =ROUND(($C$20+$C$27)*B34,2) -> 0 | D34: =ROUND(($D$20+$D$27)*B34,2) -> 0 | E34: =ROUND(($E$20+$E$27)*B34,2) -> 0
A35: F - SEBRAE | B35: 0.006 | C35: =ROUND(($C$20+$C$27)*B35,2) -> 0 | D35: =ROUND(($D$20+$D$27)*B35,2) -> 0 | E35: =ROUND(($E$20+$E$27)*B35,2) -> 0
A36: G - INCRA | B36: 0.002 | C36: =ROUND(($C$20+$C$27)*B36,2) -> 0 | D36: =ROUND(($D$20+$D$27)*B36,2) -> 0 | E36: =ROUND(($E$20+$E$27)*B36,2) -> 0
A37: 2.2.2 - FGTS
A38: F - FGTS | B38: 0.08 | C38: =ROUND(($C$20+$C$27)*B38,2) -> 0 | D38: =ROUND(($D$20+$D$27)*B38,2) -> 0 | E38: =ROUND(($E$20+$E$27)*B38,2) -> 0
A39: Total | B39: =SUM(B29:B38) -> 0.3605 | C39: =SUM(C29:C38) -> 0 | D39: =SUM(D29:D38) -> 0 | E39: =SUM(E29:E38) -> 0
A40: 2.3 - Benefícios Mensais e Diários | B40: Valores | C40: Valor (R$) | D40: Valor (R$) | E40: Valor (R$)
A41: A - Transporte | B41: ='M. Cal'!M10 -> 0 | C41: =ROUND(((2*22*$B$41)-0.06*$D$5),2) -> 0 | D41: =ROUND(((2*22*$B$41)-0.06*$D$5),2) -> 0 | E41: =ROUND(((2*22*$B$41)-0.06*$E$5),2) -> 0
A42: B - Auxílio-Refeição/Alimentação ( COM DESCONTO DE 19% - CCT RS) | B42: 18.2 | C42: ='M. Cal'!E7 -> 0 | D42: ='M. Cal'!E7 -> 0 | E42: ='M. Cal'!E7 -> 0
A43: C - Outros (especificar)
A44: D - Outros (especificar)
A45: Total | C45: =SUM(C41:C44) -> 0 | D45: =SUM(D41:D44) -> 0 | E45: =SUM(E41:E44) -> 0
A46: 2 - ENCARGOS E BENEFÍCIOS ANUAIS, MENSAIS E DIÁRIOS | B46: Percentuais | C46: Valor (R$) | D46: Valor (R$) | E46: Valor (R$)
A47: 2.1 - 13º Salário, Férias e Adicional de Férias | B47: =B27 -> 0.1111 | C47: =C27 -> 0 | D47: =D27 -> 0 | E47: =E27 -> 0
A48: 2.2 - GPS, FGTS e outras contribuições | B48: =B39 -> 0.3605 | C48: =C39 -> 0 | D48: =D39 -> 0 | E48: =E39 -> 0
A49: 2.3 - Benefícios Mensais e Diários | B49: R$ | C49: =C45 -> 0 | D49: =D45 -> 0 | E49: =E45 -> 0
A50: Total | C50: =SUM(C47:C49) -> 0 | D50: =SUM(D47:D49) -> 0 | E50: =SUM(E47:E49) -> 0
A52: MÓDULO 3: PROVISÃO PARA RESCISÃO
A53: 3 - Provisão para Rescisão | B53: Percentuais | C53: Valor (R$) | D53: Valor (R$) | E53: Valor (R$)
A54: 3.1 - Aviso Prévio Indenizado
A55: A - Aviso Prévio Indenizado | B55: =1/12*'M. Cal'!C12 -> 0.028225 | C55: =(C20+C27+C38+C45)*$B55 -> 0 | D55: =(D20+D27+D38+D45)*$B55 -> 0 | E55: =(E20+E27+E38+E45)*$B55 -> 0
A56: B - Multa do FGTS sobre Aviso Prévio Indenizado | B56: =0.4*'M. Cal'!C12 -> 0.13548 | C56: =C38*$B56 -> 0 | D56: =D38*$B56 -> 0 | E56: =E38*$B56 -> 0
A57: Total | C57: =SUM(C55:C56) -> 0 | D57: =SUM(D55:D56) -> 0 | E57: =SUM(E55:E56) -> 0
A58: 3.2 - Aviso Prévio Trabalhado | B58: Percentuais | C58: Valor (R$) | D58: Valor (R$) | E58: Valor (R$)
A59: A - Aviso Prévio Trabalhado | B59: =1/12*'M. Cal'!C13 -> 0.028225 | C59: =(C20+C50)*$B59 -> 0 | D59: =(D20+D50)*$B59 -> 0 | E59: =(E20+E50)*$B59 -> 0
A60: B - Multa do FGTS sobre Aviso Prévio Trabalhado | B60: =0.4*'M. Cal'!C13 -> 0.13548 | C60: =C38*$B60 -> 0 | D60: =D38*$B60 -> 0 | E60: =E38*$B60 -> 0
A61: Total | C61: =SUM(C59:C60) -> 0 | D61: =SUM(D59:D60) -> 0 | E61: =SUM(E59:E60) -> 0
A62: 3.3 - Demissão por Justa Causa | B62: Percentuais | C62: Valor (R$) | D62: Valor (R$) | E62: Valor (R$)
A63: A - Valor Provisionado do 13º Salário | B63: ='M. Cal'!C14 -> 0.0277 | C63: =(C24*B63)*-1 -> 0 | D63: =(D24*B63)*-1 -> 0 | E63: =(E24*B63)*-1 -> 0
A64: B - Valor Provisionado de Férias | B64: ='M. Cal'!C14 -> 0.0277 | C64: =(C25*B64)*-1 -> 0 | D64: =(D25*B64)*-1 -> 0 | E64: =(E25*B64)*-1 -> 0
A65: C - Valor Provisionado do Adicional de Férias | B65: ='M. Cal'!C14 -> 0.0277 | C65: =(C26*B65)*-1 -> 0 | D65: =(D26*B65)*-1 -> 0 | E65: =(E26*B65)*-1 -> 0
A66: Total | C66: =SUM(C63:C65) -> 0 | D66: =SUM(D63:D65) -> 0 | E66: =SUM(E63:E65) -> 0
A67: 3 - Provisão para Rescisão | B67: Percentuais | C67: Valor (R$) | D67: Valor (R$) | E67: Valor (R$)
A68: A - Aviso Prévio Indenizado | B68: ='M. Cal'!C12 -> 0.3387 | C68: =C57 -> 0 | D68: =D57 -> 0 | E68: =E57 -> 0
A69: B - Aviso Prévio Trabalhado | B69: ='M. Cal'!C13 -> 0.3387 | C69: =C61 -> 0 | D69: =D61 -> 0 | E69: =E61 -> 0
A70: C - Demissão por Justa Causa | B70: ='M. Cal'!C14 -> 0.0277 | C70: =C66 -> 0 | D70: =D66 -> 0 | E70: =E66 -> 0
A71: Total | C71: =SUM(C68:C70) -> 0 | D71: =SUM(D68:D70) -> 0 | E71: =SUM(E68:E70) -> 0
A73: MÓDULO 4: CUSTO DE REPOSIÇÃO DO PROFISSIONAL AUSENTE
A74: 4.1 - Ausências Legais
A75: A - Férias | C75: =((($C$20+$C$50+$C$71)/30)*'M. Cal'!F47)/12 -> 0 | D75: =((($D$20+$D$50+$D$71)/30)*'M. Cal'!F47)/12 -> 0 | E75: =((($E$20+$E$50+$E$71)/30)*'M. Cal'!F47)/12 -> 0
A76: B – Ausências Legais | C76: =(SUM('M. Cal'!$F$48,'M. Cal'!$F$50:$F$56,'M. Cal'!$F$58)*(C20+C50+C71)/30)/12 -> 0 | D76: =(SUM('M. Cal'!$F$48,'M. Cal'!$F$50:$F$56,'M. Cal'!$F$58)*(D20+D50+D71)/30)/12 -> 0 | E76: =(SUM('M. Cal'!$F$48,'M. Cal'!$F$50:$F$56,'M. Cal'!$F$58)*(E20+E50+E71)/30)/12 -> 0
A77: C - Licença-Maternidade | C77: =((($C$20+$C$50+$C$71)/30)*'M. Cal'!F57)/12 -> 0 | D77: =((($D$20+$D$50+$D$71)/30)*'M. Cal'!F57)/12 -> 0 | E77: =((($E$20+$E$50+$E$71)/30)*'M. Cal'!F57)/12 -> 0
A78: D - Ausências por acidente de trabalho | C78: =((($C$20+$C$50+$C$71)/30)*'M. Cal'!F49)/12 -> 0 | D78: =((($C$20+$C$50+$C$71)/30)*'M. Cal'!F49)/12 -> 0 | E78: =((($C$20+$C$50+$C$71)/30)*'M. Cal'!F49)/12 -> 0
A79: E - Outros
A80: Subtotal | B80: =SUM(B75:B79) -> 0 | C80: =SUM(C75:C79) -> 0 | D80: =SUM(D75:D79) -> 0 | E80: =SUM(E75:E79) -> 0
A82: MÓDULO 5: INSUMOS DE MÃO DE OBRA
A83: 5 - Insumos Diversos | B83: Valores | C83: Valor (R$) | D83: Valor (R$) | E83: Valor (R$)
A84: A - Uniformes | B84: =Insumos!E123 -> 0 | C84: =B84 -> 0 | D84: =B84 -> 0 | E84: =B84 -> 0
A85: B - Materiais e utensílios | C85: =Insumos!E58 -> 0 | D85: =Insumos!E58 -> 0 | E85: =Insumos!E69 -> 0
A86: C - Equipamentos | B86: =Insumos!E105 -> 0 | C86: =B86 -> 0 | D86: =B86 -> 0 | E86: 0
A87: D - EPIs | C87: =Insumos!E142 -> 0 | D87: =Insumos!E142 -> 0 | E87: =Insumos!E141 -> 0
A88: Total | C88: =SUM(C84:C87) -> 0 | D88: =SUM(D84:D87) -> 0 | E88: =SUM(E84:E87) -> 0
A90: MÓDULO 6: CUSTOS INDIRETOS, TRIBUTOS E LUCRO
A91: 6 - Custos Indiretos, Tributos e Lucro | B91: Percentuais | C91: Valor (R$) | D91: Valor (R$) | E91: Valor (R$)
A92: A - Custos Indiretos | B92: 0.03 | C92: =($C$20+$C$50+$C$71+$C$80+$C$88)*$B$92 -> 0 | D92: =($D$20+$D$50+$D$71+$D$80+$D$88)*B92 -> 0 | E92: =($E$20+$E$50+$E$71+$E$80+$E$88)*B92 -> 0
A93: B - Lucro | B93: ='M. Cal'!J10 -> 0.0679 | C93: =($C$20+$C$50+$C$71+$C$80+$C$88)*B93 -> 0 | D93: =($D$20+$D$50+$D$71+$D$80+$D$88)*B93 -> 0 | E93: =($E$20+$E$50+$E$71+$E$80+$E$88)*B93 -> 0
A94: C - Tributos (Utilizar os percentuais de acordo com o regime tributário a que estiver sujeito) | B94: =SUM(B95:B98) -> 0.0925 | C94: =($C$20+$C$50+$C$71+$C$80+$C$88)*B94 -> 0 | D94: =($D$20+$D$50+$D$71+$D$80+$D$88)*B94 -> 0 | E94: =($E$20+$E$50+$E$71+$E$80+$E$88)*B94 -> 0
A95: C.1 - Tributos Federais (PIS e COFINS) | B95: =0.0165+0.076 -> 0.0925 | C95: =($C$20+$C$50+$C$71+$C$80+$C$88)*B95 -> 0 | D95: =($D$20+$D$50+$D$71+$D$80+$D$88)*B95 -> 0 | E95: =($E$20+$E$50+$E$71+$E$80+$E$88)*B95 -> 0
A96: C.2 - Tributos Estaduais (especificar) | C96: =($C$20+$C$50+$C$71+$C$80+$C$88)*B96 -> 0 | D96: =($D$20+$D$50+$D$71+$D$80+$D$88)*B96 -> 0 | E96: =($E$20+$E$50+$E$71+$E$80+$E$88)*B96 -> 0
A97: C.3 - Tributos Municipais (especificar) | B97: ='M. Cal'!L10 -> 0 | C97: =($C$20+$C$50+$C$71+$C$80+$C$88)*B97 -> 0 | D97: =($D$20+$D$50+$D$71+$D$80+$D$88)*B97 -> 0 | E97: =($E$20+$E$50+$E$71+$E$80+$E$88)*B97 -> 0
A98: C.4 - Outros Tributos (especificar)
A99: Total | C99: =SUM(C92:C94) -> 0 | D99: =SUM(D92:D94) -> 0 | E99: =SUM(E92:E94) -> 0
A102: QUADRO RESUMO DO CUSTO POR EMPREGADO | C102: Servente 20% | D102: Servente 40% | E102: COVID
A103: Mão de obra vinculada à execução contratual (valor por empregado) | C103: Valor (R$) | D103: Valor (R$) | E103: Valor (R$)
A104: A - Módulo 1 - Composição da Remuneração | C104: =C20 -> 0 | D104: =D20 -> 0 | E104: =E20 -> 0
A105: B - Módulo 2 - Encargos e Benefícios Anuais, Mensais e Diários | C105: =C50 -> 0 | D105: =D50 -> 0 | E105: =E50 -> 0
A106: C - Módulo 3 - Provisão para Rescisão | C106: =C71 -> 0 | D106: =D71 -> 0 | E106: =E71 -> 0
A107: D - Módulo 4 - Custos de Reposição do Profissional Ausente | C107: =C80 -> 0 | D107: =D80 -> 0 | E107: =E80 -> 0
A108: E - Módulo 5 - Insumos Diversos | C108: =C88 -> 0 | D108: =D88 -> 0 | E108: =E88 -> 0
A109: Subtotal (A + B + C + D + E) | C109: =SUM(C104:C108) -> 0 | D109: =SUM(D104:D108) -> 0 | E109: =SUM(E104:E108) -> 0
...

Sheet C. Barb 40h
A1: ANEXO III
A2: MODELO DE PROPOSTA E PLANILHA DE CUSTOS E FORMAÇÃO DE PREÇOS
C4: 44h | D4: 40h | E4: 30h
B5: Salário Normativo da Categoria: | C5: ='M. Cal'!C4 -> 0 | D5: ='M. Cal'!D4 -> 0 | E5: ='M. Cal'!E4 -> 0
B6: Data base da Categoria: | C6: ='M. Cal'!$D$1 -> 44197 | D6: ='M. Cal'!$D$1 -> 44197 | E6: ='M. Cal'!$D$1 -> 44197
B7: Convenção Coletiva: | C7: ='M. Cal'!$C$1 -> 0 | D7: ='M. Cal'!$C$1 -> 0 | E7: ='M. Cal'!$C$1 -> 0
B8: CBO/MTE: | C8: 5143-20 | D8: 5143-20 | E8: 5143-20
A10: CUSTOS | B10: Percentuais e Valores de Referência | C10: Servente 20% | D10: Servente 40% | E10: Servente COVID
A11: MÓDULO 1: COMPOSIÇÃO DA REMUNERAÇÃO
A12: 1 - Composição da Remuneração | B12: Percentuais | C12: Valor (R$) | D12: Valor (R$) | E12: Valor (R$)
A13: A – Salário Base 40 horas | C13: =D5 -> 0 | D13: =D5 -> 0 | E13: =E5 -> 0
A14: B - Adicional de Insalubridade (20) | B14: 0.2 | C14: =C13*B14 -> 0 | E14: =E13*B14 -> 0
A15: C - Adicional de Insalubridade (40) | B15: 0.4 | D15: =D13*B15 -> 0
A16: D - Adicional Noturno
A17: E - Adicional de Hora Noturna Reduzida
A18: F - Adicional de Hora Extra no Feriado Trabalhado
A19: E - Outros (especificar)
A20: Total | C20: =SUM(C13:C19) -> 0 | D20: =SUM(D13:D19) -> 0 | E20: =SUM(E13:E19) -> 0
A22: MÓDULO 2: ENCARGOS E BENEFÍCIOS ANUAIS, MENSAIS E DIÁRIOS
A23: 2.1 - 13º Salário, Férias e Adicional de Férias | B23: Percentuais | C23: Valor (R$) | D23: Valor (R$) | E23: Valor (R$)
A24: A - 13º salário | B24: 0.0833 | C24: =ROUND($B24*C$20,2) -> 0 | D24: =ROUND($B24*D$20,2) -> 0 | E24: =ROUND($B24*E$20,2) -> 0
A25: B - Férias | B25: 0
A26: C - Adicional de Férias | B26: 0.0278 | C26: =C20*B26 -> 0 | D26: =D20*B26 -> 0 | E26: =E20*B26 -> 0
A27: Total | B27: =SUM(B24:B26) -> 0.1111 | C27: =SUM(C24:C25) -> 0 | D27: =SUM(D24:D25) -> 0 | E27: =SUM(E24:E25) -> 0
A28: 2.2 - Encargos Previdenciários e FGTS | B28: Percentuais | C28: Valor (R$) | D28: Valor (R$) | E28: Valor (R$)
A29: 2.2.1 - GPS
A30: A - INSS | B30: 0.2 | C30: =ROUND(($C$20+$C$27)*B30,2) -> 0 | D30: =ROUND(($D$20+$D$27)*B30,2) -> 0 | E30: =ROUND(($E$20+$E$27)*B30,2) -> 0
A31: B - Salário Educação | B31: 0.025 | C31: =ROUND(($C$20+$C$27)*B31,2) -> 0 | D31: =ROUND(($D$20+$D$27)*B31,2) -> 0 | E31: =ROUND(($E$20+$E$27)*B31,2) -> 0
A32: C - SAT | B32: 0.0225 | C32: =ROUND(($C$20+$C$27)*B32,2) -> 0 | D32: =ROUND(($D$20+$D$27)*B32,2) -> 0 | E32: =ROUND(($E$20+$E$27)*B32,2) -> 0
A33: D - SESI ou SESC | B33: 0.015 | C33: =ROUND(($C$20+$C$27)*B33,2) -> 0 | D33: =ROUND(($D$20+$D$27)*B33,2) -> 0 | E33: =ROUND(($E$20+$E$27)*B33,2) -> 0
A34: E - SENAI ou SENAC | B34: 0.01 | C34: =ROUND(($C$20+$C$27)*B34,2) -> 0 | D34: =ROUND(($D$20+$D$27)*B34,2) -> 0 | E34: =ROUND(($E$20+$E$27)*B34,2) -> 0
A35: F - SEBRAE | B35: 0.006 | C35: =ROUND(($C$20+$C$27)*B35,2) -> 0 | D35: =ROUND(($D$20+$D$27)*B35,2) -> 0 | E35: =ROUND(($E$20+$E$27)*B35,2) -> 0
A36: G - INCRA | B36: 0.002 | C36: =ROUND(($C$20+$C$27)*B36,2) -> 0 | D36: =ROUND(($D$20+$D$27)*B36,2) -> 0 | E36: =ROUND(($E$20+$E$27)*B36,2) -> 0
A37: 2.2.2 - FGTS
A38: F - FGTS | B38: 0.08 | C38: =ROUND(($C$20+$C$27)*B38,2) -> 0 | D38: =ROUND(($D$20+$D$27)*B38,2) -> 0 | E38: =ROUND(($E$20+$E$27)*B38,2) -> 0
A39: Total | B39: =SUM(B29:B38) -> 0.3605 | C39: =SUM(C29:C38) -> 0 | D39: =SUM(D29:D38) -> 0 | E39: =SUM(E29:E38) -> 0
A40: 2.3 - Benefícios Mensais e Diários | B40: Valores | C40: Valor (R$) | D40: Valor (R$) | E40: Valor (R$)
A41: A - Transporte | B41: ='M. Cal'!M11 -> 0 | C41: =ROUND(((2*22*$B$41)-0.06*$D$5),2) -> 0 | D41: =ROUND(((2*22*$B$41)-0.06*$D$5),2) -> 0 | E41: =ROUND(((2*22*$B$41)-0.06*$E$5),2) -> 0
A42: B - Auxílio-Refeição/Alimentação ( COM DESCONTO DE 19% - CCT RS) | B42: 18.2 | C42: ='M. Cal'!E7 -> 0 | D42: ='M. Cal'!E7 -> 0 | E42: ='M. Cal'!E7 -> 0
A43: C - Outros (especificar)
A44: D - Outros (especificar)
A45: Total | C45: =SUM(C41:C44) -> 0 | D45: =SUM(D41:D44) -> 0 | E45: =SUM(E41:E44) -> 0
A46: 2 - ENCARGOS E BENEFÍCIOS ANUAIS, MENSAIS E DIÁRIOS | B46: Percentuais | C46: Valor (R$) | D46: Valor (R$) | E46: Valor (R$)
A47: 2.1 - 13º Salário, Férias e Adicional de Férias | B47: =B27 -> 0.1111 | C47: =C27 -> 0 | D47: =D27 -> 0 | E47: =E27 -> 0
A48: 2.2 - GPS, FGTS e outras contribuições | B48: =B39 -> 0.3605 | C48: =C39 -> 0 | D48: =D39 -> 0 | E48: =E39 -> 0
A49: 2.3 - Benefícios Mensais e Diários | B49: R$ | C49: =C45 -> 0 | D49: =D45 -> 0 | E49: =E45 -> 0
A50: Total | C50: =SUM(C47:C49) -> 0 | D50: =SUM(D47:D49) -> 0 | E50: =SUM(E47:E49) -> 0
A52: MÓDULO 3: PROVISÃO PARA RESCISÃO
A53: 3 - Provisão para Rescisão | B53: Percentuais | C53: Valor (R$) | D53: Valor (R$) | E53: Valor (R$)
A54: 3.1 - Aviso Prévio Indenizado
A55: A - Aviso Prévio Indenizado | B55: =1/12*'M. Cal'!C12 -> 0.028225 | C55: =(C20+C27+C38+C45)*$B55 -> 0 | D55: =(D20+D27+D38+D45)*$B55 -> 0 | E55: =(E20+E27+E38+E45)*$B55 -> 0
A56: B - Multa do FGTS sobre Aviso Prévio Indenizado | B56: =0.4*'M. Cal'!C12 -> 0.13548 | C56: =C38*$B56 -> 0 | D56: =D38*$B56 -> 0 | E56: =E38*$B56 -> 0
A57: Total | C57: =SUM(C55:C56) -> 0 | D57: =SUM(D55:D56) -> 0 | E57: =SUM(E55:E56) -> 0
A58: 3.2 - Aviso Prévio Trabalhado | B58: Percentuais | C58: Valor (R$) | D58: Valor (R$) | E58: Valor (R$)
A59: A - Aviso Prévio Trabalhado | B59: =1/12*'M. Cal'!C13 -> 0.028225 | C59: =(C20+C50)*$B59 -> 0 | D59: =(D20+D50)*$B59 -> 0 | E59: =(E20+E50)*$B59 -> 0
A60: B - Multa do FGTS sobre Aviso Prévio Trabalhado | B60: =0.4*'M. Cal'!C13 -> 0.13548 | C60: =C38*$B60 -> 0 | D60: =D38*$B60 -> 0 | E60: =E38*$B60 -> 0
A61: Total | C61: =SUM(C59:C60) -> 0 | D61: =SUM(D59:D60) -> 0 | E61: =SUM(E59:E60) -> 0
A62: 3.3 - Demissão por Justa Causa | B62: Percentuais | C62: Valor (R$) | D62: Valor (R$) | E62: Valor (R$)
A63: A - Valor Provisionado do 13º Salário | B63: ='M. Cal'!C14 -> 0.0277 | C63: =(C24*B63)*-1 -> 0 | D63: =(D24*B63)*-1 -> 0 | E63: =(E24*B63)*-1 -> 0
A64: B - Valor Provisionado de Férias | B64: ='M. Cal'!C14 -> 0.0277 | C64: =(C25*B64)*-1 -> 0 | D64: =(D25*B64)*-1 -> 0 | E64: =(E25*B64)*-1 -> 0
A65: C - Valor Provisionado do Adicional de Férias | B65: ='M. Cal'!C14 -> 0.0277 | C65: =(C26*B65)*-1 -> 0 | D65: =(D26*B65)*-1 -> 0 | E65: =(E26*B65)*-1 -> 0
A66: Total | C66: =SUM(C63:C65) -> 0 | D66: =SUM(D63:D65) -> 0 | E66: =SUM(E63:E65) -> 0
A67: 3 - Provisão para Rescisão | B67: Percentuais | C67: Valor (R$) | D67: Valor (R$) | E67: Valor (R$)
A68: A - Aviso Prévio Indenizado | B68: ='M. Cal'!C12 -> 0.3387 | C68: =C57 -> 0 | D68: =D57 -> 0 | E68: =E57 -> 0
A69: B - Aviso Prévio Trabalhado | B69: ='M. Cal'!C13 -> 0.3387 | C69: =C61 -> 0 | D69: =D61 -> 0 | E69: =E61 -> 0
A70: C - Demissão por Justa Causa | B70: ='M. Cal'!C14 -> 0.0277 | C70: =C66 -> 0 | D70: =D66 -> 0 | E70: =E66 -> 0
A71: Total | C71: =SUM(C68:C70) -> 0 | D71: =SUM(D68:D70) -> 0 | E71: =SUM(E68:E70) -> 0
A73: MÓDULO 4: CUSTO DE REPOSIÇÃO DO PROFISSIONAL AUSENTE
A74: 4.1 - Ausências Legais
A75: A - Férias | C75: =((($C$20+$C$50+$C$71)/30)*'M. Cal'!F47)/12 -> 0 | D75: =((($D$20+$D$50+$D$71)/30)*'M. Cal'!F47)/12 -> 0 | E75: =((($E$20+$E$50+$E$71)/30)*'M. Cal'!F47)/12 -> 0
A76: B – Ausências Legais | C76: =(SUM('M. Cal'!$F$48,'M. Cal'!$F$50:$F$56,'M. Cal'!$F$58)*(C20+C50+C71)/30)/12 -> 0 | D76: =(SUM('M. Cal'!$F$48,'M. Cal'!$F$50:$F$56,'M. Cal'!$F$58)*(D20+D50+D71)/30)/12 -> 0 | E76: =(SUM('M. Cal'!$F$48,'M. Cal'!$F$50:$F$56,'M. Cal'!$F$58)*(E20+E50+E71)/30)/12 -> 0
A77: C - Licença-Maternidade | C77: =((($C$20+$C$50+$C$71)/30)*'M. Cal'!F57)/12 -> 0 | D77: =((($D$20+$D$50+$D$71)/30)*'M. Cal'!F57)/12 -> 0 | E77: =((($E$20+$E$50+$E$71)/30)*'M. Cal'!F57)/12 -> 0
A78: D - Ausências por acidente de trabalho | C78: =((($C$20+$C$50+$C$71)/30)*'M. Cal'!F49)/12 -> 0 | D78: =((($C$20+$C$50+$C$71)/30)*'M. Cal'!F49)/12 -> 0 | E78: =((($C$20+$C$50+$C$71)/30)*'M. Cal'!F49)/12 -> 0
A79: E - Outros
A80: Subtotal | B80: =SUM(B75:B79) -> 0 | C80: =SUM(C75:C79) -> 0 | D80: =SUM(D75:D79) -> 0 | E80: =SUM(E75:E79) -> 0
A82: MÓDULO 5: INSUMOS DE MÃO DE OBRA
A83: 5 - Insumos Diversos | B83: Valores | C83: Valor (R$) | D83: Valor (R$) | E83: Valor (R$)
A84: A - Uniformes | B84: =Insumos!E123 -> 0 | C84: =B84 -> 0 | D84: =B84 -> 0 | E84: =B84 -> 0
A85: B - Materiais e utensílios | C85: =Insumos!E58 -> 0 | D85: =Insumos!E58 -> 0 | E85: =Insumos!E69 -> 0
A86: C - Equipamentos | B86: =Insumos!E105 -> 0 | C86: =B86 -> 0 | D86: =B86 -> 0 | E86: 0
A87: D - EPIs | C87: =Insumos!E142 -> 0 | D87: =Insumos!E142 -> 0 | E87: =Insumos!E141 -> 0
A88: Total | C88: =SUM(C84:C87) -> 0 | D88: =SUM(D84:D87) -> 0 | E88: =SUM(E84:E87) -> 0
A90: MÓDULO 6: CUSTOS INDIRETOS, TRIBUTOS E LUCRO
A91: 6 - Custos Indiretos, Tributos e Lucro | B91: Percentuais | C91: Valor (R$) | D91: Valor (R$) | E91: Valor (R$)
A92: A - Custos Indiretos | B92: 0.03 | C92: =($C$20+$C$50+$C$71+$C$80+$C$88)*$B$92 -> 0 | D92: =($D$20+$D$50+$D$71+$D$80+$D$88)*B92 -> 0 | E92: =($E$20+$E$50+$E$71+$E$80+$E$88)*B92 -> 0
A93: B - Lucro | B93: ='M. Cal'!J10 -> 0.0679 | C93: =($C$20+$C$50+$C$71+$C$80+$C$88)*B93 -> 0 | D93: =($D$20+$D$50+$D$71+$D$80+$D$88)*B93 -> 0 | E93: =($E$20+$E$50+$E$71+$E$80+$E$88)*B93 -> 0
A94: C - Tributos (Utilizar os percentuais de acordo com o regime tributário a que estiver sujeito) | B94: =SUM(B95:B98) -> 0.0925 | C94: =($C$20+$C$50+$C$71+$C$80+$C$88)*B94 -> 0 | D94: =($D$20+$D$50+$D$71+$D$80+$D$88)*B94 -> 0 | E94: =($E$20+$E$50+$E$71+$E$80+$E$88)*B94 -> 0
A95: C.1 - Tributos Federais (PIS e COFINS) | B95: =0.0165+0.076 -> 0.0925 | C95: =($C$20+$C$50+$C$71+$C$80+$C$88)*B95 -> 0 | D95: =($D$20+$D$50+$D$71+$D$80+$D$88)*B95 -> 0 | E95: =($E$20+$E$50+$E$71+$E$80+$E$88)*B95 -> 0
A96: C.2 - Tributos Estaduais (especificar) | C96: =($C$20+$C$50+$C$71+$C$80+$C$88)*B96 -> 0 | D96: =($D$20+$D$50+$D$71+$D$80+$D$88)*B96 -> 0 | E96: =($E$20+$E$50+$E$71+$E$80+$E$88)*B96 -> 0
A97: C.3 - Tributos Municipais (especificar) | B97: ='M. Cal'!L11 -> 0 | C97: =($C$20+$C$50+$C$71+$C$80+$C$88)*B97 -> 0 | D97: =($D$20+$D$50+$D$71+$D$80+$D$88)*B97 -> 0 | E97: =($E$20+$E$50+$E$71+$E$80+$E$88)*B97 -> 0
A98: C.4 - Outros Tributos (especificar)
A99: Total | C99: =SUM(C92:C94) -> 0 | D99: =SUM(D92:D94) -> 0 | E99: =SUM(E92:E94) -> 0
A102: QUADRO RESUMO DO CUSTO POR EMPREGADO | C102: Servente 20% | D102: Servente 40% | E102: COVID
A103: Mão de obra vinculada à execução contratual (valor por empregado) | C103: Valor (R$) | D103: Valor (R$) | E103: Valor (R$)
A104: A - Módulo 1 - Composição da Remuneração | C104: =C20 -> 0 | D104: =D20 -> 0 | E104: =E20 -> 0
A105: B - Módulo 2 - Encargos e Benefícios Anuais, Mensais e Diários | C105: =C50 -> 0 | D105: =D50 -> 0 | E105: =E50 -> 0
A106: C - Módulo 3 - Provisão para Rescisão | C106: =C71 -> 0 | D106: =D71 -> 0 | E106: =E71 -> 0
A107: D - Módulo 4 - Custos de Reposição do Profissional Ausente | C107: =C80 -> 0 | D107: =D80 -> 0 | E107: =E80 -> 0
A108: E - Módulo 5 - Insumos Diversos | C108: =C88 -> 0 | D108: =D88 -> 0 | E108: =E88 -> 0
A109: Subtotal (A + B + C + D + E) | C109: =SUM(C104:C108) -> 0 | D109: =SUM(D104:D108) -> 0 | E109: =SUM(E104:E108) -> 0
...

Sheet F. Cun 40h
A1: ANEXO III
A2: MODELO DE PROPOSTA E PLANILHA DE CUSTOS E FORMAÇÃO DE PREÇOS
C4: 44h | D4: 40h | E4: 30h
B5: Salário Normativo da Categoria: | C5: ='M. Cal'!C4 -> 0 | D5: ='M. Cal'!D4 -> 0 | E5: ='M. Cal'!E4 -> 0
B6: Data base da Categoria: | C6: ='M. Cal'!$D$1 -> 44197 | D6: ='M. Cal'!$D$1 -> 44197 | E6: ='M. Cal'!$D$1 -> 44197
B7: Convenção Coletiva: | C7: ='M. Cal'!$C$1 -> 0 | D7: ='M. Cal'!$C$1 -> 0 | E7: ='M. Cal'!$C$1 -> 0
B8: CBO/MTE: | C8: 5143-20 | D8: 5143-20 | E8: 5143-20
A10: CUSTOS | B10: Percentuais e Valores de Referência | C10: Servente 20% | D10: Servente 40% | E10: Servente COVID
A11: MÓDULO 1: COMPOSIÇÃO DA REMUNERAÇÃO
A12: 1 - Composição da Remuneração | B12: Percentuais | C12: Valor (R$) | D12: Valor (R$) | E12: Valor (R$)
A13: A – Salário Base 40 horas | C13: =D5 -> 0 | D13: =D5 -> 0 | E13: =E5 -> 0
A14: B - Adicional de Insalubridade (20) | B14: 0.2 | C14: =C13*B14 -> 0 | E14: =E13*B14 -> 0
A15: C - Adicional de Insalubridade (40) | B15: 0.4 | D15: =D13*B15 -> 0
A16: D - Adicional Noturno
A17: E - Adicional de Hora Noturna Reduzida
A18: F - Adicional de Hora Extra no Feriado Trabalhado
A19: E - Outros (especificar)
A20: Total | C20: =SUM(C13:C19) -> 0 | D20: =SUM(D13:D19) -> 0 | E20: =SUM(E13:E19) -> 0
A22: MÓDULO 2: ENCARGOS E BENEFÍCIOS ANUAIS, MENSAIS E DIÁRIOS
A23: 2.1 - 13º Salário, Férias e Adicional de Férias | B23: Percentuais | C23: Valor (R$) | D23: Valor (R$) | E23: Valor (R$)
A24: A - 13º salário | B24: 0.0833 | C24: =ROUND($B24*C$20,2) -> 0 | D24: =ROUND($B24*D$20,2) -> 0 | E24: =ROUND($B24*E$20,2) -> 0
A25: B - Férias | B25: 0
A26: C - Adicional de Férias | B26: 0.0278 | C26: =C20*B26 -> 0 | D26: =D20*B26 -> 0 | E26: =E20*B26 -> 0
A27: Total | B27: =SUM(B24:B26) -> 0.1111 | C27: =SUM(C24:C25) -> 0 | D27: =SUM(D24:D25) -> 0 | E27: =SUM(E24:E25) -> 0
A28: 2.2 - Encargos Previdenciários e FGTS | B28: Percentuais | C28: Valor (R$) | D28: Valor (R$) | E28: Valor (R$)
A29: 2.2.1 - GPS
A30: A - INSS | B30: 0.2 | C30: =ROUND(($C$20+$C$27)*B30,2) -> 0 | D30: =ROUND(($D$20+$D$27)*B30,2) -> 0 | E30: =ROUND(($E$20+$E$27)*B30,2) -> 0
A31: B - Salário Educação | B31: 0.025 | C31: =ROUND(($C$20+$C$27)*B31,2) -> 0 | D31: =ROUND(($D$20+$D$27)*B31,2) -> 0 | E31: =ROUND(($E$20+$E$27)*B31,2) -> 0
A32: C - SAT | B32: 0.0225 | C32: =ROUND(($C$20+$C$27)*B32,2) -> 0 | D32: =ROUND(($D$20+$D$27)*B32,2) -> 0 | E32: =ROUND(($E$20+$E$27)*B32,2) -> 0
A33: D - SESI ou SESC | B33: 0.015 | C33: =ROUND(($C$20+$C$27)*B33,2) -> 0 | D33: =ROUND(($D$20+$D$27)*B33,2) -> 0 | E33: =ROUND(($E$20+$E$27)*B33,2) -> 0
A34: E - SENAI ou SENAC | B34: 0.01 | C34: =ROUND(($C$20+$C$27)*B34,2) -> 0 | D34: =ROUND(($D$20+$D$27)*B34,2) -> 0 | E34: =ROUND(($E$20+$E$27)*B34,2) -> 0
A35: F - SEBRAE | B35: 0.006 | C35: =ROUND(($C$20+$C$27)*B35,2) -> 0 | D35: =ROUND(($D$20+$D$27)*B35,2) -> 0 | E35: =ROUND(($E$20+$E$27)*B35,2) -> 0
A36: G - INCRA | B36: 0.002 | C36: =ROUND(($C$20+$C$27)*B36,2) -> 0 | D36: =ROUND(($D$20+$D$27)*B36,2) -> 0 | E36: =ROUND(($E$20+$E$27)*B36,2) -> 0
A37: 2.2.2 - FGTS
A38: F - FGTS | B38: 0.08 | C38: =ROUND(($C$20+$C$27)*B38,2) -> 0 | D38: =ROUND(($D$20+$D$27)*B38,2) -> 0 | E38: =ROUND(($E$20+$E$27)*B38,2) -> 0
A39: Total | B39: =SUM(B29:B38) -> 0.3605 | C39: =SUM(C29:C38) -> 0 | D39: =SUM(D29:D38) -> 0 | E39: =SUM(E29:E38) -> 0
A40: 2.3 - Benefícios Mensais e Diários | B40: Valores | C40: Valor (R$) | D40: Valor (R$) | E40: Valor (R$)
A41: A - Transporte | B41: ='M. Cal'!M12 -> 0 | C41: =ROUND(((2*22*$B$41)-0.06*$D$5),2) -> 0 | D41: =ROUND(((2*22*$B$41)-0.06*$D$5),2) -> 0 | E41: =ROUND(((2*22*$B$41)-0.06*$E$5),2) -> 0
A42: B - Auxílio-Refeição/Alimentação ( COM DESCONTO DE 19% - CCT RS) | B42: 18.2 | C42: ='M. Cal'!E7 -> 0 | D42: ='M. Cal'!E7 -> 0 | E42: ='M. Cal'!E7 -> 0
A43: C - Outros (especificar)
A44: D - Outros (especificar)
A45: Total | C45: =SUM(C41:C44) -> 0 | D45: =SUM(D41:D44) -> 0 | E45: =SUM(E41:E44) -> 0
A46: 2 - ENCARGOS E BENEFÍCIOS ANUAIS, MENSAIS E DIÁRIOS | B46: Percentuais | C46: Valor (R$) | D46: Valor (R$) | E46: Valor (R$)
A47: 2.1 - 13º Salário, Férias e Adicional de Férias | B47: =B27 -> 0.1111 | C47: =C27 -> 0 | D47: =D27 -> 0 | E47: =E27 -> 0
A48: 2.2 - GPS, FGTS e outras contribuições | B48: =B39 -> 0.3605 | C48: =C39 -> 0 | D48: =D39 -> 0 | E48: =E39 -> 0
A49: 2.3 - Benefícios Mensais e Diários | B49: R$ | C49: =C45 -> 0 | D49: =D45 -> 0 | E49: =E45 -> 0
A50: Total | C50: =SUM(C47:C49) -> 0 | D50: =SUM(D47:D49) -> 0 | E50: =SUM(E47:E49) -> 0
A52: MÓDULO 3: PROVISÃO PARA RESCISÃO
A53: 3 - Provisão para Rescisão | B53: Percentuais | C53: Valor (R$) | D53: Valor (R$) | E53: Valor (R$)
A54: 3.1 - Aviso Prévio Indenizado
A55: A - Aviso Prévio Indenizado | B55: =1/12*'M. Cal'!C12 -> 0.028225 | C55: =(C20+C27+C38+C45)*$B55 -> 0 | D55: =(D20+D27+D38+D45)*$B55 -> 0 | E55: =(E20+E27+E38+E45)*$B55 -> 0
A56: B - Multa do FGTS sobre Aviso Prévio Indenizado | B56: =0.4*'M. Cal'!C12 -> 0.13548 | C56: =C38*$B56 -> 0 | D56: =D38*$B56 -> 0 | E56: =E38*$B56 -> 0
A57: Total | C57: =SUM(C55:C56) -> 0 | D57: =SUM(D55:D56) -> 0 | E57: =SUM(E55:E56) -> 0
A58: 3.2 - Aviso Prévio Trabalhado | B58: Percentuais | C58: Valor (R$) | D58: Valor (R$) | E58: Valor (R$)
A59: A - Aviso Prévio Trabalhado | B59: =1/12*'M. Cal'!C13 -> 0.028225 | C59: =(C20+C50)*$B59 -> 0 | D59: =(D20+D50)*$B59 -> 0 | E59: =(E20+E50)*$B59 -> 0
A60: B - Multa do FGTS sobre Aviso Prévio Trabalhado | B60: =0.4*'M. Cal'!C13 -> 0.13548 | C60: =C38*$B60 -> 0 | D60: =D38*$B60 -> 0 | E60: =E38*$B60 -> 0
A61: Total | C61: =SUM(C59:C60) -> 0 | D61: =SUM(D59:D60) -> 0 | E61: =SUM(E59:E60) -> 0
A62: 3.3 - Demissão por Justa Causa | B62: Percentuais | C62: Valor (R$) | D62: Valor (R$) | E62: Valor (R$)
A63: A - Valor Provisionado do 13º Salário | B63: ='M. Cal'!C14 -> 0.0277 | C63: =(C24*B63)*-1 -> 0 | D63: =(D24*B63)*-1 -> 0 | E63: =(E24*B63)*-1 -> 0
A64: B - Valor Provisionado de Férias | B64: ='M. Cal'!C14 -> 0.0277 | C64: =(C25*B64)*-1 -> 0 | D64: =(D25*B64)*-1 -> 0 | E64: =(E25*B64)*-1 -> 0
A65: C - Valor Provisionado do Adicional de Férias | B65: ='M. Cal'!C14 -> 0.0277 | C65: =(C26*B65)*-1 -> 0 | D65: =(D26*B65)*-1 -> 0 | E65: =(E26*B65)*-1 -> 0
A66: Total | C66: =SUM(C63:C65) -> 0 | D66: =SUM(D63:D65) -> 0 | E66: =SUM(E63:E65) -> 0
A67: 3 - Provisão para Rescisão | B67: Percentuais | C67: Valor (R$) | D67: Valor (R$) | E67: Valor (R$)
A68: A - Aviso Prévio Indenizado | B68: ='M. Cal'!C12 -> 0.3387 | C68: =C57 -> 0 | D68: =D57 -> 0 | E68: =E57 -> 0
A69: B - Aviso Prévio Trabalhado | B69: ='M. Cal'!C13 -> 0.3387 | C69: =C61 -> 0 | D69: =D61 -> 0 | E69: =E61 -> 0
A70: C - Demissão por Justa Causa | B70: ='M. Cal'!C14 -> 0.0277 | C70: =C66 -> 0 | D70: =D66 -> 0 | E70: =E66 -> 0
A71: Total | C71: =SUM(C68:C70) -> 0 | D71: =SUM(D68:D70) -> 0 | E71: =SUM(E68:E70) -> 0
A73: MÓDULO 4: CUSTO DE REPOSIÇÃO DO PROFISSIONAL AUSENTE
A74: 4.1 - Ausências Legais
A75: A - Férias | C75: =((($C$20+$C$50+$C$71)/30)*'M. Cal'!F47)/12 -> 0 | D75: =((($D$20+$D$50+$D$71)/30)*'M. Cal'!F47)/12 -> 0 | E75: =((($E$20+$E$50+$E$71)/30)*'M. Cal'!F47)/12 -> 0
A76: B – Ausências Legais | C76: =(SUM('M. Cal'!$F$48,'M. Cal'!$F$50:$F$56,'M. Cal'!$F$58)*(C20+C50+C71)/30)/12 -> 0 | D76: =(SUM('M. Cal'!$F$48,'M. Cal'!$F$50:$F$56,'M. Cal'!$F$58)*(D20+D50+D71)/30)/12 -> 0 | E76: =(SUM('M. Cal'!$F$48,'M. Cal'!$F$50:$F$56,'M. Cal'!$F$58)*(E20+E50+E71)/30)/12 -> 0
A77: C - Licença-Maternidade | C77: =((($C$20+$C$50+$C$71)/30)*'M. Cal'!F57)/12 -> 0 | D77: =((($D$20+$D$50+$D$71)/30)*'M. Cal'!F57)/12 -> 0 | E77: =((($E$20+$E$50+$E$71)/30)*'M. Cal'!F57)/12 -> 0
A78: D - Ausências por acidente de trabalho | C78: =((($C$20+$C$50+$C$71)/30)*'M. Cal'!F49)/12 -> 0 | D78: =((($C$20+$C$50+$C$71)/30)*'M. Cal'!F49)/12 -> 0 | E78: =((($C$20+$C$50+$C$71)/30)*'M. Cal'!F49)/12 -> 0
A79: E - Outros
A80: Subtotal | B80: =SUM(B75:B79) -> 0 | C80: =SUM(C75:C79) -> 0 | D80: =SUM(D75:D79) -> 0 | E80: =SUM(E75:E79) -> 0
A82: MÓDULO 5: INSUMOS DE MÃO DE OBRA
A83: 5 - Insumos Diversos | B83: Valores | C83: Valor (R$) | D83: Valor (R$) | E83: Valor (R$)
A84: A - Uniformes | B84: =Insumos!E123 -> 0 | C84: =B84 -> 0 | D84: =B84 -> 0 | E84: =B84 -> 0
A85: B - Materiais e utensílios | C85: =Insumos!E58 -> 0 | D85: =Insumos!E58 -> 0 | E85: =Insumos!E69 -> 0
A86: C - Equipamentos | B86: =Insumos!E105 -> 0 | C86: =B86 -> 0 | D86: =B86 -> 0 | E86: 0
A87: D - EPIs | C87: =Insumos!E142 -> 0 | D87: =Insumos!E142 -> 0 | E87: =Insumos!E141 -> 0
A88: Total | C88: =SUM(C84:C87) -> 0 | D88: =SUM(D84:D87) -> 0 | E88: =SUM(E84:E87) -> 0
A90: MÓDULO 6: CUSTOS INDIRETOS, TRIBUTOS E LUCRO
A91: 6 - Custos Indiretos, Tributos e Lucro | B91: Percentuais | C91: Valor (R$) | D91: Valor (R$) | E91: Valor (R$)
A92: A - Custos Indiretos | B92: 0.03 | C92: =($C$20+$C$50+$C$71+$C$80+$C$88)*$B$92 -> 0 | D92: =($D$20+$D$50+$D$71+$D$80+$D$88)*B92 -> 0 | E92: =($E$20+$E$50+$E$71+$E$80+$E$88)*B92 -> 0
A93: B - Lucro | B93: ='M. Cal'!J10 -> 0.0679 | C93: =($C$20+$C$50+$C$71+$C$80+$C$88)*B93 -> 0 | D93: =($D$20+$D$50+$D$71+$D$80+$D$88)*B93 -> 0 | E93: =($E$20+$E$50+$E$71+$E$80+$E$88)*B93 -> 0
A94: C - Tributos (Utilizar os percentuais de acordo com o regime tributário a que estiver sujeito) | B94: =SUM(B95:B98) -> 0.0925 | C94: =($C$20+$C$50+$C$71+$C$80+$C$88)*B94 -> 0 | D94: =($D$20+$D$50+$D$71+$D$80+$D$88)*B94 -> 0 | E94: =($E$20+$E$50+$E$71+$E$80+$E$88)*B94 -> 0
A95: C.1 - Tributos Federais (PIS e COFINS) | B95: =0.0165+0.076 -> 0.0925 | C95: =($C$20+$C$50+$C$71+$C$80+$C$88)*B95 -> 0 | D95: =($D$20+$D$50+$D$71+$D$80+$D$88)*B95 -> 0 | E95: =($E$20+$E$50+$E$71+$E$80+$E$88)*B95 -> 0
A96: C.2 - Tributos Estaduais (especificar) | C96: =($C$20+$C$50+$C$71+$C$80+$C$88)*B96 -> 0 | D96: =($D$20+$D$50+$D$71+$D$80+$D$88)*B96 -> 0 | E96: =($E$20+$E$50+$E$71+$E$80+$E$88)*B96 -> 0
A97: C.3 - Tributos Municipais (especificar) | B97: ='M. Cal'!L12 -> 0 | C97: =($C$20+$C$50+$C$71+$C$80+$C$88)*B97 -> 0 | D97: =($D$20+$D$50+$D$71+$D$80+$D$88)*B97 -> 0 | E97: =($E$20+$E$50+$E$71+$E$80+$E$88)*B97 -> 0
A98: C.4 - Outros Tributos (especificar)
A99: Total | C99: =SUM(C92:C94) -> 0 | D99: =SUM(D92:D94) -> 0 | E99: =SUM(E92:E94) -> 0
A102: QUADRO RESUMO DO CUSTO POR EMPREGADO | C102: Servente 20% | D102: Servente 40% | E102: COVID
A103: Mão de obra vinculada à execução contratual (valor por empregado) | C103: Valor (R$) | D103: Valor (R$) | E103: Valor (R$)
A104: A - Módulo 1 - Composição da Remuneração | C104: =C20 -> 0 | D104: =D20 -> 0 | E104: =E20 -> 0
A105: B - Módulo 2 - Encargos e Benefícios Anuais, Mensais e Diários | C105: =C50 -> 0 | D105: =D50 -> 0 | E105: =E50 -> 0
A106: C - Módulo 3 - Provisão para Rescisão | C106: =C71 -> 0 | D106: =D71 -> 0 | E106: =E71 -> 0
A107: D - Módulo 4 - Custos de Reposição do Profissional Ausente | C107: =C80 -> 0 | D107: =D80 -> 0 | E107: =E80 -> 0
A108: E - Módulo 5 - Insumos Diversos | C108: =C88 -> 0 | D108: =D88 -> 0 | E108: =E88 -> 0
A109: Subtotal (A + B + C + D + E) | C109: =SUM(C104:C108) -> 0 | D109: =SUM(D104:D108) -> 0 | E109: =SUM(E104:E108) -> 0
...

Sheet M. Cal
B1: CCT | C1: RS000078/2021 | D1: 44197 | K1: Unidade Orgânica | L1: ISS | M1: VT
C2: Carga horária semanal | K2: GERÊNCIA EXECUTIVA CAXIAS DO SUL
C3: 44 | D3: 40 | E3: 30 | F3: =D4*C5 -> 0 | K3: APS BENTO GONÇALVES
B4: Salário Base | D4: =C4/C3*D3 -> 0 | E4: =C4/C3*E3 -> 0 | F4: =E4*C5 -> 0 | K4: APS CANELA
B5: Encarregado | C5: 0.4012 | D5: =D4+F3 -> 0 | E5: =E4+F4 -> 0 | K5: APS CAXIAS DO SUL
D6: custo empregado | E6: custo da empresa | K6: APS FARROUPILHA
B7: Auxílio alimentação | D7: 0.19 | E7: =ROUND(C7*0.81*22,2) -> 0 | K7: APS GARIBALDI
B8: Auxílio transporte | D8: 0.06 | K8: APS VACARIA
J9: Lucro | K9: APS VERANÓPOLIS
D10: 3.1 | J10: 0.0679 | K10: APS NOVA PRATA
B11: módulo 3 | D11: Aviso prévio indenizado | G11: multa FGTS | K11: APS CARLOS BARBOSA
B12: 3.1 Indenizado | C12: 0.3387 | D12: BC | E12: Provisionamento | F12: Valor | G12: BC | H12: % multa | I12: valor | K12: APS FLORES DA CUNHA
B13: 3.2 Trabalhado | C13: 0.3387 | D13: Mod 1+Mod 2 (sem GPS) | E13: 12 | F13: D/E | G13: FGTS na planilha | H13: 0.4 | I13: G*H | K13: CEDOCPREV CAXIAS
B14: 3.3. Justa Causa | C14: 0.0277
D15: Custo aviso prévio indenizado
D16: BC | E16: Percentual | F16: Valor | G16: =67.74/12 -> 5.645
D17: F11+I11 | E17: 0.3387 | F17: D*E
D20: 3.2
D21: Aviso prévio trabalhado | G21: multa FGTS
D22: BC | E22: Provisionamento | F22: Valor | G22: BC | H22: % multa | I22: valor
D23: Mod 1+ Mod 2 | E23: 12 | F23: D/E | G23: FGTS na planilha | H23: 0.4 | I23: G*H
D25: Custo aviso prévio trabalhado
D26: BC | E26: Percentual | F26: Valor
D27: F21+I21 | E27: 0.3387 | F27: D*E
D30: 3.3
D31: Demissões por justa causa
D32: provisão 13º | E32: provisão férias | F32: provisão 1/3 | G32: valor
D33: (-) | E33: (-) | F33: (-) | G33: D+E+F (-)
D35: Custo da demissão com justa causa
D36: BC | E36: Percentual | F36: valor
D37: G31 | E37: 0.0277 | F37: D*E
D39: Total módulo 3
D40: 3.1 | E40: 3.2 | F40: 3.3 | G40: Total
D41: F15 | E41: F25 | F41: F35 | G41: D+E+F
B44: módulo 4
B45: 2021 | C45: 253 | D45: dias úteis
B46: Categoria | C46: Incidência anual | D46: duração legal
B47: Férias | C47: 1 | D47: 30 | E47: =C45/365 -> 0.69315068 | F47: =(C47*D47)*E47 -> 20.794521
B48: Ausência justificada | C48: 1 | D48: 1 | E48: 1 | F48: =(C48*D48)*E48 -> 1
B49: Acidente trabalho | C49: 0.0922 | D49: 15 | E49: 0.6932 | F49: =(C49*D49)*E49 -> 0.9586956
B50: Afastamento por doença | C50: 1 | D50: 5 | E50: 0.6932 | F50: =(C50*D50)*E50 -> 3.466
B51: Consulta médica filho | C51: 0.1344 | D51: 2 | E51: 1 | F51: =(C51*D51)*E51 -> 0.2688
B52: Óbitos na família | C52: 0.0305 | D52: 2 | E52: 0.6932 | F52: =(C52*D52)*E52 -> 0.0422852
B53: Casamento | C53: 0.0118 | D53: 3 | E53: 1 | F53: =(C53*D53)*E53 -> 0.0354
B54: Doação de sangue | C54: 0.02 | D54: 1 | E54: 1 | F54: =(C54*D54)*E54 -> 0.02
B55: Testemunho | C55: 0.004 | D55: 1 | E55: 1 | F55: =(C55*D55)*E55 -> 0.004
B56: Paternidade | C56: 0.0143 | D56: 20 | E56: 0.6932 | F56: =(C56*D56)*E56 -> 0.1982552
B57: Maternidade | C57: 0.0197 | D57: 180 | E57: 0.6932 | F57: =(C57*D57)*E57 -> 2.4580872
B58: Consulta pré-natal | C58: 0.0016 | D58: 6 | E58: 1 | F58: =(C58*D58)*E58 -> 0.0096
F59: =SUM(F47:F58) -> 29.255644
C60: Custo diário
C61: BC | D61: divisor | E61: valor
C62: mod 1+ mod 2+ mod 3 | D62: 30 | E62: C/D
C64: Custo de reposição do profissional ausente
C65: Custo diário | D65: necessidade de reposição | E65: custo anual | F65: custo mensal
C66: E60 | D66: F59 | E66: C*D | F66: E/12

Sheet Insumos
A1: MATERIAIS | H1: Formalização da pesquisa de preços
A2: DISCRIMINAÇÃO | B2: UNIDADE | C2: QUANTIDADE DEFINIDA | D2: CUSTO MÉDIO (R$) | E2: CUSTO MENSAL MATERIAIS (R$) | F2: USO(*) | H2: Art. 3º A pesquisa de preços será materializada em documento que conterá, no mínimo:
A3: Ácido Muriático | B3: litro | C3: 6 | D3: 0 | E3: =C3*D3 -> 0 | F3: VII | H3: I - identificação do agente responsável pela cotação;
A4: Agua Sanitária | B4: litro | C4: 80 | D4: 0 | E4: =C4*D4 -> 0 | F4: II,III | H4: II - caracterização das fontes consultadas;
A5: Álcool Gel 70% | B5: 500 ml | C5: 50 | D5: 0 | E5: =C5*D5 -> 0 | F5: IX | H5: III - série de preços coletados;
A6: Álcool Liquido 70% | B6: litro | C6: 20 | D6: 0 | E6: =C6*D6 -> 0 | F6: IX | H6: V - justificativas para a metodologia utilizada, em especial para a desconsideração de valores inexequíveis, inconsistentes e excessivamente elevados, se aplicável.
A7: Cera Líquida | B7: 750ml | C7: 20 | D7: 0 | E7: =C7*D7 -> 0 | F7: I, X
A8: Desinfetante de uso geral/banheiro | B8: 5 litros | C8: 16 | D8: 0 | E8: =C8*D8 -> 0 | F8: II, X | H8: * quantidade histórica da repactuação Caxias do Sul
A9: Desincrustante limpeza pesada | B9: 5 litros | C9: 2 | D9: 0 | E9: =C9*D9 -> 0 | F9: I, II, VII
A10: Detergente liquido neutro | B10: 5 litros | C10: 5 | D10: 0 | E10: =C10*D10 -> 0 | F10: X
A11: Detergente para Louça | B11: 500 ml | C11: 16 | D11: 0 | E11: =C11*D11 -> 0 | F11: II
A12: Estopa 500g | B12: Unidade | C12: 12 | D12: 0 | E12: =C12*D12 -> 0 | F12: I, II, X
A13: Fibra de limpeza verde, 230mmx150mm | B13: Unidade | C13: 12 | D13: 0 | E13: =C13*D13 -> 0 | F13: I
A14: Esponja dupla face, 110mmx75mmx20mm | B14: Unidade | C14: 24 | D14: 0 | E14: =C14*D14 -> 0 | F14: II, X
A15: Flanela de algodão 40cm x 60cm | B15: Unidade | C15: =(2*15) -> 30 | D15: 0 | E15: =C15*D15 -> 0 | F15: II,, III, XI,X | H15: =4.5*22 -> 99
A16: Inseticida aerosol 300ml | B16: Unidade | C16: 3 | D16: 0 | E16: =C16*D16 -> 0 | F16: I, II,X
A17: Lã de aço fina uso doméstico | B17: PC 8UN | C17: 5 | D17: 0 | E17: =C17*D17 -> 0 | F17: II
A18: Limpa-metais (polidor) | B18: 500 ml | C18: 3 | D18: 0 | E18: =C18*D18 -> 0 | F18: VI
A19: Limpa Vidro líquido | B19: 500ml | C19: 25 | D19: 0 | E19: =C19*D19 -> 0 | F19: IV
A20: Limpador Multiuso (Veja ou similar) | B20: 500 ml | C20: 15 | D20: 0 | E20: =C20*D20 -> 0 | F20: X
A21: Lustra Móveis líquido | B21: 100 ml | C21: 3 | D21: 0 | E21: =C21*D21 -> 0 | F21: IX
A22: Luva borracha para limpeza (tamanho p/m/g) | B22: Par | C22: 15 | D22: 0 | E22: =C22*D22 -> 0 | F22: X
A23: Odorizador de ambiente spray 360ml | B23: Unidade | C23: 12 | D23: 0 | E23: =C23*D23 -> 0 | F23: II
A24: Pano para limpeza algodão alvejado 70 x 45 cm ( 120g) | B24: Unidade | C24: 16 | D24: 0 | E24: =C24*D24 -> 0 | F24: X
A25: Papel higiênico 1ª qual, branca, fl. dupla 30m x 10cm ( farto 64un) | B25: Fardo 64un | C25: 6 | D25: 0 | E25: =C25*D25 -> 0 | F25: II
A26: Papel Higiênico Rolão com 300 metros x 10 cm (BRANCO, MACIO) | B26: Rolão ( fardo 8un) | C26: 56 | D26: 0 | E26: =C26*D26 -> 0 | F26: II
A27: Papel Toalha interfolhada, cor branca, 21cmx22cm PC com 1000 fls | B27: Pacote | C27: 40 | D27: 0 | E27: =C27*D27 -> 0 | F27: II
... A36: Saco para Lixo reforçado 100L | B36: pcte 100 un | C36: 20 | D36: 0 | E36: =C36*D36 -> 0 | F36: X
A37: UTENSÍLIOS
A38: DISCRIMINAÇÃO | B38: UNIDADE | C38: QUANTIDADE DEFINIDA (anual) | D38: CUSTO MÉDIO (R$) | E38: CUSTO MENSAL MATERIAIS (R$) | F38: USO(*)
A39: Balde de Plástico 10L a 20L | B39: Unidade | C39: 52 | D39: 0 | E39: =C39*D39/12 -> 0 | F39: X
A40: Desentupidor de Pia | B40: Unidade | C40: 12 | D40: 0 | E40: =C40*D40/12 -> 0 | F40: II
A41: Desentupidor de Vaso Sanitário | B41: Unidade | C41: 12 | D41: 0 | E41: =C41*D41/12 -> 0 | F41: II
A42: Disco Para Enceradeira | B42: Unidade | C42: 12 | D42: 0 | E42: =C42*D42/12 -> 0 | F42: X
A43: Escova sanitária com suporte | B43: Unidade | C43: 32 | D43: 0 | E43: =C43*D43/12 -> 0 | F43: II
A44: Escova para Enceradeira | B44: Unidade | C44: 12 | D44: 0 | E44: =C44*D44/12 -> 0 | F44: X
A45: Escova de Nylon para tangue | B45: Unidade | C45: 24 | D45: 0 | E45: =C45*D45/12 -> 0 | F45: II,X
A46: Espanador de pó, penas, cabo 40 a 60 cm | B46: Unidade | C46: 12 | D46: 0 | E46: =C46*D46/12 -> 0 | F46: X
A47: Mop Seco | B47: Unidade | C47: 15 | D47: 0 | E47: =C47*D47/12 -> 0 | F47: I,II,V
A48: Mop Úmido | B48: Unidade | C48: 15 | D48: 0 | E48: =C48*D48/12 -> 0 | F48: I,II,V
A49: Pá plastido p/ coleta de lixo, cabo longo 80 cm | B49: Unidade | C49: 15 | D49: 0 | E49: =C49*D49/12 -> 0 | F49: X
A50: Rodo espuma com cabo comprido, 40 a 60 cm | B50: Unidade | C50: 12 | D50: 0 | E50: =C50*D50/12 -> 0 | F50: IV
... A56: Vassoura de palha | B56: Unidade | C56: 12 | D56: 0 | E56: =C56*D56/12 -> 0 | F56: X
A57: TOTAL GERAL | E57: =SUM(E3:E36,E39:E56) -> 0
A58: VALOR POR SERVENTE | E58: =E57/Resumo!B15 -> 0
A60: MATERIAIS/UTENSÍLIOS PARA ÁREA SANITIZAÇÃO
A61: DISCRIMINAÇÃO | B61: UNIDADE | C61: QUANTIDADE DEFINIDA (mensal) | D61: CUSTO MÉDIO (R$) | E61: CUSTO MENSAL MATERIAIS (R$) | F61: USO(*)
A62: Álcool isopropílico | B62: litro | C62: 20 | D62: 0 | E62: =C62*D62 -> 0 | F62: III
A63: Álcool Liquido 70% | B63: litro | C63: =(9*0.5*22) -> 99 | D63: 0 | E63: =C63*D63 -> 0 | F63: IX
A64: Flanela de algodão 40cm x 60cm | B64: Unidade | C64: =(4*9) -> 36 | D64: 0 | E64: =C64*D64 -> 0 | F64: XI
A65: Saco para Lixo Leitoso reforçado 10L | B65: pcte 100 un | C65: =(2*4*9*22) -> 1584 | D65: 0 | E65: =C65*D65 -> 0 | F65: V
A66: DISCRIMINAÇÃO | B66: UNIDADE | C66: QUANTIDADE DEFINIDA (anual) | D66: CUSTO MÉDIO (R$) | E66: CUSTO MENSAL MATERIAIS (R$) | F66: USO(*)
A67: Borrifador 350ml de Álcool de 350ml a 500 ml | B67: Unidade | C67: =(2*9*4) -> 72 | D67: 0 | E67: =C67*D67/12 -> 0 | F67: V
A68: TOTAL GERAL | E68: =SUM(E62:E65,E67) -> 0
A69: VALOR POR servente COVID | E69: =E68/Resumo!E15 -> 0
A71: As áreas destinadas ao consumo dos produtos solicitados estão assim distribuídas:
A73: I. Para uso em áreas de circulação
A74: II. Para uso em banheiros e cozinha
A75: III. Para uso nos protetores de acrílicos
A76: IV. Para uso em áreas envidraçadas e tampos de mesa
A77: V. Para uso nas salas
A78: VI. Para brilho em superfícies de Inox
A79: VII. Para limpeza de pisos e paredes de pedra
A80: VIII. Para limpeza dos microcomputadores
A81: XI. Higienização e desinfecção das mãos e superfícies de mobiliários e equipamentos,
A82: X. Diversos
A85: EQUIPAMENTOS
A86: DISCRIMINAÇÃO | B86: UNIDADE | C86: QUANTIDADE DEFINIDA (60 meses) | D86: CUSTO MÉDIO (R$) | E86: CUSTO MENSAL EQUIPAMENTOS (R$)
A87: Aspirador de Pó | B87: Unidade | C87: 3 | D87: 0 | E87: =(C87*D87)/60 -> 0
A88: Cabo Extensor para Limpeza (5 metros) | B88: Unidade | C88: 12 | D88: 0 | E88: =(C88*D88)/60 -> 0
A89: Carro funcional c/ bolsa, metal/plástico, 3 prat. | B89: Unidade | C89: 3 | D89: 0 | E89: =(C89*D89)/60 -> 0
A90: Cortador de grama | B90: Unidade | C90: 3 | D90: 0 | E90: =(C90*D90)/60 -> 0
A91: Dispenser (Saboneteira para líquido) | B91: Unidade | C91: 77 | D91: 0 | E91: =(C91*D91)/60 -> 0
A92: Dispenser papel toalha | B92: Unidade | C92: 77 | D92: 0 | E92: =(C92*D92)/60 -> 0
A93: Enceradeira industrial DC 350 ( 60 meses) | B93: Unidade | C93: 12 | D93: 0 | E93: =(C93*D93)/60 -> 0
A94: Enxada | B94: Unidade | C94: 11 | D94: 0 | E94: =(C94*D94)/60 -> 0
A95: Escada domés. Alum. Degraus 4 a 6, Antiderrap | B95: Unidade | C95: 12 | D95: 0 | E95: =(C95*D95)/60 -> 0
A96: Extensão elétrica de 15mt | B96: Unidade | C96: 12 | D96: 0 | E96: =(C96*D96)/60 -> 0
A97: Lavadora de alta pressão mínimo 1.500 LB | B97: Unidade | C97: 3 | D97: 0 | E97: =(C97*D97)/60 -> 0
A98: Mangueira de jardim 20m, c/ esguicho/engate | B98: Unidade | C98: 12 | D98: 0 | E98: =(C98*D98)/60 -> 0
... A103: Tesoura para poda | B103: Unidade | C103: 12 | D103: 0 | E103: =(C103*D103)/60 -> 0
A104: TOTAL GERAL | E104: =SUM(E87:E103) -> 0
A105: VALOR POR SERVENTE | E105: =E104/Resumo!B15 -> 0
A109: UNIFORMES
A110: DISCRIMINAÇÃO | B110: UNIDADE | C110: QUANTIDADE DEFINIDA (anual) | D110: CUSTO MÉDIO | E110: CUSTO MENSAL UNIFORMES
A111: SERVENTES | E111: =SUM(E112:E117) -> 0
A112: Bata ( avental) pano | B112: Unidade | C112: 1 | D112: 0 | E112: =(C112*D112)/12 -> 0
A113: Bota de borracha | B113: Unidade | C113: 1 | D113: 0 | E113: =(C113*D113)/12 -> 0
A114: Calça oxford | B114: Unidade | C114: 2 | D114: 0 | E114: =(C114*D114)/12 -> 0
A115: Camiseta malha fria | B115: Unidade | C115: 2 | D115: 0 | E115: =(C115*D115)/12 -> 0
A116: Crachá, protetor, jacaré, cordão e regulador | B116: Unidade | C116: 1 | D116: 0 | E116: =(C116*D116)/12 -> 0
A117: Sapato segurança cano baixo | B117: Unidade | C117: 1 | D117: 0 | E117: =(C117*D117)/12 -> 0
A118: ENCARREGADAS | E118: =SUM(E119:E122) -> 0
A119: Calça Social de oxford Preta | B119: Unidade | C119: 2 | D119: 0 | E119: =(C119*D119)/12 -> 0
A120: Camisa social manga curta 100% algodão | B120: Unidade | C120: 2 | D120: 0 | E120: =(C120*D120)/12 -> 0
A121: Crachá, protetor, jacaré, cordão,regulador | B121: Unidade | C121: 1 | D121: 0 | E121: =(C121*D121)/12 -> 0
A122: Sapato Social | B122: Par | C122: 2 | D122: 0 | E122: =(C122*D122)/12 -> 0
A123: TOTAL GERAL MENSAL POR SERVENTE | E123: =E111 -> 0
A124: TOTAL GERAL MENSAL ENCARREGADA | E124: =E118 -> 0
A126: EPIs
...

Sheet Endereços
A1: GEX Caxias do Sul
A2: Unidade | B2: Endereço | C2: Cidade
A3: GEX/APS/ADJ CAXIAS DO SUL | B3: Rua Visconde de Pelotas, 2280 | C3: CAXIAS DO SUL/RS
A4: CEDOCPREV CAXIAS DO SUL | B4: Av. da Vindima, 165 | C4: CAXIAS DO SUL/RS
A5: APS BENTO GONÇALVES | B5: Rua Júlio de Castilhos, 291 | C5: BENTO GONÇALVES/RS
A6: APS CANELA | B6: Rua Dona Carlinda, 810 | C6: CANELA/RS
A7: APS CARLOS BARBOSA | B7: Rua Vereador Ubaldo Baldasso, 268 | C7: CARLOS BARBOSA/RS
A8: APS FARROUPILHA | B8: Rua Coronel Pena de Moraes, 59-A | C8: FARROUPILHA/RS
A9: APS FLORES DA CUNHA | B9: Rua Borges de Medeiros, 2110 | C9: FLORES DA CUNHA/RS
A10: APS GARIBALDI | B10: Rua João Missiaggia, 159 | C10: GARIBALDI/RS
A11: APS NOVA PRATA | B11: Av. Placidina de Araújo, 742 | C11: NOVA PRATA/RS
A12: APS VACARIA | B12: Rua Marechal Floriano, 250 | C12: VACARIA/RS
A13: APS VERANÓPOLIS | B13: Rua General Flores da Cunha, 454 | C13: VERANÓPOLIS/RS
